Workbook
Name OLE_LINK1: '10 DAYS PL SENCTION'!$A$2

Sheet HOW TO USE
A1: t; Jh jke
B2: ;g ,Dlsy izksxzke esjs bZ"V izHkq Jh jke Hkxoku ,oa ije iwT; xq:nso Jh guqeku th egkjkt dks lefiZr gSA
B3: esjs ekrk firk ,oa xq:tuksa ds vk'khZokn ls ;g izksxzke f'k{kd cU/kqvksa ds lkFk lHkh foHkkx ds dkfeZdksa dh lsok esa lefiZr gSA
B5: MOST IMPORTANT
A6: 1 | B6: ;g cgqmn~ns'; dk;kZy; dk;Z izksxzke MULTIPURPOSE OFFICE WORK SOFTWARE cukus esa Jheku nqxkZ 'kadj th esukfj;k] Jheku toku flag th HkkVh] is esustj bUQks xzqi pSuy ds ,Mfeu iSuy lnL;ksa rFkk vU; lHkh lnL;ksa ftUgksuas izR;{k ;k vizR;{k :i ls lg;ksx fn;k gS] mudk eSa vkHkkjh gwWaA
A7: 2 | B7: bl cgqmn~ns'; dk;kZy; dk;Z izksxzke esa vkidks dsoy ekLVj 'khV esa ihys jax ds CELL esa MkVk Hkjuk gSA lkFk gh dqN 'khVksa esa ihys jax ds CELL esa viuh vko';drkuqlkj MkVk Hkj dj fizUV ysossaA
A8: 3 | B8: fdlh Hkh izdkj dh =qfV] leL;k ;k lq>ko gks rks lknj vkefU=r gS ysfdu d`i;k eq>s Qksu ugha djsaA dsoy WHATS APP ij eSlst dj nsosaA vkidh leL;k dk lek/kku fuf'pr :i ls gks tk;sxkA vfrvko';d gksus ij eSa Lo;a vkidks t:j Qksu d:axkA bldks vkSj vf/kd csgrj cukus gsrq vkids vewY; lq>ko dsoy WHATS APP ij lknj vkeaf=r gSA
A9: 4 | B9: esjh bl fuLokFkZ lsok dk ewy mÌs'; vkidk o jkT; ljdkj dk le;] Je o /ku dh cpr djus dk iz;kl gSA
A10: 5 | B10: ;g cgqmn~ns'; dk;kZy; dk;Z izksxzke lHkh foHkkx ds dkfeZdkas ds fy, leku :i ls rS;kj fd;k x;k gSA ladyu ,oa x.kuk esa iw.kZ lko/kkuh j[kh xbZ gS ] fQj Hkh =qfV ;k fdlh Hkh izdkj dh fofHkUurk dh fLFkfr esa foHkkx ds fu;e gh loksZijh ekU; gkssxsaA rS;kj drkZ dk dksbZ mRrjnkf;Ro ugha gksxkA
B11: HOW TO USE THIS PROGRAMME
A12: 1 | B12: lcls igys WWW.RAJSEVAK.COM APP ls vki ;g izksxzke MkmuyksM djsaA
A13: 2 | B13: bl cgqmn~ns'; dk;kZy; dk;Z izksxzke esa dsoy ekLVj MASTER 'khV esa ihys dyj ds CELL esa ,oa lkFk gh dqN 'khVksa esa ihys dyj dh CELL esa lko/kkuhiwoZd ,oa viuh vko';drkuqlkj Hkjdj lso djuk gSA flQZ A4 lkbZt esa fizUV fudkyuk gSA
A14: 3 | B14: bl cgqmn~ns'; dk;kZy; dk;Z izksxzke esa ns; vodk'k ds izdkj o jktLFkku lsok fu;e] laLFkkiu 'kk[kk] ys[kk 'kk[kk] lkekU; 'kk[kk] Hk.Mkj 'kk[kk rFkk fjDr izi= dk lekos'k fd;k x;k gS A
A15: 4 | B15: ns; vodk'k ds izdkj o jktLFkku lsok fu;e] laLFkkiu 'kk[kk] ys[kk 'kk[kk] lkekU; 'kk[kk] Hk.Mkj 'kk[kk rFkk fjDr izi= dh 'khVksa ij lh/ks gh tkus gsrq ekLVj 'khV esa rFkk 'khV ls iqu% ekLVj 'khV ij vkus gsrq cVu fn;k x;k gS] ftldk mi;ksx djsaA
B16: MY SUGGESTION
B17: fuEu xzqi Þ lh[kks vkSj fl[kkvks ß ds y{; dks /;ku esa j[krs gq, lapkfyr fd, tk jgs gSaA xzqi lapkyu dk eq[; mÌs'; gekjs jktdh; dkfeZdksa dh leL;kvksa dk Rofjr lek/kku djuk gSA bu xzqiksa ls tqM+sA
A18: 1 | B18: Qslcqd isesustj bUQksxzqi esa vius iz'u j[ksaA fyad %& https://www.facebook.com/groups/113882522815088/
A19: 2 | B19: Vsyhxzke ds isesustj bUQks pSuy esa ,M gksus ds fy, fyad %& http://t.me/paymanagerinfogroup
A20: 3 | B20: f'k{kk foHkkxh; leL;k o lek/kku ds fy, bl xzqi esa iz'u j[ksaA fyad %& http://www.facebook.com/groups/2110617352519518/?ref=share
A21: 4 | B21: f'k{kk foHkkx ds dkfeZd 'kkykniZ.k dh leL;k bl xzqi esa 'ks;j djsaA fyad %& http://www.facebook.com/groups/929245394269809/?ref=share
A22: 5 | B22: jktLFkku ea=kkyf;d dkfeZd iz'uksRrjh eap esa fefufLVª;y LVkQ ds lkFkh vius iz'u j[ksa bl fyad }kjk dsoy ea=kyf;d dkfed gh xzqi tkWbu djsaA fyad %& http://www.facebook.com/groups/750980092151800/?ref=share
A23: 6 | B23: ßjkstkuk ,d iz'uÞ Vsfyxzke xzqi tkWbu djsaA fyad %& https://t.me/rojanaekprashan uksV %& lHkh iz'uksa dk ,d lkFk ladyu vki bl fyad ij ns[k ldrs gSa %& http://www.ashwinisharma.com/p/paymanager-info-group.html?m=1
B24: MY THOUGHT
A25: 1 | B25: fcuq lRlax foosd u gksbZA jke d`ik fcuq lqyHk u lksbZAA Jhjkepfjrekul&pkSikbZA
A26: 2 | B26: esjk Hkkjr egku A t; toku t; fd'kku A
A27: 3 | B27: LoPN Hkkjr ] LoPN jktLFkku A csVh cpkvks ] csVh i<kvks A
A28: 4 | B28: dke dk vkyl vkSj iSlksa dk ykyp] gesa egku cuus ugha nsrkA
B29: rS;kjdrkZ
B30: BHAGWATI LAL SANADHAYA
B31: Hkxorh yky luk<++;
B32: lgk;d iz'kklfud vf/kdkjh
B33: Jh ckyd`".k fo/kk Hkou jktdh; mPp ek/;fed fo/kky; ] dkadjksyh ftyk & jktleUn fiudksM & 313324
B34: WHATS APP NO. 8209921634
B35: E MAIL - BLSANADHYA@GMAIL.COM

Sheet MASTER
A1: t; Jh jke
N4: jksx vkjksX; izek.k i= ¼ jktif=r ½
L5: jksx vkjksX; izek.k i= ¼ vjktif=r ½ | M5: jksx vkjksX; izek.k i= ¼ vjktif=r ½
A6: 1 | B6: dk;kZy; dk iw.kZ irk | C6: Jh ckyd`".k fo/kk Hkou jktdh; mPp ek/;fed fo|ky; dkadjksyh ftyk & jktleUn
A7: 2 | B7: Mh-Mh-vks- dk inuke | C7: iz/kkukpk;Z | G7: Mh-Mh-vks- ls mPp vf/kdkjh dk inuke | K7: ftyk f'k{kk vf/kdkjh
A8: 3 | B8: Mh-Mh-vks- dk;kZy; dk irk | C8: jktdh; mPp ek/;fed fo|ky; | G8: Mh-Mh-vks- ls mPp vf/kdkjh dk dk;kZy; dk irk | K8: ftyk f'k{kk vf/kdkjh] eq[;ky;] ek/;fed
A9: 4 | B9: Mh-Mh-vks- dk;kZy; dk LFkku | C9: dkadjksyh ftyk & jktleUn | G9: Mh-Mh-vks- ls mPp vf/kdkjh dk dk;kZy; dk LFkku | K9: jktleUn ftyk & jktleUn
A10: 5 | B10: Mh-Mh-vks- dksM uEcj | C10: 18341 | D10: dks"k dk;kZy; dk uke | G10: jktleUn ftyk & jktleUn | J10: foHkkx dk uke | M10: f'k{kk
A11: dz-la- | B11: uke | C11: in | D11: is esfVd ysoy | E11: ewy osru | F11: tUe frfFk | G11: izFke fu;qfDr frfFk | H11: lsok fuo`fr frfFk | I11: fy, x, vodk'k dh vof/k
I12: fnukad ls | J12: fnukad rd | K12: dqy fnu | L12: vodk'k dk izdkj | M12: vodk'k ysus dk dkj.k | N12: vodk'k dk irk
A13: 1 | B13: Jh izeksn dqekj ikyhoky | C13: प्रधानाचार्य | D13: L - 16 | E13: 82700 | F13: 24421 | G13: 34516 | H13: 46356 | I13: 44197 | J13: 44203 | K13: =J13-I13+1 -> 7 | L13: रूपांतरित अवकाश | M13: chekjh ds dkj.k | N13: iapjRu dksEiysDl ]dkadjksyh
A14: 2 | B14: Jh 'kadj yky pkS/kjh | C14: व्याख्याता स्कूल(शिक्षा) | D14: L - 13 | E14: 77900 | F14: 24086 | G14: 33420 | H14: 46022 | I14: 44216 | J14: 44217 | K14: =J14-I14+1 -> 2 | L14: उपार्जित अवकाश | M14: vko';d dkj.k ls | N14: dey rykbZ ]dkadjksyh
A15: 3 | B15: Jh ';ke lqUnj lkyoh | C15: व्याख्याता स्कूल(शिक्षा) | D15: L - 12 | E15: 63100 | F15: 28418 | G15: 38467 | H15: 50344 | I15: 44201 | J15: 44201 | K15: =J15-I15+1 -> 1 | L15: आकस्मिक अवकाश | M15: vko';d dkj.k ls | N15: dey rykbZ ]dkadjksyh
A16: 4 | B16: Jh e/kqlwnu vkpk;Z | C16: व्याख्याता स्कूल(शिक्षा) | D16: L - 12 | E16: 63100 | F16: 26515 | G16: 35412 | H16: 48457 | I16: 44197 | J16: 44211 | K16: =J16-I16+1 -> 15 | L16: पितृत्व अवकाश | M16: vko';d dkj.k ls | N16: eksgh ] jktleUn
A17: 5 | B17: Jh dSyk'k pUnz lkaphgj | C17: वरिष्ठ अध्यापक | D17: L - 13 | E17: 75600 | F17: 23513 | G17: 31750 | H17: 45443 | I17: 44201 | J17: 44205 | K17: =J17-I17+1 -> 5 | L17: रूपांतरित अवकाश | M17: chekjh ds dkj.k | N17: d`".kk uxj ]dkadjksyh
A18: 6 | B18: Jh Hkxorh yky luk<; | C18: सहायक प्रशासनिक अधिकारी | D18: L - 11 | E18: 57200 | F18: 25392 | G18: 31668 | H18: 47330 | I18: 44181 | J18: 44183 | K18: =J18-I18+1 -> 3 | L18: क्षतिपूर्ति अवकाश | M18: chekjh ds dkj.k | N18: dey rykbZ ]dkadjksyh] jktleUn
A19: 7 | B19: Jherh uhyw f=osnh | C19: वरिष्ठ सहायक | D19: L - 8 | E19: 36400 | F19: 30900 | G19: 38150 | H19: 52840 | I19: 44197 | J19: 44221 | K19: =J19-I19+1 -> 25 | L19: बच्चों की देखभाल हेतु अवकाश | M19: cPpksa dh ns[kHkky gsrq | N19: cztHkwfe ]dkadjksyh] jktleUn
A20: 8 | K20: =J20-I20+1 -> 1
A21: 9 | K21: =J21-I21+1 -> 1
A22: 10 | K22: =J22-I22+1 -> 1
A23: 11 | K23: =J23-I23+1 -> 1
A24: 12 | K24: =J24-I24+1 -> 1
A25: 13 | K25: =J25-I25+1 -> 1
A26: 14 | K26: =J26-I26+1 -> 1
A27: 15 | K27: =J27-I27+1 -> 1
A28: 16 | K28: =J28-I28+1 -> 1
A29: 17 | K29: =J29-I29+1 -> 1
A30: 18 | K30: =J30-I30+1 -> 1
A31: 19 | K31: =J31-I31+1 -> 1
... A47: 35 | K47: =J47-I47+1 -> 1
B48: Mªksi Mkmu fyLV
B49: in dk uke | C49: PAY MATRIK LEAVEL | D49: vodk'k dk uke
B50: प्रधानाचार्य | C50: L - 1 | D50: उपार्जित अवकाश
B51: व्याख्याता स्कूल(शिक्षा) | C51: L - 2 | D51: अर्ध वेतनिक अवकाश
B52: वरिष्ठ अध्यापक | C52: L - 3 | D52: रूपांतरित अवकाश
B53: अध्यापक | C53: L - 4 | D53: अदेय अवकाश
B54: शारीरिक शिक्षक श्रेणी I | C54: L - 5 | D54: असाधारण अवकाश
B55: शारीरिक शिक्षक श्रेणी II | C55: L - 6 | D55: प्रसूति अवकाश
B56: शारीरिक शिक्षक श्रेणी III | C56: L - 7 | D56: बच्चों की देखभाल हेतु अवकाश
B57: पुस्तकालय अध्यक्ष श्रेणी I | C57: L - 8 | D57: चिकित्सालय अवकाश
B58: पुस्तकालय अध्यक्ष श्रेणी II | C58: L - 9 | D58: अध्ययन अवकाश
B59: पुस्तकालय अध्यक्ष श्रेणी III | C59: L - 10 | D59: आकस्मिक अवकाश
B60: प्रयोगशाला सहायक I | C60: L - 11 | D60: विशिष्ट आकस्मिक अवकाश
... B65: पुस्तकालय अध्यक्ष श्रेणी II | C65: L - 16 | D65: विशेष आकस्मिक अवकाश
B66: पुस्तकालय अध्यक्ष श्रेणी III | C66: L - 17
B67: स्‍थापना अधिकारी | C67: L - 18
B68: प्रशासनिक अधिकारी | C68: L - 19
B69: अतिरिक्त प्रशासनिक अधिकारी | C69: L - 20
B70: सहायक प्रशासनिक अधिकारी | C70: L - 21
B71: वरिष्ठ सहायक | C71: L - 22
B72: कनिष्ठ सहायक | C72: L - 23
B73: जमादार | C73: L - 24
B74: प्रयोगशाला परिचारक | C74: FIX PAY
B75: चतुर्थ श्रेणी कर्मचारी
B76: प्रधानाध्यापक‌
B77: उपनिदेशक
B78: जिला शिक्षा अधिकारी
B79: अतिरिक्त जिला शिक्षा अधिकारी
B80: उप जिला शिक्षा अधिकारी (शारीरिक शिक्षा)
B81: सहायक लेखाधिकारी ग्रेड - I
B82: कनिष्ठ लेखाकार
B83: कनिष्ठ विधि अधिकारी
B84: कृषि शिक्षा प्रभारी
B85: प्रबोधक
B86: आशुलिपिक
... B95: अन्य

Sheet LEAVE RULES
A1: t; Jh jke
A2: ns; vodk'k ds izdkj o jktLFkku lsok fu;e
A3: dze la[;k | B3: vodk'k dk uke fgUnh esa | E3: vodk'k dk uke vaxzsth esa | H3: jktLFkku lsok fu;e | I3: 'khV ij MkbZjsDV tkus gsrq ;gka fDyd djsa | L3: ekLVj 'khV
A4: 1 | B4: mikftZr vodk'k | E4: PRIVILEGE LEAVE | H4: 91 o 92
A5: 2 | B5: v)Zosru vodk'k | E5: HALF PAY LEAVE | H5: 93¼1½ o 94
A6: 3 | B6: :ikUrfjr vodk'k | E6: CAMMUTED LEAVE | H6: 93¼2½ o 94
A7: 4 | B7: vns; vodk'k | E7: LEAVE NOT DUE LEAVE | H7: 93¼3½ o 94
A8: 5 | B8: vlk/kkj.k vodk'k | E8: EXTRA ORDINARY LEAVE | H8: 96
A9: 6 | B9: fo'ks"k vleZFkrk vodk'k | E9: SPECIAL DISABILITY LEAVE | H9: 99 ls 102
A10: 7 | B10: izlwfr@ekr`Ro vodk'k | E10: MATERNITY LEAVE | H10: 103
A11: 8 | B11: fir`Ro vodk'k | E11: PATERNITY LEAVE | H11: 103A
A12: 9 | B12: larku nÙkdxzg.k vodk'k | E12: CHILD ADOPTION LEAVE | H12: 103B
A13: 10 | B13: larku ns[kHkky vodk'k | E13: CHILD CARE LEAVE | H13: 103C
A14: 11 | B14: fpfdRlky; vodk'k | E14: HOSPITAL LEAVE | H14: 105 ls 108
A15: 12 | B15: v/;;u vodk'k | E15: STUDY LEAVE | H15: 109 ls 121
A16: 13 | B16: vkdfLed vodk'k | E16: CASUAL LEAVE | H16: jk-ls-fu- Hkkx 2 ifjf'k"V&1¼III½
A17: 14 | B17: fo'ks"k vkdfLed vodk'k | E17: SPECIAL CASUAL LEAVE | H17: jk-ls-fu- Hkkx 2 ifjf'k"V&1¼III½
A18: 15 | B18: cU/;kdj.k vodk'k | E18: NON PUERPERAL /VASECTOMY LEAVE | H18: jk-ls-fu- Hkkx 2 ifjf'k"V&1¼III½
A19: 16 | B19: {kfriwfrZ vkdfLed vodk'k | E19: COMPENSATION CASUAL LEAVE | H19: jk-ls-fu- Hkkx 2 ifjf'k"V&1¼IIIA½
A20: 17 | B20: laØked jksx fujks/kkodk'k | E20: QUARENTINE LEAVE | H20: jk-ls-fu- Hkkx 2 ifjf'k"V&1¼IV½
A21: 1 | B21: vodk'k lsok iqfLrdk esa ,UVªh gsrq | E21: RULES LEAVE SERVICE BOOK ENTRY

Sheet SHEET DIRECT GO CLICK SANSTHAPA
A1: t; Jh jke
A2: laLFkkiu 'kk[kk
A3: 'khV ij MkbZjsDV tkus gsrq
A4: dze la[;k | B4: dk;Z dk uke | E4: 'khV dk uke | H4: 'khV ij MkbZjsDV tkus gsrq ;gka fDyd djsa
A5: 1 | B5: vodk'k izkFkZuk i= ¼dk;kZy;k/;{k gsrq½ | E5: LEAVE APPLICATION DDO | K5: vodk'k izkFkZuk i=
A6: 2 | B6: vodk'k ls iqu% dk;ZHHkkj xzg.k djus dk izkFkZuk i= ¼dk;kZy;k/;{k gsrq½ | E6: LEAVE JOINING DDO | J6: vodk'k izkFkZuk i=
A7: 3 | B7: vodk'k izkFkZuk i= ¼dkfeZd gsrq½ | E7: LEAVE APPLICATION EMPLOYEE | J7: vodk'k izkFkZuk i=
A8: 4 | B8: vodk'k ls iqu% dk;ZHHkkj xzg.k djus dk izkFkZuk i= ¼dkfeZd gsrq½ | E8: LEAVE JOINING EMPLOYEE
A9: 5 | B9: vodk'k izkFkZuk i= QkeZ | E9: LEAVE FORM | O9: ekLVj 'khV
A10: 6 | B10: vodk'k Lohd`fr vkns'k | E10: LEAVE SENCTION ORDER
A11: 7 | B11: pkbZM ds;j vodk'k izkFkZuk i= | E11: APPLICATION FOR CHILD CARE LEAVE
A12: 8 | B12: pkbZM ds;j vodk'k Lohd`fr vkns'k | E12: CHILD CARE LEAVE SENCTION ORDER
A13: 9 | B13: pkbZM ds;j vodk'k [kkrk | E13: CHILD CARE LEAVE ACCOUNT
A14: 10 | B14: dk;Zxzg.k dky ds ,ot esa mikftZr vodk'k tksM+us ckcr izkFkZuk i= | E14: APPLICATION FOR JOINING TIME REMAINING PL
A15: 11 | B15: dk;Zxzg.k dky ds ,ot esa mikftZr vodk'k Lohd`fr vkns'k | E15: APPLICATION FOR JOINING TIME PL SENCTION
A16: 12 | B16: dk;Zxzg.k dky ds ,ot esa mikftZr vodk'k gsrq mifLFkfr izek.k i= | E16: ON DUTY PL
A17: 13 | B17: jksx vkjksX; izek.k i= ¼vjktif=r½ | E17: SICKNESS & FITNESS CERTIFICATE
A18: 14 | B18: jksx vkjksX; izek.k i= ¼jktif=r½ | E18: SICKNESS & FITNESS GAZETTED HINDI
A19: 15 | B19: okf"kZd osru o`f) vkns'k | E19: ANNUAL INCERMENT ORDER
A20: 16 | B20: lefiZr vodk'k dh lgefr gsrq vkns'k | E20: PL SURRENDER CONSENT
A21: 17 | B21: lefiZr vodk'k dh x.kuk gsrq jQ dk;Z | E21: SURRENDER RAF WORK
... A39: 35 | B39: LFkkukUrj.k@inkSUufr ij dk;Zxzg.k djus dk izkFkZuk i= | E39: TRANSFER PARMOTION JOINING APPLICATION

Sheet SHEET DIRECT GO CLICK LEKHA SHA
A1: t; Jh jke
A2: ys[kk 'kk[kk
A3: 'khV ij MkbZjsDV tkus gsrq
A4: dze la[;k | B4: dk;Z dk uke | E4: 'khV dk uke | H4: 'khV ij MkbZjsDV tkus gsrq ;gka fDyd djsa
A5: 1 | B5: fgrdkjh fu/kh bZ-lh-,l-fLyi o dVkSfr i= | E5: HITKARI NIDHI ECS SCHEDULE
A6: 2 | B6: vk;dj x.kuk izi= Hkjus gsrq vkns'k ekg Qjojh gsrq | E6: INCOME TAX FEBURARY
A7: 3 | B7: vk;dj x.kuk izi= QkeZ uEcj 16 nsuas gsrq izkfIr jlhn ysus gsrq vkns'k | E7: INCOME TAX FORM 16 | J7: vodk'k izkFkZuk i=
A8: 4 | B8: 'kqYd fooj.k | E8: FEES DETAIL
A9: 5 | B9: fo/kkFkhZ 'kqYd C;kSjk | E9: STUDENT FEES DETAIL
A10: 6 | B10: ctV fMek.M izi= | E10: BUDGET DEMAND FORMATE
A11: 7 | B11: ctV lefiZr izi= | E11: BUDGET SURRENDER
A12: 8 | B12: cSad [kkrk la[;k dk fooj.k | E12: BANK ACCOUNT DETAIL
A13: 9 | B13: {kfrZiwfrZ ck.M izk:i | E13: COMPENSATION BOND FORM
A14: 10 | B14: osfyfMVh izk:i | E14: VALIDITY CERTIFICATE
A15: 11 | B15: Vs.Mj rqyukRed fooj.k izk:Ik ¼ fdrkcksa ds fy, ½ | E15: TENDER COMPARISION DETAIL FOR BOOKS
A16: 12 | B16: Vs.Mj rqyukRed fooj.k izk:Ik ¼ vU; dk;Z ds fy, ½ | E16: TENDER COMPARISON DETAIL FOR OTHER WORKS
A17: 13 | B17: edku fdjk;k HkRrk izkIr djus gsrq izkFkZuk i= | E17: HRA APPLICATION
A18: 14 | B18: edku fdjk;k HkRrk iznku djus gsrq Lohd`fr vkns'k | E18: HRA SANCTION ORDER
A19: 15 | B19: edku fdjk;k HkRrk dh vk;dj gsrq NqV gsrq edku fdjk;k jlhn | E19: HRA RENT RECIEPT
... A27: 23 | B27: 7 is fMVsy pkVZ | E27: CSS AAO PAY CHART

Sheet SHEET DIRECT GO CLICK GENERAL S
A1: t; Jh jke
A2: lkekU; 'kk[kk
A3: 'khV ij MkbZjsDV tkus gsrq
A4: dze la[;k | B4: dk;Z dk uke | E4: 'khV dk uke | H4: 'khV ij MkbZjsDV tkus gsrq ;gka fDyd djsa
A5: 1 | B5: ukekadu lwpuk | E5: NAMANKAN
A6: 2 | B6: ukekadu lwpuk ladk;okj | E6: NAMAKAN FACULTY WISE
A7: 3 | B7: f'k{kd nSufUnuh izkfIr gLrk{kj djkus gsrq | E7: TEACHER'S DIARY ISSUE
A8: 4 | B8: Ldkyj jftLVj uEcjksa dh lwph | E8: SCHOLAR REGER NUMBER
A9: 5 | B9: QkbZyksa dh lwph | E9: FILE LIST
A10: 6 | B10: dkfeZdksa ds nkf;Ro dk fooj.k | E10: EMPLOYEE WORK CHARGE
A11: 7 | B11: d{kk/;kidksa ds uke dh lwph | E11: CLASS TEACHER NAME
A12: 8 | B12: izos'k lfefr ds uke dh lwph | E12: ADMISSION SAMITI
A13: 9 | B13: LFkkukUrj.k izek.k i= pkgus gsrq izkFkZuk i= vkWQykbZu | E13: TC APPLICATION
A14: 10 | B14: LFkkukUrj.k izek.k i= vkWQykbZu | E14: TC OFFILINE
A15: 11
A16: 12
A17: 13

Sheet SHEET DIRECT GO CLICK BHANDAR S
A1: t; Jh jke
A2: Hk.Mkj 'kk[kk
A3: 'khV ij MkbZjsDV tkus gsrq
A4: dze la[;k | B4: dk;Z dk uke | E4: 'khV dk uke | H4: 'khV ij MkbZjsDV tkus gsrq ;gka fDyd djsa
A5: 1 | B5: mi;ksfxrk izek.k i= lexz f'k{kk | E5: SAMSA UC
A6: 2 | B6: fodkl en ls lelk en esa O;; LFkkukUrfjr djus dk Lohd`fr vkns'k | E6: VIKAS TO SAMSA
A7: 3 | B7: Nk=dks"k en ls lelk en esa O;; LFkkukUrfjr djus dk Lohd`fr vkns'k | E7: BOYS FUND TO SAMSA
A8: 4 | B8: foHkkxh; vads{k.k vkfMV vuqikyuk izfrosnu ¼ fpfdRlk dk isjk ½ | E8: ICP AUDIT PALNA MEDICAL
A9: 5 | B9: foHkkxh; vads{k.k vkfMV vuqikyuk izfrosnu | E9: ICP AUDIT PALNA
A10: 6 | B10: foHkkxh; vads{k.k vkfMV vuqikyuk gsrq dk;ksZRrj@iz'kklfud Lohd`fr gsrq | E10: KARIYOTAR PURCHASE SANCTION
A11: 7 | B11: lkekU; foRrh; ,oa ys[kk fu;e&89 ds rgr Hkqxrku izek.k&i= | E11: GF&AR 89 CERTIFICATE
A12: 8 | B12: lkekU; foRrh; ,oa ys[kk fu;e&89 ds rgr Hkqxrku izek.k&i= ¼ flaxy ½ | E12: GF AND AR 89 CERTIFICATE
A13: 9 | B13: egkys[kkdkj vads{k.k vkfMV vuqikyuk izfrosnu | E13: AG AUDIT PALNA
A14: 10
A15: 11
A16: 12
A17: 13
A18: 14
A19: 15
A20: 16
A21: 17

Sheet SHEET DIRECT GO CLICK BLANKFORM
A1: t; Jh jke
A2: fjDr izi=
A3: 'khV ij MkbZjsDV tkus gsrq
A4: dze la[;k | B4: dk;Z dk uke | E4: 'khV dk uke | H4: 'khV ij MkbZjsDV tkus gsrq ;gka fDyd djsa
A5: 1 | B5: vodk'k izkFkZuk i= fgUnh esa | E5: BLANK LEAVE APPLICATION HINDI | K5: vodk'k izkFkZuk i=
A6: 2 | B6: vodk'k izkFkZuk i= vaxzsth esa | E6: BLANK LEAVE APPLICATION ENGLISH | J6: vodk'k izkFkZuk i=
A7: 3 | B7: vodk'k QkeZ | E7: BLANK LEAVE FORM | J7: vodk'k izkFkZuk i=
A8: 4 | B8: pkbZM ds;j vodk'k izkFkZuk i= | E8: BLANK APPLICATION FOR CHILD CARE
A9: 5 | B9: jksx vkjksX; izek.k i= ¼ vjktif=r ½ | E9: BLANK SICKNESS & FITNESS CERTIFI
A10: 6 | B10: jksx vkjksX; izek.k i= ¼ jktif=r ½ ¼ vaxzsth ½ | E10: BLANK SICKNESS&FITNESS GAZETD
A11: 7 | B11: jksx vkjksX; izek.k i= ¼ jktif=r ½ ¼ fgUnh ½ | E11: BLANK SICKNESS FITNESS GAZETTED
A12: 8 | B12: vizpfyr ,oa vuqi;ksxh lkekuksa dk jftLVj | E12: BLANK SR 5
A13: 9 | B13: losZ{k.k izfrosnu | E13: BLANK SR 6
A14: 10 | B14: fodz; ys[kk | E14: BLANK SR 7
A15: 11 | B15: fo/kky; Hk.Mkj lkexzh dh HkkSfrd lR;kiu lwph | E15: BLANK BHAUTIK SATYAPAN SUCI
A16: 12 | B16: okLrfod ;k=k izksxzke | E16: BLANK ACTUAL JOURNEY PROGRAMME
A17: 13 | B17: okmpj | E17: BLANK VOUCHER
A18: 14
A19: 15
A20: 16
A21: 17

Sheet RULES PRIVILEGE LEAVE
A1: t; Jh jke
A2: vodk'k ds fu;e
A3: ¼mikftZr vodk'k vkj-,l-vkj- 91&92 ½
A4: 1- fQDl osru ij dk;Zjr dkfeZd dks mikftZr vodk'k ns; ugha gksxkA
A5: 2- mikftZr vodk'k fdlh Hkh dkj.k ls fy;k tk ldrk gSA
A6: 3- mikftZr vodk'k [kkrk loZ izFke fu;qfDr frfFk ls 31 fnlEcj rd dk gh ysuk gSA blds i'pkr~ 01 tuojh ls 31 fnlEcj rd dk la/kkfjr djuk gSA
A8: 4- dksbZ Hkh dkfeZd mikftZr vodk'k th-,- 45 esa Hkjdj vkosnu djrk gS rks mls xr o"kZ ds
A9: cSysal ds vk/kkj ij gh mikftZr vodk'k ns; gksxkA D;ksafd ljdkj us lqfo/kk iznku dh gS
A10: tc rd iwjs o"kZ dkfeZd dk;Z ugha djsxk mls mikftZr vodk'k ykHk ns; ugha gksxkA
A11: 5- mikftZr vodk'k iw.kZ osru ds vk/kkj ij ns; gksrk gSA
A12: 6- mikftZr vodk'k izR;sd CykWd o"kZ esa 01 vizSy ls 31 ekpZ ds chp 15 fnu dk lefiZr
A13: vodk'k udn Hkqxrku ds :i esa Lohd`r djk;k tk ldrk gSA bldk yky L;kgh ls
... A24: yxk;k tkrk gS rks mls 3 fnol ds cnys 1 fnu dk mikftZr vodk'k ns; gksxkA

Sheet RULES HALF PAY LEAVE
A1: t; Jh jke
A2: vodk'k ds fu;e
A3: v/kZ osru vodk'k ¼,p-ih-,y-½ vkj-,l-vkj-93¼1½ o 94
A4: 1- fQDl osru&ijhoh{kkdky esa yxs dkfeZd dks ,p-ih-,y- dk ykHk ns; ugha gksxk ijhoh{kkdky
A5: iw.kZ gksus ij gh bldk ykHk ns; gSA
A6: 2- ,d o"kZ esa 20 ,p-ih-,y- ns; gksxhA
A7: 3- ,p-ih-,y- futh dk;Z ;k chekjh ds dkj.kksa ls Hkh ns; gksxk bl gsrq jksx@vkjksX; izek.k
A8: i=ksa dh vko';Drk ugha gSA
A9: 4- ;fn dksbZ dkfeZd mPp v/;;u ;k ih-,p-Mh- ¼ 'kks/k dk;Z ½ djuk pkgrk gS rks og ,p-ih-
A10: ,y dk miHkksx dj ldrk gSA
A11: 5- ,p-ih-,y- dk rkRi;Z v/kZ osru vodk'k ls gS tks dkfeZd ftrus fnukaas dk ,p-ih-,y- miHkksx
A12: djsssxk mls mrus fnukas dk vk/kk osru ns; gksxkA
... A23: 11- v/kZ osru vodk'k ,d eq'r 360 fnol rd dk ns; gksrk gSSA

Sheet RULES LEAVE NOT DUE LEAVE
A1: t; Jh jke
A2: vodk'k ds fu;e
A3: ¼ vns; vodk'k vkj-,l-vkj- 93 ¼+3½ o 94 ½
A5: 1- dkfeZd dh lsok iqfLrdk esa dksbZ Hkh vodk'k 'ks"k ugha gksus dh fLFkfr esa vns; vodk'k Lohd`r fd;k tk ldrk gSA
A6: 2- lkekU;r% ,d fujUrj vof/k esa 90 fnol dk vns; vodk'k Lohd`r fd;k tk ldrk gSA
A7: 3- ;fn dksbZ xaHkhj chekjh dk izdj.k gks rks mls fujUrj 180 fnol dk vns; vodk'k Lohd`r fd;k tk ldrk gSA
A8: 4- vns; vodk'k Lohd`r drkZ vf/kdkjh ds larq"V gksus ij gh Lohd``r fd;k tk ldrk gSA tSls dksbZ dkfeZd vuqifLFkr jgus dk vknh ughs gksA
A9: 5- vns; vodk'k lEiw.kZ lsokdky esa 360 ls vf/kd fnol dk ns; ughaa gksxkA
A10: 6- vns; vodk'k dk lek;kstu ,p-ih-,y- ls djuk gksxk ;fn fdlh dkfeZd dh lsok fuo`fr fudV gS vkSj og vns; vodk'k dk le;kstu djokus dh fLFkfr esa ugha gS rks mls vns; vodk'k Lohd`r ugha fd;k tkosA
A11: 7- vns; vodk'k dh vof/k esa v)Zosru ds cjkcj osru ns; gksxkA
A12: 8- vns; vodk'k vU; vodk'kksa dh fujUrjrk esa Lohd`r fd;k tk ldrk gSA

Sheet RULES EXTRA ORDINARY LEAVE
A1: t; Jh jke
A2: vodk'k ds fu;e
A3: ¼ vlk/kkj.k vodk'k vkj-,l-vkj- 96 ½
A4: 1- ijhoh{kkdky esa yxs fnukad 11-6-2014 ls iwoZ fu;qDr dkfeZd dk 90 fnol rd dk vlk/kkj.k vodk'k fu;qfDr vf/kdkjh }kjk Lohd`r fd;k tk,xk mlds fujUrjrk esa ;fn vkSj vof/k gS rks Lohd`fr gsrq jkT; ljdkj l{ke gSA
A5: 2- ijhoh{kkdky esas fnukad 11-6-2014 ds i'pkr~ yxs dkfeZd dks 30 fnol ls vf/kd vof/k dk vlk/kkj.k vodk'k ns; ugha gksxkA ;fn fdlh dkfeZd us 30 fnol ls vf/kd dh vof/k dk vlk/kkj.k vodk'k miHkksx fd;k rks mldk izdj.k jkT; ljdkj dks vkj,l,l- 96 ¼ch½ f'kfFkyu gsrq jkT; ljdkj dks izf"kr fd;k tk,xkA
A6: 3- vlk/kkj.k vodk'k lsok iqfLrdk esa fdlh izdkj dk vodk'k 'ks"k ugha gksus ij Lohd`r fd;k tkrk gSA
A7: 4- vlk/kkj.k vodk'k futh dkj.kksa@fpfdRlk izek.k i=ksa@ftl izf'k{k.k@mPp v/;;u esa tgkW v/;;u vodk'k ns; ugha gks ml fLFkfr esa vlk/kkj.k vodk'k Lohd`r fd;k tk ldrk gSA
A8: 5- l{ke fpfdRlk vf/kdkjh dk fpfdRlk izek.k i= @esfMdy cksMZ dh fjiksVZ ds vk/kkj ij Hkh vlk/kkj.k vodk'k Lohd`r fd;k tk ldrk gSA mDr vof/k dk okf"kZd osru o`f+) ij izHkko ugha iM+sxk rFkk ;g vof/k isa'ku x.kuk gsrq Hkh ekU; gksxhA
A9: 6- ;fn vlk/kkj.k vodk'k l{ke fpfdRld ds jksx@vkjksX; fpfdRlk izek.k i=ksa ds vk/kkj ij Lohd`r fd;k tkrk gS rks dkfeZd ds okf"kZd osru o`f) ij izHkko ugha iM+sxkA
A10: 7- ;fn l{ke fpfdRld ds izek.k i=ksa ds fcuk vFkok fdlh vU; dkj.kksa ls vlk/kkj.k vodk'k dk miHkksx fd;k tkrk gS rks vlk/kkj.k vodk'k dh vof/k dk okf"kZdk osru o`f) ij izHkko iM+sxkA

Sheet RULES MATERNITY LEAVE
A1: t; Jh jke
A2: vodk'k ds fu;e
A3: ¼ izlwfr vodk'k vkj-,l-vkj- 103 ½
A4: 1- efgyk dkfeZd dks izlwfr vodk'k ykHk lsokdky esa nks ckj ns; gksxk tks ,d ckj esa 180
A5: fnol dk gksxkA
A6: 2- ;fn dksbZ larku thfor ugha gksrh ij rhljh ckj Hkh ns; gksxkA
A7: 3- izlwfr vodk'k dky dk iw.kZ osru ns; gksxkA
A8: 4- efgyk dkfeZd dks xHkZikr gksus ij 6 lIrkg ;kfu 42 fnol dk izlwfr vodk'k ns; gksxkA
A9: ;g vodk'k muds izlwfr vodk'k esa 'kkfey ugha gksxkA izlwfr vodk'k Lohd`fr dk bUnzkt
A10: lsok izek.khdj.k djus okys i`"B ij fd;k tkuk pkfg,A
A11: 5- izlwfr vodk'k ,oa xHkZikr ¼vcksj'ku½ vodk'k l{ke fpfdRlk vf/kdkjh }kjk tkjh fpfdRlk
A12: izek.k i=ksa ds vk/kkj ij ns; gksxkA ;fn ljdkjh vFkok jftLVMZ gkWLihVy }kjk izek.k i=
... A25: 10- izlwfr vodk'k ds lkFk vU; izdkj dk vodk'k Hkh Lohd`r fd;k tk ldrk gSA

Sheet RULES CASUAL LEAVE
A1: t; Jh jke
A2: vodk'k ds fu;e
A3: vkdfLed vodk'k ¼lh,y½ jk-ls-fu- Hkkx 2 ifjf'k"V&1¼III½
A4: 1- mifLFkfr jftLVj esa dkfeZdksa ds uke ,oa in uke inokj dzeokj fy[ksaA
A5: 2- mifLFkfr jftLVj esa lh,y [kkrk izfrekg la/kkfjr fd;k tkosaA
A6: 3- 'kkyk&dk;kZy; fujh{k.k ds le; loZizFke mifLFkfr jftLVj dh tkWap gksrh gS blfy;s bls
A7: iw.kZ j[kk tkuk vko';d gSA
A8: 4- ifjoh{kkdky esa yxus okys dkfeZd dks 15 vkdfLed vodk'k ns; gSA
A9: 5- ea=kyf;d dkfeZdksa dks 1 tuojh ls 31 fnlEcj rd 15 lh,y ns; gSA f'k{kd oxZ gsrq
A10: 1 tqykbZ ls 30 twu rd 15 lh,y ns; gSA
A11: 6- lh,y ds lkFk vU; vodk'k tSls ih-,y-@,p-ih-,y-@vns; ;k vU; dksbZ Hkh izdkj dk
A12: vodk'k ns; ugha gS D;ksafd lh,y dks vodk'k dh Js.kh esa ugha fxuk tkrk gSA
... A36: 12- lh,y dks vk/ks vk/ks fnu dk Hkh fy;k tk ldrk gSA

Sheet RULES COMPENSATORY CASUAL LEAVE
A1: t; Jh jke
A2: vodk'k ds fu;e
A3: lh-lh-,y- ¼{kfriwfrZ vodk'k½ jk-ls-fu- Hkkx 2 ifjf'k"V&1¼IIIA½
A4: 1- ;g vodk'k dsoy ea=kyf;d deZpkjh ¼ lgk;d deZpkjh@fyfid xzsM izFke@
A5: f}rh;@lgk;d dk;kZy; v/kh{kd vkfn inksa dks ns; gksrk gSA
A6: 2- v/;kid ;k vU; in ij dk;Zjr fdlh Hkh deZpkjh@vf/kdkjh dks {kfriwfrZ vodk'k
A7: ns; ugha gksxkA
A8: 3- jktLFkku ljdkj f'k{kk ¼xzqi 2½ foHkkx ds vkns'k dzekad i Q 11 ¼14½ 1&¼,½@xzqi 2@73 t;iqj fnukad 01-12-1973 ds )kjk ¼ ;g vkKk lkekU; iz'kklu ¼1½ foHkkx dh lgefr ls fd mudh vUrfoZHkkxh; la[;k 410@lk-iz-@d@23 fnukad 17-11-1973 ds )kjk izkIr gqbZ gS] izpfyr dh tkrh gSA½ ,oa vkj-Vh-vkbZ-ds rgr nh xbZ lwpuk dk lgk;d funs'kd ¼ iz'kklu ½ ek/;fed f'k{kk ]jktLFkku] chdkusj ds vkns'k dzekad@f'kfojk@ek/;@lkiz@,&3@mn;iqj@2014@33 fnukad 01-11-2017 ds )kjk f)rh; 'kfuokj dh ,ot esa ,oa jktif=r vodk'k fnol esa fd, x, dk;Z ds cnys ea=kyf;d deZpkfj;ksa dks {kfriwfrZ vodk'k ns; gksxkA
A9: 4- fQDl osru ij dk;Z djus okys dkfeZd dks mlds vkdfLed vodk'k ds cjkcj
A10: ns; gksxkA ¼,d o"kZ esa 15 fnu ls vf?kd ns; ughaA½
A11: 5- {kfriwfrZ vodk'k dk ,d lkFk miHkksx fujUrj 10 fnol rd fd;k tk ldrk gSA
A12: 6- {kfriwfrZ vodk'k dks vkdfLed vodk'k dh Js.kh esa j[kk x;k gSA
... A25: +

Sheet RULES COVID 19 QUARENTINE LEAVE
A1: t; Jh jke
A2: vodk'k ds fu;e
A3: ¼ DokjUVkbu vodk'k ½ jk-ls-fu- Hkkx 2 ifjf'k"V&1¼IV½
A4: 1- foRr foHkkx vkns'k fnukad 12-05-2020 ds fcUnq la[;k 1 ls Li"B gS fdTHE QUARANTINE LEAVE MAY BE SANCTIONED TO GOVERNMENT SERVANT AS PER EXISTING PROVISIONS, WHO HAS BEEN QUARANTINED BY MEDICAL AUTHORITIES DUE TO COVID- 19 blls Li"B gS fd tks rsr es bl lacU/k es izksfotu fn, x, gSA ogh dkWfoM 19 ij Hkh ykxq jgsxsA vFkkZr Lo;a dkfeZd iksftfVo gS rks mikftZr ifjofrZr vodk'k tks vftZr gSA og vodk'k ysuk gksxkA
A5: 2- tcfd dkfeZd ds ifjtu ds dksjksuk lafdzer gksus ;k vU; dkj.k ls AS PER GOVT, GUIDELINES DR }kjk dkfeZd dks Hkh DokjUVkbu fd;k x;k gks rks mls fpfdRlk izek.k i= ds vk/kkj ij fujks/kkodk'k DokjUVkbu vodk'k ns; gksxkA
A6: 3- ysfdu fcUnq la[;k 2- ds }kjk bl iksfotu es rhu o"kZ ls de lsok okys dkfeZd dks Lo;a lafdzer gksus ij Hkh tks dsoy fcUnq la[;k 2 es gh fy[kk gqvk gSA HE/SHE IS IINFECTED WITH COVID-19 QUARANTINE LEAVE dk izko/kku dj fn;k x;k D;ksafd muds ikl ysus ds fy, vkSj dksbZ vodk'k tek ugh gksrk gSA
A7: 4- QUARANTINE LEAVE CMHO / PRINCIPAL MEDICAL HOSPITAL ds izek.k i= ds vk/kkj ij gh Lohd`r dh tk ldsxhA
A8: jktdh; lsod ftudh lsok 3 lky ls de gqbZ gks
A9: 1- bl fLFkfr es jktdh; lsod ds [kqn ;k vU; ikfjokfjd tu ds dksfoM 19 ladzfer gksus ij dkfeZd dks gkse DokjuVkbu fd;k x;k gksA rks mls lsok fu;eks ds vuqlkj DokjuVkbu vodk'k ns; gksxkA
A10: ljdkjh izko/kkuks ds vuqlkj ljdkjh deZpkjh dks DokjaVkbu vodk'k Lohd`r fd;k tk ldrk gS tks dksfoM 19 ds dkj.k fpfdRlk }kjk DokjVkbu fd;k x;k gSA DokjuVkbu vodk'k Hkh ,ls ljdkjh deZpkjh dks Lohd`r fd;k tk,xkA ftlus rhu o"kZ dh lsok iwjh ugh fd xbZ gSA vkSj og dksfoM 19 ladzfer gS ;k blds dkj.k fpfdRlk vf/kdkjh;ks }kjk DokjVkbu gSA DokjVkbu dks muds }kjk vuq'kaflr vof/k ds fy, lacaf/kr lh,e,pvks fizafliy esfMdky dkWyst dh lhQkjh'k ij vuqeksfnr fd;k x;k gSA
A11: jktdh; lsod ftudh lsok 3 lky ls T;knk gks xbZ gks
A12: 1-dkfeZd ds ifjokj dksbZ lnL; dksfoM 19 iksftfVo ik;k tkrk gS vkSj dkfeZd dks gkse DokjuVkbu fd;k x;k gksA l{ke izkf/kdjh }kjk izek.k i= gS rks mldks DokjVkbu yho ns; gksxhA dkfeZd Loa; dksfoM 19 ikssftfVo gks ysfdu oks dksfoM M;wVh ij uk gks rks mudks DokjVkbu yho ns; ugh gksxhA mudks fpfdRlk vodk'k ;k mikftZr vodk'k Lohd`r fd;k tk,xkA dkfeZd Lo;a dksfoM iksftfVo ik;k x;k gks ysfdu bl vof/k es dksfoM 19 M;wfV ds nkSjku gh dksfoM iksftfVo gqvk gks rks dkfeZd dks DokjuVkbu yho ns; gksxhA

Sheet RULES VASECTOMY SCL LEAVE
A1: t; Jh jke
A2: vodk'k ds fu;e
A3: ¼ cU/;kdj.k vodk'k jk-ls-fu- Hkkx 2 ifjf'k"V&1¼III½½
A4: 1- iq:"k deZpkjh dks Lo;a dh ulcUnh djkus gsrq 6 fnu dk cU/;kdj.k vodk'k ns; gksrk gSA
A5: 2- efgyk deZpkjh dks Lo;a dh ulcUnh djkus gsrq 14 fnu dk cU/;kdj.k vodk'k ns; gksrk gSA
A6: 3- iRuh )kjk Lo;a dh ulcUnh djkus ij iq:"k deZpkjh dks 7 fnu dk fo'ks"k vodk'k ns; gksrk gSA
A10: t; Jh jke
A11: vodk'k ds fu;e
A12: ¼ fo'ks"k vkdfLed vodk'k jk-ls-fu- Hkkx 2 ifjf'k"V&1¼III½ ½
A13: 1- jktLFkku esa jDrnku djus ij lHkh rjg ds ljdkjh deZpkfj;ksa dks fo'ks"k vkdfLed vodk'k
A14: feyrk gS A
A15: 2- jkT; deZpkjh ,d dys.Mj o"kZ esa ;fn 5 ckj jDrnku djrs gS rks mUgSa 5 ckj fo'ks"k vkdfLed
... A21: lkFk vodk'k dk ykHk ysaosa A

Sheet RULES LEAVE SERVICE BOOK ENTRY
A1: t; Jh jke
A2: vodk'k ds fu;e
A3: ¼ lsok iqfLrdk laca/kh fcUnq ½
A4: 1- dkfeZd dk uke firk@ifr dk uke lqUnj v{kjksa esa fy[ksaA | K4: ekLVj 'khV
A5: 2- tUe frfFk vadksa o 'kCnksa esa Li"V :i ls fy[ksaA
A6: 3- fuokl LFkku rFkk LFkkbZ irk vafdr fd;k tkosA
A7: 4- 'kSf{kd iz'kSf{kd ;ksX;rk dk bUnzkt fd;k tkosA
A8: 5- ftl cksMZ@fo'ofo|ky; ls ;ksX;rk izkIr dh gS mldk uke fy[ksa lkFk gh ftl o"kZ dk vaadu djsaA+
A9: 6- lsokdky esa dksbZ 'kSf{kd iz'kSf{kd ;ksX;rk izkIr dh gS rks mldk fu/kkZfjr dkWye esa bUnzkt djsaA
A10: 7- lsok izek.khdj.k ges'kk 1 vizSy ls 31 ekpZ rd dk gksA
A11: 8- dksbZ dkfeZd vlk/kkj.k vodk'k ij jgk gS rks mldk bUnzkt yky L;kgh ls gksuk pkfg;sA
A12: 9- vodk'k [kkrk izR;sd o"kZ la/kkfjr gksuk pkfg;s pkgs dkfeZd us vodk'k dk miHkksx fd;k gks ;k u gkA
A13: 10- lefiZr vodk'k Lohd`fr dk bUnzkt yky L;kgh ls gksA
A14: 11- dksbZ Hkh dkfeZd yEcs vodk'k ij py jgk gS rks mldh lsok iqfLrdk esa 'ks"k vodk'k ds i'pkr~ vlk/kkj.k vodk'k Lohd`r fd;k tkos fdlh Hkh izdkj ds 'ks"k vodk'k gksrs gq, vlk/kkj.k vodk'k Lohd`r ugha fd;k tkosA
A15: 12- dksbZ Hkh dkfeZd vU;= LFkku ls LFkkukUrfjr@inksUufr ij 'kkyk esa dk;Z xzg.k djrk gS rks mldk ls-iq- esa bUnzkt djsA
A16: 13- ;fn fdlh dkfeZd dks nf.Mr fd;k x;k gS rks mldk bUnzkt Hkh lspk iqfLrdk esa fd;k tkuk okfg;s
A17: 14- dksbZ Hkh dkfed fdlh Hkh izdkj ds izf'k{k.k @ mPp v/;;u ds fy, dk;ZeqDr gksrk gS vkSj dkWyst@fo-fo- ls dk;ZeqDr gksdj iqu% 'kkyky esa dk;Zxzg.k djrk gS rks mldk lsokiqfLrdk esa bUnzkt vo'; djsaA

Sheet LEAVE APPLICATION DDO
B1: ekLVj 'khV esa dkfeZd dk flfj;y uEcj %& | E1: 1
A2: =MASTER!C6 -> Jh ckyd`".k fo/kk Hkou jktdh; mPp ek/;fed fo|ky; dkadjksyh ftyk & jktleUn
A3: Øekad@jkmekfo@dakdjksyh@laLFkkiu@Qk&104@2020&21@ fnukad 01@01@2021
B4: lsokesa
C5: Jheku | D5: =MASTER!K7 -> ftyk f'k{kk vf/kdkjh
C6: =MASTER!K8 -> ftyk f'k{kk vf/kdkjh] eq[;ky;] ek/;fed
C7: =MASTER!K9 -> jktleUn ftyk & jktleUn
C9: fo"k; %& vodk'k pkgus ckcr A
B11: egksn;
C12: mi;qZDr fo"k;kUrxZr fuosnu gS fd eSa fnukad | F12: =(INDEX(MASTER!I13:I47,MATCH('LEAVE APPLICATION DDO'!E1,MASTER!A13:A47,0))) -> 44197 | G12: ls fnukad | H12: =(INDEX(MASTER!J13:J47,MATCH('LEAVE APPLICATION DDO'!E1,MASTER!A13:A47,0))) -> 44203
B13: rd | C13: =(INDEX(MASTER!L13:L47,MATCH('LEAVE APPLICATION DDO'!E1,MASTER!A13:A47,0))) -> रूपांतरित अवकाश | E13: ij | F13: =(INDEX(MASTER!M13:M47,MATCH('LEAVE APPLICATION DDO'!E1,MASTER!A13:A47,0))) -> chekjh ds dkj.k | G13: dkj.k ls jguk pkgrk gwa A
C14: d`i;k esjk vodk'k Lohd`r djus dh d`ik djkosa A
B15: layXu %&
B16: 1- | C16: vodk'k QkeZ
B17: 2- | C17: jksx o vkjksX; izek.k i=
B18: fnukad %& | C18: =F12 -> 44197
F19: izkFkhZ
D21: uke %& | E21: =(INDEX(MASTER!B13:B47,MATCH('LEAVE APPLICATION DDO'!E1,MASTER!A13:A47,0))) -> Jh izeksn dqekj ikyhoky
D22: in %& | E22: =(INDEX(MASTER!C13:C47,MATCH('LEAVE APPLICATION DDO'!E1,MASTER!A13:A47,0))) -> प्रधानाचार्य
D23: inLFkkiu LFkku %& | E23: =A2 -> Jh ckyd`".k fo/kk Hkou jktdh; mPp ek/;fed fo|ky; dkadjksyh ftyk & jktleUn
A27: vodk'k izkFkZuk i=
A28: 1- | B28: uke %& | C28: =(INDEX(MASTER!B13:B47,MATCH('LEAVE APPLICATION DDO'!E1,MASTER!A13:A47,0))) -> Jh izeksn dqekj ikyhoky | F28: in %& | G28: =(INDEX(MASTER!C13:C47,MATCH('LEAVE APPLICATION DDO'!E1,MASTER!A13:A47,0))) -> प्रधानाचार्य
A29: 2- | B29: vodk'k ysus dh fnukad | D29: =(INDEX(MASTER!I13:I47,MATCH('LEAVE APPLICATION DDO'!E1,MASTER!A13:A47,0))) -> 44197 | E29: ls | F29: =(INDEX(MASTER!J13:J47,MATCH('LEAVE APPLICATION DDO'!E1,MASTER!A13:A47,0))) -> 44203 | G29: rd
A30: 3- | B30: fnukas dh dqy la[;k %& | D30: =(INDEX(MASTER!K13:K47,MATCH('LEAVE APPLICATION DDO'!E1,MASTER!A13:A47,0))) -> 7 | E30: vodk'k dk izdkj %& | G30: =(INDEX(MASTER!L13:L47,MATCH('LEAVE APPLICATION DDO'!E1,MASTER!A13:A47,0))) -> रूपांतरित अवकाश
A31: 4- | B31: vodk'k dk dkj.k %& | D31: =(INDEX(MASTER!M13:M47,MATCH('LEAVE APPLICATION DDO'!E1,MASTER!A13:A47,0))) -> chekjh ds dkj.k
A32: 5- | B32: vodk'k dk irk %& | D32: =(INDEX(MASTER!N13:N47,MATCH('LEAVE APPLICATION DDO'!E1,MASTER!A13:A47,0))) -> iapjRu dksEiysDl ]dkadjksyh
B34: fnukad %& | C34: =C18 -> 44197 | F34: gLrk{kj dkfeZd
A35: dk;kZy; mi;ksx gsrq
A36: 1- | B36: dqy tek vodk'k %& | D36: 314
A37: 2- | B37: vHkh miHkksx fd;s x;s vodk'k dh la[;k %& | F37: 6
A38: 3- | B38: vkt fnukad rd 'ks"k vodk'k dh la[;k %& | E38: =D36-F37 -> 308
F40: dk;kZy; izHkkjh ds gLrk{kj
A41: dk;kZy;k/;{k mi;ksx gsrq
B42: =D30 -> 7 | C42: fnu dk vkdfLed@ifjofrZr@mikftZr vodk'k Lohd`r@vLohd`r fd;k tkrk gSA
F44: l{ke vf/kdkjh ds gLrk{kj

Sheet LEAVE JOINING DDO
B1: ekLVj 'khV esa dkfeZd dk flfj;y uEcj %& | E1: 1
A2: =MASTER!C6 -> Jh ckyd`".k fo/kk Hkou jktdh; mPp ek/;fed fo|ky; dkadjksyh ftyk & jktleUn
A3: Øekad@jkmekfo@dakdjksyh@laLFkkiu@Qk&104@2020&21@ fnukad 08@01@2021
B5: lsokesa
C6: Jheku | D6: =MASTER!K7 -> ftyk f'k{kk vf/kdkjh
C7: =MASTER!K8 -> ftyk f'k{kk vf/kdkjh] eq[;ky;] ek/;fed
C8: =MASTER!K9 -> jktleUn ftyk & jktleUn
C10: fo"k; %& vodk'k ls yksV dj iqu% dk;ZHkkj xzg.k djus ckcr A
B12: egksn;
C13: mi;qZDr fo"k;kUrxZr fuosnu gS fd eSa fnukad | F13: =(INDEX(MASTER!I13:I47,MATCH('LEAVE JOINING DDO'!E1,MASTER!A13:A47,0))) -> 44197 | G13: ls fnukad | H13: =(INDEX(MASTER!J13:J47,MATCH('LEAVE JOINING DDO'!E1,MASTER!A13:A47,0))) -> 44203
B14: rd | C14: =(INDEX(MASTER!L13:L47,MATCH('LEAVE JOINING DDO'!E1,MASTER!A13:A47,0))) -> रूपांतरित अवकाश | E14: ij jgk Fkk A vc vkt fnukad | H14: 44204
B15: dks fo/kky;@dk;kZy; le; ij viuh M;qVh ij mifLFkr gks x;k gwa A
C16: d`i;k dk;Zxzg.k djkus o esjk vodk'k Lohd`r djus dh d`ik djkosa A
B17: layXu %&
B18: 1- | C18: vodk'k QkeZ
B19: 2- | C19: jksx o vkjksX; izek.k i=
B20: fnukad %& | C20: =H14 -> 44204 | F20: izkFkhZ
D22: uke %& | E22: =(INDEX(MASTER!B13:B47,MATCH('LEAVE JOINING DDO'!E1,MASTER!A13:A47,0))) -> Jh izeksn dqekj ikyhoky
D23: in %& | E23: =(INDEX(MASTER!C13:C47,MATCH('LEAVE JOINING DDO'!E1,MASTER!A13:A47,0))) -> प्रधानाचार्य
D24: inLFkkiu LFkku %& | E24: =A2 -> Jh ckyd`".k fo/kk Hkou jktdh; mPp ek/;fed fo|ky; dkadjksyh ftyk & jktleUn
A28: =A3 -> Øekad@jkmekfo@dakdjksyh@laLFkkiu@Qk&104@2020&21@ fnukad 08@01@2021
A29: izfrfyfi lqpukFkZ ,oa ikyukFkZ %&
B30: 1 ys[kk 'kk[kk nks izfrA
B31: 2 lEcfU/kr dkfeZd | D31: =E22 -> Jh izeksn dqekj ikyhoky | F31: =E23 -> प्रधानाचार्य
B32: 3 O;fDrxr iaftdk | D32: =E22 -> Jh izeksn dqekj ikyhoky | F32: =E23 -> प्रधानाचार्य
B33: 4 dk;kZy; izfrA
E35: =MASTER!C7 -> iz/kkukpk;Z
E36: =MASTER!C8 -> jktdh; mPp ek/;fed fo|ky;
E37: =MASTER!C9 -> dkadjksyh ftyk & jktleUn

Sheet LEAVE APPLICATION EMPLOYEE
B1: ekLVj 'khV esa dkfeZd dk flfj;y uEcj %& | E1: 1
A2: =MASTER!C6 -> Jh ckyd`".k fo/kk Hkou jktdh; mPp ek/;fed fo|ky; dkadjksyh ftyk & jktleUn
B4: lsokesa
C5: Jheku | D5: =MASTER!C7 -> iz/kkukpk;Z
C6: =MASTER!C8 -> jktdh; mPp ek/;fed fo|ky;
C7: =MASTER!C9 -> dkadjksyh ftyk & jktleUn
C9: fo"k; %& vodk'k pkgus ckcr A
B11: egksn;
C12: mi;qZDr fo"k;kUrxZr fuosnu gS fd eSa fnukad | F12: =(INDEX(MASTER!I13:I47,MATCH('LEAVE APPLICATION EMPLOYEE'!E1,MASTER!A13:A47,0))) -> 44197 | G12: ls fnukad | H12: =(INDEX(MASTER!J13:J47,MATCH('LEAVE APPLICATION EMPLOYEE'!E1,MASTER!A13:A47,0))) -> 44203
B13: rd | C13: =(INDEX(MASTER!L13:L47,MATCH('LEAVE APPLICATION EMPLOYEE'!E1,MASTER!A13:A47,0))) -> रूपांतरित अवकाश | E13: ij | F13: =(INDEX(MASTER!M13:M47,MATCH('LEAVE APPLICATION EMPLOYEE'!E1,MASTER!A13:A47,0))) -> chekjh ds dkj.k | G13: dkj.k ls jguk pkgrk gwa A
C14: d`i;k esjk vodk'k Lohd`r djus dh d`ik djkosa A
B15: layXu %&
B16: 1- | C16: vodk'k QkeZ
B17: 2- | C17: jksx o vkjksX; izek.k i=
B18: fnukad %& | C18: =F12 -> 44197
F19: izkFkhZ
D21: uke %& | E21: =(INDEX(MASTER!B13:B47,MATCH('LEAVE APPLICATION EMPLOYEE'!E1,MASTER!A13:A47,0))) -> Jh izeksn dqekj ikyhoky
D22: in %& | E22: =(INDEX(MASTER!C13:C47,MATCH('LEAVE APPLICATION EMPLOYEE'!E1,MASTER!A13:A47,0))) -> प्रधानाचार्य
D23: inLFkkiu LFkku %& | E23: =A2 -> Jh ckyd`".k fo/kk Hkou jktdh; mPp ek/;fed fo|ky; dkadjksyh ftyk & jktleUn
A27: vodk'k izkFkZuk i=
A28: 1- | B28: uke %& | C28: =(INDEX(MASTER!B13:B47,MATCH('LEAVE APPLICATION EMPLOYEE'!E1,MASTER!A13:A47,0))) -> Jh izeksn dqekj ikyhoky | F28: in %& | G28: =(INDEX(MASTER!C13:C47,MATCH('LEAVE APPLICATION EMPLOYEE'!E1,MASTER!A13:A47,0))) -> प्रधानाचार्य
A29: 2- | B29: vodk'k ysus dh fnukad | D29: =(INDEX(MASTER!I13:I47,MATCH('LEAVE APPLICATION EMPLOYEE'!E1,MASTER!A13:A47,0))) -> 44197 | E29: ls | F29: =(INDEX(MASTER!J13:J47,MATCH('LEAVE APPLICATION EMPLOYEE'!E1,MASTER!A13:A47,0))) -> 44203 | G29: rd
A30: 3- | B30: fnukas dh dqy la[;k %& | D30: =(INDEX(MASTER!K13:K47,MATCH('LEAVE APPLICATION EMPLOYEE'!E1,MASTER!A13:A47,0))) -> 7 | E30: vodk'k dk izdkj %& | G30: =(INDEX(MASTER!L13:L47,MATCH('LEAVE APPLICATION EMPLOYEE'!E1,MASTER!A13:A47,0))) -> रूपांतरित अवकाश
A31: 4- | B31: vodk'k dk dkj.k %& | D31: =(INDEX(MASTER!M13:M47,MATCH('LEAVE APPLICATION EMPLOYEE'!E1,MASTER!A13:A47,0))) -> chekjh ds dkj.k
A32: 5- | B32: vodk'k dk irk %& | D32: =(INDEX(MASTER!N13:N47,MATCH('LEAVE APPLICATION EMPLOYEE'!E1,MASTER!A13:A47,0))) -> iapjRu dksEiysDl ]dkadjksyh
B34: fnukad %& | C34: =C18 -> 44197 | F34: gLrk{kj dkfeZd
A35: dk;kZy; mi;ksx gsrq
A36: 1- | B36: dqy tek vodk'k %& | D36: 324
A37: 2- | B37: vHkh miHkksx fd;s x;s vodk'k dh la[;k %& | F37: 10
A38: 3- | B38: vkt fnukad rd 'ks"k vodk'k dh la[;k %& | E38: =D36-F37 -> 314
F40: dk;kZy; izHkkjh ds gLrk{kj
A41: dk;kZy;k/;{k mi;ksx gsrq
B42: =D30 -> 7 | C42: fnu dk vkdfLed@ifjofrZr@mikftZr vodk'k Lohd`r@vLohd`r fd;k tkrk gSA
F44: l{ke vf/kdkjh ds gLrk{kj

Sheet LEAVE JOINING EMPLOYEE
B1: ekLVj 'khV esa dkfeZd dk flfj;y uEcj %& | E1: 1
A4: =MASTER!C6 -> Jh ckyd`".k fo/kk Hkou jktdh; mPp ek/;fed fo|ky; dkadjksyh ftyk & jktleUn
B6: lsokesa
C7: Jheku | D7: =MASTER!C7 -> iz/kkukpk;Z
C8: =MASTER!C8 -> jktdh; mPp ek/;fed fo|ky;
C9: =MASTER!C9 -> dkadjksyh ftyk & jktleUn
C11: fo"k; %& vodk'k ls yksV dj iqu% dk;ZHkkj xzg.k djus ckcr A
B13: egksn;
C14: mi;qZDr fo"k;kUrxZr fuosnu gS fd eSa fnukad | F14: =(INDEX(MASTER!I13:I47,MATCH('LEAVE JOINING EMPLOYEE'!E1,MASTER!A13:A47,0))) -> 44197 | G14: ls fnukad | H14: =(INDEX(MASTER!J13:J47,MATCH('LEAVE JOINING EMPLOYEE'!E1,MASTER!A13:A47,0))) -> 44203
B15: rd | C15: =(INDEX(MASTER!L13:L47,MATCH('LEAVE JOINING EMPLOYEE'!E1,MASTER!A13:A47,0))) -> रूपांतरित अवकाश | E15: ij jgk Fkk A vc vkt fnukad | H15: 44207
B16: dks fo/kky;@dk;kZy; le; ij viuh M;qVh ij mifLFkr gks x;k gwa A
C17: d`i;k dk;Zxzg.k djkus o esjk vodk'k Lohd`r djus dh d`ik djkosa A
B18: layXu %&
B19: 1- | C19: vodk'k QkeZ
B20: 2- | C20: jksx o vkjksX; izek.k i=
B21: fnukad %& | C21: =H15 -> 44207
F22: izkFkhZ
D25: uke %& | E25: =(INDEX(MASTER!B13:B47,MATCH('LEAVE JOINING EMPLOYEE'!E1,MASTER!A13:A47,0))) -> Jh izeksn dqekj ikyhoky
D26: in %& | E26: =(INDEX(MASTER!C13:C47,MATCH('LEAVE JOINING EMPLOYEE'!E1,MASTER!A13:A47,0))) -> प्रधानाचार्य
D27: inLFkkiu LFkku %& | E27: =A4 -> Jh ckyd`".k fo/kk Hkou jktdh; mPp ek/;fed fo|ky; dkadjksyh ftyk & jktleUn

Sheet LEAVE FORM
B1: ekLVj 'khV esa dkfeZd dk flfj;y uEcj %& | F1: 1
B2: jktLFkku lsok fu;eksa ds vUrxZr vodk'k ds fy;s vksosnu i= dk izi=
B3: 1- | C3: vkosnd dk uke % ------------------------------------------------------------------------------------------------ | F3: =(INDEX(MASTER!B13:B47,MATCH('LEAVE FORM'!F1,MASTER!A13:A47,0))) -> Jh izeksn dqekj ikyhoky
B4: 2- | C4: in dk uke | F4: =(INDEX(MASTER!C13:C47,MATCH('LEAVE FORM'!F1,MASTER!A13:A47,0))) -> प्रधानाचार्य
B5: 3- | C5: foHkkx] dk;kZy; dk uke | F5: =MASTER!M10 -> f'k{kk | G5: =MASTER!C6 -> Jh ckyd`".k fo/kk Hkou jktdh; mPp ek/;fed fo|ky; dkadjksyh ftyk & jktleUn
B6: 4- | C6: osru | F6: =(INDEX(MASTER!E13:E47,MATCH('LEAVE FORM'!F1,MASTER!A13:A47,0))) -> 82700
B7: 5- | C7: edku fdjk;k HkRrk] lokjh HkRrk ;k orZeku in ij izkIr vU; {kfriwfrZ HkRrk | F7: fu;ekuqqlkj
B8: 6- | C8: vkosfnr vodk'k dk izdkj vkSj mldh vof/k rFkk fnukad ftlesa mldh vko';Drk gS | F8: =(INDEX(MASTER!L13:L47,MATCH('LEAVE FORM'!F1,MASTER!A13:A47,0))) -> रूपांतरित अवकाश | G8: =(INDEX(MASTER!I13:I47,MATCH('LEAVE FORM'!F1,MASTER!A13:A47,0))) -> 44197 | H8: =(INDEX(MASTER!J13:J47,MATCH('LEAVE FORM'!F1,MASTER!A13:A47,0))) -> 44203
B9: 7- | C9: jfookj rFkk NqfV~V;ka ;fn dksbZ gks] mUgsa vodk'k ds igys@ckn esa tksM+us dk izLrko | F9: ugha
B10: 8- | C10: vodk'k ds fy;s vkosnu dk dkj.k | F10: =(INDEX(MASTER!M13:M47,MATCH('LEAVE FORM'!F1,MASTER!A13:A47,0))) -> chekjh ds dkj.k
B11: 9- | C11: xr vodk'k ls ykSVus dh fnukad rFkk mDr vodk'k dk izdkj rFkk vof/k
B12: 10- | C12: ¼d½ esa mikftZr :ikUrfjr vodk'k ds nkSjku izkIr fd;k x;k vodk'k osru vkSj v)Zosru vodk'k ml n'kk esa tcfd jktLFkku lfoZl :Yl fu;e 93 ds mifu;e x ds [k.M 3 ds uhps fn; x;s ijUrq ^d^ ds izko/kku mDr vodk'k dh lekfIr ij vFkok mlds nkSjku lfoZl esa esjs lsokfuo`r gksus dh fLFkfr esa iz;qDr ugha fd;s x;s gks rks vuqer ugha gksrk fd vof/k esa vuqer osru dh vUrj jkf'k okil vnk djus dk opu nsrk gwWaA | F12: gka
B19: 11- | C19: vodk'k dky esa jgus dk irk | F19: =(INDEX(MASTER!N13:N47,MATCH('LEAVE FORM'!F1,MASTER!A13:A47,0))) -> iapjRu dksEiysDl ]dkadjksyh
B20: 12- | C20: fu;a=.k vf/kdkjh dk vkKk ;k flWQkfj'k | F20: Lohd`r
F23: vkosnd ds gLrk{kj ¼fnukad lfgr½
E24: in %& | F24: =F4 -> प्रधानाचार्य
B26: vodk'k vuqer gksus lEcU/kh i=
B27: ¼jktif=r vf/kdkfj;ksa ds ekeys esa egkys[kkdkj }kjk½
B28: izekf.kr fd;k tkrk gS fd jkt-lsok fu;e | F28: ds v/khu fnukad | G28: =G8 -> 44197 | H28: ls
B29: =H8 -> 44203 | D29: rd | E29: =F8 -> रूपांतरित अवकाश | F29: vodk'k | G29: dqy fnu %& | H29: =(INDEX(MASTER!K13:K47,MATCH('LEAVE FORM'!F1,MASTER!A13:A47,0))) -> 7
B30: ¼vodk'k dk izdkj½ dk vuqer gSA
B32: vodk'k dh Lohd`fr nsus okys izkf/kdkjh dh vkKk
F33: gLrk{kj ¼fnukd lfgr½
E34: in %& | F34: =MASTER!C7 -> iz/kkukpk;Z
F35: =MASTER!C8 -> jktdh; mPp ek/;fed fo|ky;
F36: =MASTER!C9 -> dkadjksyh ftyk & jktleUn

Sheet LEAVE SENCTION ORDER
B1: ekLVj 'khV esa dkfeZd dk flfj;y uEcj %& | E1: 1
A2: =MASTER!C6 -> Jh ckyd`".k fo/kk Hkou jktdh; mPp ek/;fed fo|ky; dkadjksyh ftyk & jktleUn
A3: dk;kZy; vkns'k
B4: =(INDEX(MASTER!B13:B47,MATCH('LEAVE SENCTION ORDER'!E1,MASTER!A13:A47,0))) -> Jh izeksn dqekj ikyhoky | D4: in | E4: =(INDEX(MASTER!C13:C47,MATCH('LEAVE SENCTION ORDER'!E1,MASTER!A13:A47,0))) -> प्रधानाचार्य
A5: dk fuEukuqlkj vodk'k Loh—r fd;k tkrk gSA
A6: Øa-l- | B6: vof/k | D6: dqy fnu | E6: vodk'k dk izdkj
B7: fnukad ls | C7: fnukad rd
A8: =A29 -> 1 | B8: =(INDEX(MASTER!I13:I47,MATCH('LEAVE SENCTION ORDER'!E1,MASTER!A13:A47,0))) -> 44197 | C8: =(INDEX(MASTER!J13:J47,MATCH('LEAVE SENCTION ORDER'!E1,MASTER!A13:A47,0))) -> 44203 | D8: =(INDEX(MASTER!K13:K47,MATCH('LEAVE SENCTION ORDER'!E1,MASTER!A13:A47,0))) -> 7 | E8: =(INDEX(MASTER!L13:L47,MATCH('LEAVE SENCTION ORDER'!E1,MASTER!A13:A47,0))) -> रूपांतरित अवकाश
E10: gLrk{kj vf/kdkjh
A12: Øekad@jkmekfo@dakdjksyh@laLFkkiu@Qk&104@2020&21@ fnukad 19@01@2021
A13: izfrfyfi lqpukFkZ ,oa ikyukFkZ %&
B14: 1 ys[kk 'kk[kk nks izfrA
B15: 2 lEcfU/kr dkfeZd | C15: =B4 -> Jh izeksn dqekj ikyhoky | E15: =E4 -> प्रधानाचार्य
B16: 3 O;fDrxr iaftdk | C16: =C15 -> Jh izeksn dqekj ikyhoky | E16: =E15 -> प्रधानाचार्य
B17: 4 dk;kZy; izfrA
E19: gLrk{kj vf/kdkjh
A23: dk;kZy; iz/kkukpk;Z jktdh; mPp ek/;fed fo|ky; dakdjksyh
A24: dk;kZy; vkns'k
B25: =B4 -> Jh izeksn dqekj ikyhoky | D25: in | E25: =E4 -> प्रधानाचार्य
A26: dk fuEukuqlkj vodk'k Loh—r fd;k tkrk gSA
A27: Øa-l- | B27: vof/k | D27: dqy fnu | E27: vodk'k dk izdkj
B28: fnukad ls | C28: fnukad rd
A29: 1 | B29: =B8 -> 44197 | C29: =C8 -> 44203 | D29: =D8 -> 7 | E29: =E8 -> रूपांतरित अवकाश
E31: gLrk{kj vf/kdkjh
A33: =A12 -> Øekad@jkmekfo@dakdjksyh@laLFkkiu@Qk&104@2020&21@ fnukad 19@01@2021
A34: izfrfyfi lqpukFkZ ,oa ikyukFkZ %&
B35: 1 ys[kk 'kk[kk nks izfrA
B36: 2 lEcfU/kr | C36: =C16 -> Jh izeksn dqekj ikyhoky | E36: =E16 -> प्रधानाचार्य
B37: 3 O;fDrxr iaftdk | C37: =C36 -> Jh izeksn dqekj ikyhoky | E37: =E36 -> प्रधानाचार्य
B38: 4 dk;kZy; izfrA
E40: gLrk{kj vf/kdkjh

Sheet APPLICATION FOR CHILD CARE LEAV
B1: ekLVj 'khV esa dkfeZd dk flfj;y uEcj %& | D1: 1
A3: APPLICATION FOR CHILD CARE LEAVE
A4: 1 | B4: NAME OF THE APPLICANT | C4: % | D4: =(INDEX(MASTER!B13:B47,MATCH('APPLICATION FOR CHILD CARE LEAV'!D1,MASTER!A13:A47,0))) -> Jh izeksn dqekj ikyhoky
A5: 2 | B5: DESIGNATION | C5: % | D5: =(INDEX(MASTER!C13:C47,MATCH('APPLICATION FOR CHILD CARE LEAV'!D1,MASTER!A13:A47,0))) -> प्रधानाचार्य
A6: 3 | B6: DEPT/OFFICE/SECTION | C6: % | D6: =MASTER!$C$6 -> Jh ckyd`".k fo/kk Hkou jktdh; mPp ek/;fed fo|ky; dkadjksyh ftyk & jktleUn
A7: 4 | B7: DETAIL OF CHILD/CHILDREN | C7: % | D7: NAME - BHASKAR SANADHYA DATE OF BIRTH- 19.04.2002
A8: 5 | B8: NAME OF SPECIALLY ABLED | C8: %
A9: 6 | B9: NAME OF CHILD FOR WHOM CHILD CARE LEAVE IS APPLIED FOR | C9: % | D9: BHASKAR SANADHYA
A10: 7 | B10: DATE OF BIRTH OF THE CHILD | C10: % | D10: 19.04.2002
A11: 8 | B11: DATE OF WHICH CHILD WILL BE ATTAINING AGE OF 18 YEARS | C11: % | D11: 19.04.2002
A12: 9 | B12: IS THE CHILD AMONG THE TWO ELDEST CHILDEREN | C12: % | D12: YES/NO
A13: 10 | B13: PERIOD OF LEAVE & NUMBER OF DAYS PREFIX/SUFFIX OF HOLIDAYS, IF ANY | C13: % | D13: FROM 01.01.2020 TO 02.01.2020 DAYS - 2
A14: 11 | B14: REASON (S) FOR LEAVE APPLIED FOR | C14: % | D14: CHILD CARE
A15: 12 | B15: TOTAL CHILD CARE LEAVE AVAILED TILL DATE | C15: % | D15: 77
A16: 13 | B16: (A)- WHETHER PERMISSION TO LEAVE STATION IS REQUIRED | C16: % | D16: YES/NO
B17: (B) IF YES, ADDRESS DURING LEAVE PERIOD | C17: % | D17: YES/NO
A18: 14 | B18: DATE OF RETURN FROM LAST LEAVE, & NATURE AND PERIOD OF THAT LEAVE | C18: %
A20: DATE : 01.01.2020 | D20: SIGNATURE OF APPLICANT
B21: EMPLOYEE ID NO. | D21: RJRA198631004041
A22: LEAVE SANCTION AUTHORITY
A23: REMARK OF CONTROLLING OFFICER LEAVE RECOMMENDED / LEAVE NOT RECOMMENDED
A26: DATE : 01.01.2020 | D26: SIGNATURE OF DDO
A27: DESIGNATION : PRINCIPAL | D27: OFFICE: G.S.S.S.KANKROLI

Sheet CHILD CARE LEAVE SENCTION
B1: ekLVj 'khV esa dkfeZd dk flfj;y uEcj %& | E1: 1
A2: dk;kZy; iz/kkukpk;Z] jktdh; mPPk ek/;fed fo|ky;] dkadjksyh ftyk&jktleUn
A3: dzekad@jkmekfo@dkadjksyh@ys[kk@Qk- 103@2020&21@ fnuakd 28-06-2021
A5: dk;kZy; vkns’k
A7: Jhefr | B7: =(INDEX(MASTER!B13:B47,MATCH('CHILD CARE LEAVE SENCTION'!E1,MASTER!A13:A47,0))) -> Jh izeksn dqekj ikyhoky | D7: us vius vkosnu i= fnukad | F7: 20.02.2021
A8: ds }kjk fpfdRld dh lykg ij vius iq= | D8: Jh HkkLdj luk<; | F8: dh ns[kHkky @
A9: v/;;u gsrq fnukad | B9: =(INDEX(MASTER!I13:I47,MATCH('CHILD CARE LEAVE SENCTION'!E1,MASTER!A13:A47,0))) -> 44197 | C9: ls | D9: =(INDEX(MASTER!J13:J47,MATCH('CHILD CARE LEAVE SENCTION'!E1,MASTER!A13:A47,0))) -> 44203 | E9: rd dqy | F9: =(INDEX(MASTER!K13:K47,MATCH('CHILD CARE LEAVE SENCTION'!E1,MASTER!A13:A47,0))) -> 7
A10: fnol dh pkbYM ds;j yho gsrq vkosnu fd;k gS A
B11: jkT; ljdkj dh vf/klwpuk dzaekd NO.F.1(6)FD/RULES/2011/ t;iqj
A12: fnukad 22 ebZ 2018 esa of.kZr funsZ'kkuqlkj jktLFkku lsok fu;e 103 lh ds rgr | F12: Jhefr
A13: =B7 -> Jh izeksn dqekj ikyhoky | C13: dh dqy | D13: =F9 -> 7 | E13: fnol dh pkbYM ds;j yho
A14: mDr vkns'k esa of.kZr 'krksZ ds v/khu Lohdqr dh tkrh gS A
B15: jktLFkku lsok fu;e 103 lh ds fcUnq la[;k 2 ¼ k ½ ds vuqlkj bUgsa mDr
A16: vodkl vof/k dk vodkl osru ns; gksxk A bl vodk'k Lohd`fr vkns'k dh izfof"B lEcfU/kr
A17: dkfeZd dh lsok iqfLrdk esa dj nh x;h gS A
D19: =MASTER!C7 -> iz/kkukpk;Z
D20: =MASTER!C8 -> jktdh; mPp ek/;fed fo|ky;
D21: =MASTER!C9 -> dkadjksyh ftyk & jktleUn
A22: =A3 -> dzekad@jkmekfo@dkadjksyh@ys[kk@Qk- 103@2020&21@ fnuakd 28-06-2021
A23: izfrfyfi vko';d dk;Zokgh ,oa lqpukFkZ %&
A24: 1-Jheku ftyk f'k{kk vf/kdkjh ek/;fed | D24: eq[;ky;]jktleUn
A25: 2-lEcfU/kr Jhefr | B25: =B7 -> Jh izeksn dqekj ikyhoky | D25: =(INDEX(MASTER!C13:C47,MATCH('CHILD CARE LEAVE SENCTION'!E1,MASTER!A13:A47,0))) -> प्रधानाचार्य
A26: 3-O;fDrxr iaftdk | B26: =B25 -> Jh izeksn dqekj ikyhoky | D26: =D25 -> प्रधानाचार्य
A27: 4-dk;kZy; izfrA
D28: =D19 -> iz/kkukpk;Z
D29: =D20 -> jktdh; mPp ek/;fed fo|ky;
D30: =D21 -> dkadjksyh ftyk & jktleUn

Sheet CHILD CARE LEAVE ACCOUNT
B1: ekLVj 'khV esa dkfeZd dk flfj;y uEcj %& | E1: 1
A3: Proforma for maintaining Child Care Leave Account
A5: uke deZpkjh& | B5: =(INDEX(MASTER!B13:B47,MATCH('CHILD CARE LEAVE ACCOUNT'!E1,MASTER!A13:A47,0))) -> Jh izeksn dqekj ikyhoky | D5: in %& | E5: =(INDEX(MASTER!C13:C47,MATCH('CHILD CARE LEAVE ACCOUNT'!E1,MASTER!A13:A47,0))) -> प्रधानाचार्य
A6: iwjs lsokdky esa ns; dqy @ 'ks"k pkbzM ds;j yho | E6: 730
A7: Period of Child care Leave Taken | D7: Balance of Child Care Leave | F7: Signature and designation the certifying officer
A8: From | B8: To | C8: Total Days | D8: Balance | E8: Date
A9: ¼1½ | B9: ¼2½ | C9: ¼3½ | D9: ¼4½ | E9: ¼5½ | F9: ¼6½
A10: =(INDEX(MASTER!I13:I47,MATCH('CHILD CARE LEAVE ACCOUNT'!E1,MASTER!A13:A47,0))) -> 44197 | B10: =(INDEX(MASTER!J13:J47,MATCH('CHILD CARE LEAVE ACCOUNT'!E1,MASTER!A13:A47,0))) -> 44203 | C10: =(INDEX(MASTER!K13:K47,MATCH('CHILD CARE LEAVE ACCOUNT'!E1,MASTER!A13:A47,0))) -> 7 | D10: =E6-C10 -> 723 | E10: 02.02.2021
F11: =MASTER!C7 -> iz/kkukpk;Z
F12: =MASTER!C8 -> jktdh; mPp ek/;fed fo|ky;
F13: =MASTER!C9 -> dkadjksyh ftyk & jktleUn
F15: =F11 -> iz/kkukpk;Z
F16: =F12 -> jktdh; mPp ek/;fed fo|ky;
F17: =F13 -> dkadjksyh ftyk & jktleUn
F19: =F11 -> iz/kkukpk;Z
F20: =F12 -> jktdh; mPp ek/;fed fo|ky;
F21: =F13 -> dkadjksyh ftyk & jktleUn
F23: =F11 -> iz/kkukpk;Z
F24: =F12 -> jktdh; mPp ek/;fed fo|ky;
F25: =F13 -> dkadjksyh ftyk & jktleUn
F27: =F11 -> iz/kkukpk;Z
F28: =F12 -> jktdh; mPp ek/;fed fo|ky;
F29: =F13 -> dkadjksyh ftyk & jktleUn

Sheet 10 DAYS PL
B1: ekLVj 'khV esa dkfeZd dk flfj;y uEcj %& | E1: 1
A4: dk;Zxzg.k dky ds cnys mikftZr vodk'k izi=
A6: 1 | B6: uke deZpkjh %& | D6: =(INDEX(MASTER!B13:B47,MATCH('10 DAYS PL'!E1,MASTER!A13:A47,0))) -> Jh izeksn dqekj ikyhoky
A7: 2 | B7: in %& | D7: =(INDEX(MASTER!C13:C47,MATCH('10 DAYS PL'!E1,MASTER!A13:A47,0))) -> प्रधानाचार्य
A8: 3 | B8: iwoZ inLFkkiu LFkku %& | D8: =MASTER!C6 -> Jh ckyd`".k fo/kk Hkou jktdh; mPp ek/;fed fo|ky; dkadjksyh ftyk & jktleUn
A9: 4 | B9: u;k inLFkkiu LFkku %& | D9: =MASTER!C6 -> Jh ckyd`".k fo/kk Hkou jktdh; mPp ek/;fed fo|ky; dkadjksyh ftyk & jktleUn
A10: 5 | B10: inksUufr @ LFkkukUrj.k vkns'k dk dzekad ,oa fnukad ¼ izfr layXu djsa ½ %&
B11: Jheku funs'kd egksn;]ek/;fed f'k{kk]jktLFkku]chdkusj ds vkns'k dzekad@f'kfojk@ek/;@
B12: fnukad 15-03-2021
A13: 6 | B13: iwoZ LFkku ij dk;ZHkkj NksMus dh frfFk iwokZUg @ vijkUg %& | G13: 01.07.2021
A14: 7 | B14: dk;ZHkkj LFkkukUrj.k dh izfrfyfi %& | G14: layXu gS
A15: 8 | B15: u;s LFkku ij dk;ZHkkj lEHkkyus dh frfFk iwokZUg @ vijkUg %& | G15: 01.07.2021
A16: 9 | B16: iwoZ LFkku ls u;s LFkku dh nwjh ¼ fdyks ehVj esa ½ %& | G16: 500
A17: 10 | B17: ftl lk/ku ls ;k=k dh mldk fooj.k nsosa %& | G17: cl@Vªsu
A18: 11 | B18: inksUufr @ LFkkukUrj.k Lo;a dh izkFkZuk @ jkT;fgr esaa %& | G18: jkT;fgr esaa
A19: 12 | B19: dk;Zxzg.k dky dk mi;ksx u djus ds cnys esa fdrus fnu dk mikftZr vodk'k pkgk gS %&
C20: dqy | D20: 10 | E20: fnu
B22: layXu %&
A23: 1- | B23: inkSUufr@LFkkukUrj.k vkns'k dh nks izfrfyfi A
A24: 2- | B24: inkSUufr@LFkkukUrj.k ij dk;ZeqfDr vkns'k dh nks izfrfyfi A
A25: 3- | B25: inkSUufr@LFkkukUrj.k ij dk;Zxzg.k vkns'k dh nks izfrfyfi A
B26: vkosnu i= izLrqr djus dh fnukad %& | E26: 01.07.2021
E30: gLrk{kj deZpkjh
D32: in %& | E32: =D7 -> प्रधानाचार्य
B33: inLFkkiu dk LFkku %& | D33: =D9 -> Jh ckyd`".k fo/kk Hkou jktdh; mPp ek/;fed fo|ky; dkadjksyh ftyk & jktleUn

Sheet 10 DAYS PL SENCTION
B1: ekLVj 'khV esa dkfeZd dk flfj;y uEcj %& | E1: 1
A2: =MASTER!C6 -> Jh ckyd`".k fo/kk Hkou jktdh; mPp ek/;fed fo|ky; dkadjksyh ftyk & jktleUn
A3: dk;kZy; vkns’k
A4: Jheku funs’kd egksn; ] ek/;fed f’k{kk ] jktLFkku ] chdkusj ds vkns’k Øekad
A5: f’kfojk&ek@LkaLFkk@lh&3@xf.kr ¼iq#"k½@Mhihlh&inLFkkiu@2013 fnukad 24-05-2013
A6: ds vuqlkj bl fo|ky; ds fuEukfdar deZpkjh dh inkSUufr jkT; fgr esa | F6: jk-m-ek-fo-
A7: dkadjksyh ftyk & jktleUn | E7: ls LFkkuh; | F7: fo|ky; esa
A8: gksus ds QyLo:Ik uohu inLFkkiu LFkku ij dk;Z xzg.k dky dk miHkksx ugh djus ds
A9: dkj.k jkT; ljdkj ds vkns’k Øekd %& ,Q&2¼6½ ,l-Mh@xzqi&2 fnukda 17-03-1981 ds
A10: vuqlkj muds uke ds lkeus vfdar fnukad dk mikftZr vodk’k dk ykHk LoRo iznku
A11: fd;k tkrk gS A
A12: Ø-l- | B12: uke dkfeZd e; in | C12: fo|ky; | D12: dk;ZeqDr fnukad | E12: dk;Zxzg.k fnukd | F12: mikftZr vodk’k
A13: 1- | B13: 2- | C13: 3- | D13: 4- | E13: 5- | F13: 6-
A14: 1 | B14: =(INDEX(MASTER!B13:B47,MATCH('10 DAYS PL SENCTION'!E1,MASTER!A13:A47,0))) -> Jh izeksn dqekj ikyhoky | C14: jktdh; mPp ek/;fed fo|ky; dkadjksyh ftyk & jktleUn | D14: 22&07&2013 | E14: 22&07&2013 | F14: 10 fnu
B15: =(INDEX(MASTER!C13:C47,MATCH('10 DAYS PL SENCTION'!E1,MASTER!A13:A47,0))) -> प्रधानाचार्य | D15: iqokZgu ckn M~;qVh | E15: vijkgu esa
D19: =MASTER!C7 -> iz/kkukpk;Z
D20: =MASTER!C8 -> jktdh; mPp ek/;fed fo|ky;
D21: =MASTER!C9 -> dkadjksyh ftyk & jktleUn
A22: Øekad@jkmekfo@dakdjksyh@laLFkkiu@Qk&104@2020&21@ fnukad 17@12@2020
A23: izfrfyfi lwpukFkZ ,oa ikyukFkZ % &
A24: 1- | B24: ys[kk ’kk[kk e; nks izfrfyfi A
A25: 2- | B25: lacaf/kr dkfeZd | C25: =B14 -> Jh izeksn dqekj ikyhoky | E25: =B15 -> प्रधानाचार्य
A26: 3- | B26: O;fDrxr iaftdk dkfeZd | C26: =C25 -> Jh izeksn dqekj ikyhoky | E26: =B15 -> प्रधानाचार्य
A27: 4- | B27: dk;kZy; izfr A
D29: =D19 -> iz/kkukpk;Z
D30: =D20 -> jktdh; mPp ek/;fed fo|ky;
D31: =D21 -> dkadjksyh ftyk & jktleUn

Sheet ON DUTY PL
A1: =MASTER!C6 -> Jh ckyd`".k fo/kk Hkou jktdh; mPp ek/;fed fo|ky; dkadjksyh ftyk & jktleUn
A2: dk;kZy; vkns'k
A3: Jheku lfpo egksn; jktLFkku LVsV vksiu Ldwy t;iqj ds vkns'k dzaekd@i 9 ¼11½
A4: vkj,lvks,l@,l,l,l@ihlhih@ijh{kk 14&15@9041&9076 fnukad 03-12-2019 ds }kjk
A5: fuEukafdr vf/kdkfj;ks@deZpkfj;ks dh izfrfu;qfDr 15 fnolh; O;fDrxr lEidZ f'kfoj esa
A6: fnukad 25 fnlEcj 2019 ls 08 tuojh 2020 rd jk-m-ek-fo-dkadjksyh esa dh xbZA
A7: vkns'k dh ikyuk esa LFkkuh; fo/kky; ds fuEu vafdr vf/kdkfj;ksa@f'k{kdks
A8: us 'khrdkyhu vodk'k vof/k esa RSOS t;iqj ds 15 fnolh; O;fDrxr lEidZ f'kfoj esa
A9: LFkkuh; fo/kky; ifjlj esa muds uke ds lkeus vfdar fnuksa rd mifLFkrh nh gS A
A11: dza-la- | B11: uke vf/kdkjh@deZpkjh | C11: in | D11: dk;kZof/k | G11: dqy dk;Z fnol
D12: fnukad | E12: ls | F12: fnukad
A13: 1 | B13: Jh izeksn dqekj ikyhoky | C13: iz/kkukpk;Z | D13: 25.12.2019 | E13: ls | F13: 08.01.2020 | G13: 15
A14: 2 | B14: Jh izeksn dqekj ikyhoky | C14: iz/kkukpk;Z | D14: 25.12.2020 | E14: ls | F14: 08.01.2021 | G14: 16
A15: 3 | B15: Jh izeksn dqekj ikyhoky | C15: iz/kkukpk;Z | D15: 25.12.2021 | E15: ls | F15: 08.01.2022 | G15: 17
A16: 4 | B16: Jh izeksn dqekj ikyhoky | C16: iz/kkukpk;Z | D16: 25.12.2022 | E16: ls | F16: 08.01.2023 | G16: 18
A17: 5 | B17: Jh izeksn dqekj ikyhoky | C17: iz/kkukpk;Z | D17: 25.12.2023 | E17: ls | F17: 08.01.2024 | G17: 19
A18: 6 | B18: Jh izeksn dqekj ikyhoky | C18: iz/kkukpk;Z | D18: 25.12.2024 | E18: ls | F18: 08.01.2025 | G18: 20
A19: 7 | B19: Jh izeksn dqekj ikyhoky | C19: iz/kkukpk;Z | D19: 25.12.2025 | E19: ls | F19: 08.01.2026 | G19: 21
A20: 8 | B20: Jh izeksn dqekj ikyhoky | C20: iz/kkukpk;Z | D20: 25.12.2026 | E20: ls | F20: 08.01.2027 | G20: 22
A21: 9 | B21: Jh izeksn dqekj ikyhoky | C21: iz/kkukpk;Z | D21: 25.12.2027 | E21: ls | F21: 08.01.2028 | G21: 23
A22: 10 | B22: Jh izeksn dqekj ikyhoky | C22: iz/kkukpk;Z | D22: 25.12.2028 | E22: ls | F22: 08.01.2029 | G22: 24
D25: =MASTER!C7 -> iz/kkukpk;Z
D26: =MASTER!C8 -> jktdh; mPp ek/;fed fo|ky;
D27: =MASTER!C9 -> dkadjksyh ftyk & jktleUn
A28: Øekad %&jkmekfo@dkadjksyh@Qk&103@laLFkkiu@2021&22@266 fnaukd %&01-04-2021
A29: izfrfyih vko';d dk;Zokgh ,oa lwpukFkZ izsf"kr %&
A30: 1 | B30: Jheku ftyk f'k{kk vf/kdkjh egksn;]eq[;ky;]ek/;fed | E30: jktleUn A
A31: 2 | B31: lEcafU/kr dkfeZd Jh@Jherh@lqJh
A32: 3 | B32: O;fDrxr iaftdk Jh@Jherh@lqJh
A33: 4 | B33: ys[kk 'kk[kk@jf{kr i=koyh A
D35: =D25 -> iz/kkukpk;Z
D36: =D26 -> jktdh; mPp ek/;fed fo|ky;
D37: =D27 -> dkadjksyh ftyk & jktleUn

Sheet SICKNESS & FITNESS CERTIFICATE
A1: ekLVj 'khV esa dkfeZd dk flfj;y uEcj %& | F1: 18
B3: jksx izek.k i=
B4: fpfdRlk ,oa LOkkLF; foHkkx ] jktLFkku
B6: eSa | C6: MkW- jkgqy egkRek | F6: izdj.k dh O;fDr'k% lko/kkukiwoZd
B7: tkWap djus ds ckn izekf.kr djrk gwa fd Jh@Jhefr | G7: =(INDEX(MASTER!B13:B47,MATCH('SICKNESS & FITNESS CERTIFICATE'!F1,MASTER!A13:A47,0))) -> 0
B8: ftuds gLrk{kj uhps fn;s gSa | E8: Toj @ Rod fodkj | G8: ls ihfMr gS vkSj eSa
B9: le>rk gwa fd fnukad | D9: =(INDEX(MASTER!I13:I47,MATCH('SICKNESS & FITNESS CERTIFICATE'!F1,MASTER!A13:A47,0))) -> 0 | F9: ls | G9: =(INDEX(MASTER!J13:J47,MATCH('SICKNESS & FITNESS CERTIFICATE'!F1,MASTER!A13:A47,0))) -> 0 | H9: rd
B10: =(INDEX(MASTER!K13:K47,MATCH('SICKNESS & FITNESS CERTIFICATE'!F1,MASTER!A13:A47,0))) -> 1 | C10: fnu ds dk;Z ls vuqifLFkfr dk le; muds LokLF; dh iqu% izkfIr
B11: ds fy, ije vko';d gSa A
B12: fnukad %& | C12: =D9 -> 0
B14: gLrk{kj jksxh
F15: ljdkjh fpfdRlk ifjpkjd
F16: ;k vU; iathd`r fpfdRld
F17: ¼ iath;u la[;k ½
B21: vkjksX; izek.k i=
B22: fpfdRlk ,oa LOkkLF; foHkkx ] jktLFkku
B24: eSa | C24: =C6 -> MkW- jkgqy egkRek | F24: izekf.kr djrk gw fd eSaus Jh@Jhefr
B25: =G7 -> 0 | D25: dks tks | F25: =MASTER!M10 -> f'k{kk | H25: foHkkx esa gS
B26: Hkyh izdkj tkWp djds ns[k fy;k gS fd os vc viuh chekjh | H26: =E8 -> Toj @ Rod fodkj
B27: ls eqDr gks x;s gSa vkSj os vc jkT; lsok dk;Z djus iw.kZ ;ksX; gSA
C28: eSa ;g izekf.kr djrk gwa fd bl fu.kZ; ls igwapus ls igys eSaus ml ewy
B29: vLokLF; izek.k&i= ,oa jksxh ds rF;ksa dh vFkok i=ksa dh lHkh izfr;ksa dh ftuds
B30: vk/kkj ij mudks vodk'k Lohd`r fd;k x;k Fkk vFkok c<k;k x;k Fkk ] dh tkWp
B31: dj fopkj dj fy;k gS A
B32: fnukad %& | C32: =G9 -> 0 | D32: lka;dky
F34: iz/kku fpfdRld
F35: ¼ iath;u la[;k ½

Sheet SICKNESS FITNESS GAZETTED HINDI
A1: ekLVj 'khV esa dkfeZd dk flfj;y uEcj %& | E1: 1
A4: jktif=r vf/kdkfj;ksa ds fy, fpfdRlk izek.k&i= | J4: ekLVj 'khV
D5: fcekjh | F5: ds ekeys dk fooj.k
A6: uke | C6: =(INDEX(MASTER!B13:B47,MATCH('SICKNESS FITNESS GAZETTED HINDI'!E1,MASTER!A13:A47,0))) -> Jh izeksn dqekj ikyhoky
A7: fu;qfDr | C7: =MASTER!C6 -> Jh ckyd`".k fo/kk Hkou jktdh; mPp ek/;fed fo|ky; dkadjksyh ftyk & jktleUn
A8: vk;q | C8: 50 o"kZ
A9: dqy lsok | C9: 31 o"kZ
A10: vodk'k dk iwoZ le; ;fn igys fpfdRlk izek.k&i= vuqifLFkr jgk gSA
A11: vknrs | C11: lkekU;
A12: jksx | C12: dkl Toj
A13: eSa] | B13: Mka- oh-ds- egkRek | E13: dk flfoy ltZu fpfdRlk vf/kdkjh ekeys dh O;fDrxr :Ik ls
A14: lko/kkuhiwoZd tkWp djus ds ckn ,rn }kjk ;g izekf.kr djrk gwa fd Jh | G14: =C6 -> Jh izeksn dqekj ikyhoky
A15: fd n'kk xEHkhj gS rFkk eSa fu"BkiwoZd ,oe xEHkhjrk iwoZd ?kks"k.kk djrk gwW fd esjs loksZre fu.kZ; ds vuqlkj LoLFk
A16: gksus ds fy, lsok ls mldk vuqifLFkr jguk vko';d gS rFkk ;g flQkfj'k djrk gwW fd mls
A17: uoEcj fnlEcj | D17: ekg dk vodk'k fnukad | F17: =(INDEX(MASTER!I13:I47,MATCH('SICKNESS FITNESS GAZETTED HINDI'!E1,MASTER!A13:A47,0))) -> 44197 | G17: ls Lohd`r fd;k tk;sA ¼esjh jk; esa
A18: vf/kdkjh ds fy, fpfdRlk&e.My ds lEeq[k mifLFkr gksuk vko';d@ vko';d ugha gSA½
A20: fnukad | B20: =F17 -> 44197
B23: eSa | C23: =B13 -> Mka- oh-ds- egkRek | E23: ij flfoy 'kY; fpfdRld fpfdRlk vf/kdkjh ,rn }kjk ;g
A24: izekf.kr djrk gwW fd eSus Jh | D24: =G14 -> Jh izeksn dqekj ikyhoky | F24: in | G24: =(INDEX(MASTER!C13:C47,MATCH('SICKNESS FITNESS GAZETTED HINDI'!E1,MASTER!A13:A47,0))) -> प्रधानाचार्य
A25: foHkkx | B25: =MASTER!M10 -> f'k{kk | C25: dk /;kuiwoZd ijh{k.k dj fy;k gS vkSj bl fu.kZ; ij igqWpk gwW fd og chekjh ls LoLFk ¼ Bhd ½
A26: gks x;k gS vkSj vc dRrZO; ij vkus ;ksX; gSA eSa ;g Hkh izekf.kr djrk gwW fd eSus bl ekeys eS eq[; fpfdRlk
A27: izek.k i= vkSj LVsVesaVks ftuds vk/kkj ij mls vodk'k dh Lohd`fr o`f) dh xbZ gS] fd ewy :i ls tkWp fy;k
A28: x;k gS vkSj ;g fu.kZ; gksus ds iwoZ mu ij fopkj dj fy;k gSA
A30: fnukad | B30: =(INDEX(MASTER!J13:J47,MATCH('SICKNESS FITNESS GAZETTED HINDI'!E1,MASTER!A13:A47,0))) -> 44203 | D30: lka;dky
G32: izkf/kd`r ifjpkjd ;k
G33: flfoy 'kY; fpfdRld

Sheet INCERMENT ORDER
A1: =MASTER!C6 -> Jh ckyd`".k fo/kk Hkou jktdh; mPp ek/;fed fo|ky; dkadjksyh ftyk & jktleUn
A2: &% lkef;d osru o`f) vkns'k %&
A3: jkT; ljdkj ds foRr foHkkx ds vkns'k dzekad%& No. F. 15(1)FD/Rules/ 2017 Dated : 30th October, 2017 & Revised Order No. F. 15 (1 )FD(Rules)/2017 dated : 09.12.2017 ds vuqlj.k esa bl fo|ky;@dk;kZy; esa dk;Zjr fuEufyf[kr dkfeZdksa dks muds uke ds lEeq[k vafdr vuqlkj muds }kjk ,d o"kZ dh larks"ktud lsok iw.kZ djus ij
A4: fnukad %& | C4: 01.07.2021 | E4: ls okf"kZd osru o`f} Lohd`r dh tkdj rnuqlkj osru
A5: ,oa HkRrs fn;s tkus dh Lohd`fr iznku dh tkrh gS A osru o`f) tqykbZ ekg dh izFke rkjh[k dks dkfeZd ds vkdfLed vodk'k ds vfrfjDr vU; vodk'k ij gksus dh fLFkfr esa osru o`f) dk ykHk dk;Zxzg.k djus dh frfFk ls ns; gksxkA
A6: Ø-la- | B6: uke vf/kdkjh @dkfeZd | C6: in | D6: LFkk;h@ vLFkk;h | E6: in dk osru ysoy | F6: orZeku osru | G6: orZeku osruo`f) dh fnukad | H6: okf"kZd osru o`f) dh jkf'k | I6: Hkkoh osru | J6: vkxkeh osruo`f) dh fnukad
A7: 1 | B7: 2 | C7: 3 | D7: 4 | E7: 5 | F7: 6 | G7: 7 | H7: 8 | I7: 9 | J7: 10
A8: =MASTER!A13 -> 1 | B8: =MASTER!B13 -> Jh izeksn dqekj ikyhoky | C8: =MASTER!C13 -> प्रधानाचार्य | D8: LFkk;h | E8: =MASTER!D13 -> L - 16 | F8: =MASTER!E13 -> 82700 | G8: =C4 -> 01.07.2021 | H8: =ROUND(F8*3%,-2) -> 2500 | I8: =MROUND(F8*1.03,100) -> 85200 | J8: 01.07.2022
A9: =MASTER!A14 -> 2 | B9: =MASTER!B14 -> Jh 'kadj yky pkS/kjh | C9: =MASTER!C14 -> व्याख्याता स्कूल(शिक्षा) | D9: LFkk;h | E9: =MASTER!D14 -> L - 13 | F9: =MASTER!E14 -> 77900 | G9: =G8 -> 01.07.2021 | H9: =ROUND(F9*3%,-2) -> 2300 | I9: =MROUND(F9*1.03,100) -> 80200 | J9: =J8 -> 01.07.2022
A10: =MASTER!A15 -> 3 | B10: =MASTER!B15 -> Jh ';ke lqUnj lkyoh | C10: =MASTER!C15 -> व्याख्याता स्कूल(शिक्षा) | D10: LFkk;h | E10: =MASTER!D15 -> L - 12 | F10: =MASTER!E15 -> 63100 | G10: =G9 -> 01.07.2021 | H10: =ROUND(F10*3%,-2) -> 1900 | I10: =MROUND(F10*1.03,100) -> 65000 | J10: =J9 -> 01.07.2022
A11: =MASTER!A16 -> 4 | B11: =MASTER!B16 -> Jh e/kqlwnu vkpk;Z | C11: =MASTER!C16 -> व्याख्याता स्कूल(शिक्षा) | D11: LFkk;h | E11: =MASTER!D16 -> L - 12 | F11: =MASTER!E16 -> 63100 | G11: =G10 -> 01.07.2021 | H11: =ROUND(F11*3%,-2) -> 1900 | I11: =MROUND(F11*1.03,100) -> 65000 | J11: =J10 -> 01.07.2022
A12: =MASTER!A17 -> 5 | B12: =MASTER!B17 -> Jh dSyk'k pUnz lkaphgj | C12: =MASTER!C17 -> वरिष्ठ अध्यापक | D12: LFkk;h | E12: =MASTER!D17 -> L - 13 | F12: =MASTER!E17 -> 75600 | G12: =G11 -> 01.07.2021 | H12: =ROUND(F12*3%,-2) -> 2300 | I12: =MROUND(F12*1.03,100) -> 77900 | J12: =J11 -> 01.07.2022
A13: =MASTER!A18 -> 6 | B13: =MASTER!B18 -> Jh Hkxorh yky luk<; | C13: =MASTER!C18 -> सहायक प्रशासनिक अधिकारी | D13: LFkk;h | E13: =MASTER!D18 -> L - 11 | F13: =MASTER!E18 -> 57200 | G13: =G12 -> 01.07.2021 | H13: =ROUND(F13*3%,-2) -> 1700 | I13: =MROUND(F13*1.03,100) -> 58900 | J13: =J12 -> 01.07.2022
A14: =MASTER!A19 -> 7 | B14: =MASTER!B19 -> Jherh uhyw f=osnh | C14: =MASTER!C19 -> वरिष्ठ सहायक | D14: LFkk;h | E14: =MASTER!D19 -> L - 8 | F14: =MASTER!E19 -> 36400 | G14: =G13 -> 01.07.2021 | H14: =ROUND(F14*3%,-2) -> 1100 | I14: =MROUND(F14*1.03,100) -> 37500 | J14: =J13 -> 01.07.2022
A15: =MASTER!A20 -> 8 | B15: =MASTER!B20 -> 0 | C15: =MASTER!C20 -> 0 | D15: LFkk;h | E15: =MASTER!D20 -> 0 | F15: =MASTER!E20 -> 0 | G15: =G14 -> 01.07.2021 | H15: =ROUND(F15*3%,-2) -> 0 | I15: =MROUND(F15*1.03,100) -> 0 | J15: =J14 -> 01.07.2022
A16: =MASTER!A21 -> 9 | B16: =MASTER!B21 -> 0 | C16: =MASTER!C21 -> 0 | D16: LFkk;h | E16: =MASTER!D21 -> 0 | F16: =MASTER!E21 -> 0 | G16: =G15 -> 01.07.2021 | H16: =ROUND(F16*3%,-2) -> 0 | I16: =MROUND(F16*1.03,100) -> 0 | J16: =J15 -> 01.07.2022
A17: =MASTER!A22 -> 10 | B17: =MASTER!B22 -> 0 | C17: =MASTER!C22 -> 0 | D17: LFkk;h | E17: =MASTER!D22 -> 0 | F17: =MASTER!E22 -> 0 | G17: =G16 -> 01.07.2021 | H17: =ROUND(F17*3%,-2) -> 0 | I17: =MROUND(F17*1.03,100) -> 0 | J17: =J16 -> 01.07.2022
A18: =MASTER!A23 -> 11 | B18: =MASTER!B23 -> 0 | C18: =MASTER!C23 -> 0 | D18: LFkk;h | E18: =MASTER!D23 -> 0 | F18: =MASTER!E23 -> 0 | G18: =G17 -> 01.07.2021 | H18: =ROUND(F18*3%,-2) -> 0 | I18: =MROUND(F18*1.03,100) -> 0 | J18: =J17 -> 01.07.2022
A19: =MASTER!A24 -> 12 | B19: =MASTER!B24 -> 0 | C19: =MASTER!C24 -> 0 | D19: LFkk;h | E19: =MASTER!D24 -> 0 | F19: =MASTER!E24 -> 0 | G19: =G18 -> 01.07.2021 | H19: =ROUND(F19*3%,-2) -> 0 | I19: =MROUND(F19*1.03,100) -> 0 | J19: =J18 -> 01.07.2022
A20: =MASTER!A25 -> 13 | B20: =MASTER!B25 -> 0 | C20: =MASTER!C25 -> 0 | D20: LFkk;h | E20: =MASTER!D25 -> 0 | F20: =MASTER!E25 -> 0 | G20: =G19 -> 01.07.2021 | H20: =ROUND(F20*3%,-2) -> 0 | I20: =MROUND(F20*1.03,100) -> 0 | J20: =J19 -> 01.07.2022
... A42: =MASTER!A47 -> 35 | B42: =MASTER!B47 -> 0 | C42: =MASTER!C47 -> 0 | D42: LFkk;h | E42: =MASTER!D47 -> 0 | F42: =MASTER!E47 -> 0 | G42: =G41 -> 01.07.2021 | H42: =ROUND(F42*3%,-2) -> 0 | I42: =MROUND(F42*1.03,100) -> 0 | J42: =J41 -> 01.07.2022
A43: izekf.kr fd;k tkrk gS fd mDr dkfeZdksa us ,sls fdlh vodk'k dk miHkksx ughsa fd;k gS ftlls mudh osru o`f) izHkkfor gksrh gksA Lohd`r osru o`f} dk bUnzkt dkfeZd dh lsok iqfLrdk esa dj fn;k x;k gSaA
F45: =MASTER!C7 -> iz/kkukpk;Z
F46: =MASTER!C8 -> jktdh; mPp ek/;fed fo|ky;
F47: =MASTER!C9 -> dkadjksyh ftyk & jktleUn
A48: Øekad %& jkmekfo@dkadjksyh@Qk&103@laLFkkiu@2021&22@307 fnaukd %&01-07-2021
A49: izfrfyih vko';d dk;Zokgh ,oa lwpukFkZ izsf"kr %&
A50: 1 | B50: Jheku dks"kkf/kdkjh egksn; ] | D50: =MASTER!G10 -> jktleUn ftyk & jktleUn
A51: 2 | B51: lEcafU/kr dkfeZd Jh@Jherh@lqJh
A52: 3 | B52: O;fDrxr iaftdk Jh@Jherh@lqJh
A53: 4 | B53: ys[kk 'kk[kk@jf{kr i=koyh A
F55: =F45 -> iz/kkukpk;Z
F56: =F46 -> jktdh; mPp ek/;fed fo|ky;
F57: =F47 -> dkadjksyh ftyk & jktleUn

Sheet SURRENDER YN
A1: =MASTER!C6 -> Jh ckyd`".k fo/kk Hkou jktdh; mPp ek/;fed fo|ky; dkadjksyh ftyk & jktleUn
A2: dk;kZy; vkns’k
A3: dzekad@jkmekfo@dkadjksyh@ys[kk@Qk- 103@2021&22@ fnuakd%&01-04-2021
A4: fuEu dkfeZdkssa dks vknsf'kr fd;k tkrk gS fd vki lefiZr vodk'k
A5: osru foRrh; o"kZ 2021&22 ekg | C5: vizsy 2021 | E5: esa ysuk pkgrs gS rks vius uke ds lkeus
A6: gka ;k ugha fy[ks A ;fn gka fy[krs gS rks fnukad | D6: 03.04.2021 | E6: rd vfuok;Zr lefiZr vodk'k vkosnu
A7: i= dks Hkjdj dk;kZy; esa tek djkosa rkfd vkidks Hkqxrku djkus dh dk;Zokgh dh tk lds A
A8: lwpukFkZ ,oa ikyukFkZ %&
D9: =MASTER!C7 -> iz/kkukpk;Z
D10: =MASTER!C8 -> jktdh; mPp ek/;fed fo|ky;
D11: =MASTER!C9 -> dkadjksyh ftyk & jktleUn
A12: dz-l- | B12: uke vf/kdkjh@deZpkjh | C12: in dk uke | E12: gka ;k ugh | G12: gLrk{kj
A13: =MASTER!A13 -> 1 | B13: =MASTER!B13 -> Jh izeksn dqekj ikyhoky | C13: =MASTER!C13 -> प्रधानाचार्य
A14: =MASTER!A14 -> 2 | B14: =MASTER!B14 -> Jh 'kadj yky pkS/kjh | C14: =MASTER!C14 -> व्याख्याता स्कूल(शिक्षा)
A15: =MASTER!A15 -> 3 | B15: =MASTER!B15 -> Jh ';ke lqUnj lkyoh | C15: =MASTER!C15 -> व्याख्याता स्कूल(शिक्षा)
A16: =MASTER!A16 -> 4 | B16: =MASTER!B16 -> Jh e/kqlwnu vkpk;Z | C16: =MASTER!C16 -> व्याख्याता स्कूल(शिक्षा)
A17: =MASTER!A17 -> 5 | B17: =MASTER!B17 -> Jh dSyk'k pUnz lkaphgj | C17: =MASTER!C17 -> वरिष्ठ अध्यापक
A18: =MASTER!A18 -> 6 | B18: =MASTER!B18 -> Jh Hkxorh yky luk<; | C18: =MASTER!C18 -> सहायक प्रशासनिक अधिकारी
A19: =MASTER!A19 -> 7 | B19: =MASTER!B19 -> Jherh uhyw f=osnh | C19: =MASTER!C19 -> वरिष्ठ सहायक
A20: =MASTER!A20 -> 8 | B20: =MASTER!B20 -> 0 | C20: =MASTER!C20 -> 0
A21: =MASTER!A21 -> 9 | B21: =MASTER!B21 -> 0 | C21: =MASTER!C21 -> 0
A22: =MASTER!A22 -> 10 | B22: =MASTER!B22 -> 0 | C22: =MASTER!C22 -> 0
A23: =MASTER!A23 -> 11 | B23: =MASTER!B23 -> 0 | C23: =MASTER!C23 -> 0
A24: =MASTER!A24 -> 12 | B24: =MASTER!B24 -> 0 | C24: =MASTER!C24 -> 0
... A47: =MASTER!A47 -> 35 | B47: =MASTER!B47 -> 0 | C47: =MASTER!C47 -> 0

Sheet SURRENDER RAF WORK
A1: =MASTER!C6 -> Jh ckyd`".k fo/kk Hkou jktdh; mPp ek/;fed fo|ky; dkadjksyh ftyk & jktleUn
A2: lefiZr vodk'k jQ odZ fnukad 06-04-2021
A3: dz-l- | B3: uke vf/kdkjh@deZpkjh | C3: in dk uke | D3: ewy osru | E3: vk/kk osru | F3: Mh, 17 izfr'kr | G3: ;ksx | H3: vk;dj | I3: 'kq) Hkqxrku
A4: 1 | B4: 2 | C4: 3 | D4: 4 | E4: 5 | F4: 6 | G4: 7 | H4: 8 | I4: 9
A5: =MASTER!A13 -> 1 | B5: =MASTER!B13 -> Jh izeksn dqekj ikyhoky | C5: =MASTER!C13 -> प्रधानाचार्य | D5: =MASTER!E13 -> 82700 | E5: =D5/2 -> 41350 | F5: =E5*17% -> 7029.5 | G5: =E5+F5 -> 48379.5 | H5: =G5*10% -> 4837.95 | I5: =G5-H5 -> 43541.55
A6: =MASTER!A14 -> 2 | B6: =MASTER!B14 -> Jh 'kadj yky pkS/kjh | C6: =MASTER!C14 -> व्याख्याता स्कूल(शिक्षा) | D6: =MASTER!E14 -> 77900 | E6: =D6/2 -> 38950 | F6: =E6*17% -> 6621.5 | G6: =E6+F6 -> 45571.5 | H6: =G6*10% -> 4557.15 | I6: =G6-H6 -> 41014.35
A7: =MASTER!A15 -> 3 | B7: =MASTER!B15 -> Jh ';ke lqUnj lkyoh | C7: =MASTER!C15 -> व्याख्याता स्कूल(शिक्षा) | D7: =MASTER!E15 -> 63100 | E7: =D7/2 -> 31550 | F7: =E7*17% -> 5363.5 | G7: =E7+F7 -> 36913.5 | H7: =G7*10% -> 3691.35 | I7: =G7-H7 -> 33222.15
A8: =MASTER!A16 -> 4 | B8: =MASTER!B16 -> Jh e/kqlwnu vkpk;Z | C8: =MASTER!C16 -> व्याख्याता स्कूल(शिक्षा) | D8: =MASTER!E16 -> 63100 | E8: =D8/2 -> 31550 | F8: =E8*17% -> 5363.5 | G8: =E8+F8 -> 36913.5 | H8: =G8*10% -> 3691.35 | I8: =G8-H8 -> 33222.15
A9: =MASTER!A17 -> 5 | B9: =MASTER!B17 -> Jh dSyk'k pUnz lkaphgj | C9: =MASTER!C17 -> वरिष्ठ अध्यापक | D9: =MASTER!E17 -> 75600 | E9: =D9/2 -> 37800 | F9: =E9*17% -> 6426 | G9: =E9+F9 -> 44226 | H9: =G9*10% -> 4422.6 | I9: =G9-H9 -> 39803.4
A10: =MASTER!A18 -> 6 | B10: =MASTER!B18 -> Jh Hkxorh yky luk<; | C10: =MASTER!C18 -> सहायक प्रशासनिक अधिकारी | D10: =MASTER!E18 -> 57200 | E10: =D10/2 -> 28600 | F10: =E10*17% -> 4862 | G10: =E10+F10 -> 33462 | H10: =G10*10% -> 3346.2 | I10: =G10-H10 -> 30115.8
A11: =MASTER!A19 -> 7 | B11: =MASTER!B19 -> Jherh uhyw f=osnh | C11: =MASTER!C19 -> वरिष्ठ सहायक | D11: =MASTER!E19 -> 36400 | E11: =D11/2 -> 18200 | F11: =E11*17% -> 3094 | G11: =E11+F11 -> 21294 | H11: =G11*10% -> 2129.4 | I11: =G11-H11 -> 19164.6
A12: =MASTER!A20 -> 8 | B12: =MASTER!B20 -> 0 | C12: =MASTER!C20 -> 0 | D12: =MASTER!E20 -> 0 | E12: =D12/2 -> 0 | F12: =E12*17% -> 0 | G12: =E12+F12 -> 0 | H12: =G12*10% -> 0 | I12: =G12-H12 -> 0
A13: =MASTER!A21 -> 9 | B13: =MASTER!B21 -> 0 | C13: =MASTER!C21 -> 0 | D13: =MASTER!E21 -> 0 | E13: =D13/2 -> 0 | F13: =E13*17% -> 0 | G13: =E13+F13 -> 0 | H13: =G13*10% -> 0 | I13: =G13-H13 -> 0
A14: =MASTER!A22 -> 10 | B14: =MASTER!B22 -> 0 | C14: =MASTER!C22 -> 0 | D14: =MASTER!E22 -> 0 | E14: =D14/2 -> 0 | F14: =E14*17% -> 0 | G14: =E14+F14 -> 0 | H14: =G14*10% -> 0 | I14: =G14-H14 -> 0
A15: =MASTER!A23 -> 11 | B15: =MASTER!B23 -> 0 | C15: =MASTER!C23 -> 0 | D15: =MASTER!E23 -> 0 | E15: =D15/2 -> 0 | F15: =E15*17% -> 0 | G15: =E15+F15 -> 0 | H15: =G15*10% -> 0 | I15: =G15-H15 -> 0
A16: =MASTER!A24 -> 12 | B16: =MASTER!B24 -> 0 | C16: =MASTER!C24 -> 0 | D16: =MASTER!E24 -> 0 | E16: =D16/2 -> 0 | F16: =E16*17% -> 0 | G16: =E16+F16 -> 0 | H16: =G16*10% -> 0 | I16: =G16-H16 -> 0
... A39: =MASTER!A47 -> 35 | B39: =MASTER!B47 -> 0 | C39: =MASTER!C47 -> 0 | D39: =MASTER!E47 -> 0 | E39: =D39/2 -> 0 | F39: =E39*17% -> 0 | G39: =E39+F39 -> 0 | H39: =G39*10% -> 0 | I39: =G39-H39 -> 0

Sheet SURRENDER ORDER
A1: =MASTER!C6 -> Jh ckyd`".k fo/kk Hkou jktdh; mPp ek/;fed fo|ky; dkadjksyh ftyk & jktleUn
A2: dk;kZy;&vkns’k
A3: jkT; ljdkj ds foRr foHkkx ds vkns'k dzekad%& No. F. 15(1)FD/ Rules/ 2017 Dated : 30th October, 2017 & Revised Order No. F. 15(1)FD (Rules)/2017 dated : 09.12.2017 ds vuqlkj LFkkuh; fo/kky;@dk;kZy; ds v/khu dk;Zjr fuEukfadr vf/kdkfj;ksa@ deZpkfj;ksa dks muds vkosnu fd;s tkuss ij ekg
A4: vizsy 2021 | C4: foRrh; o"kZ 2021&22 gsrq fuEukuqlkj mikftZr vodk'k ds
A5: udn Hkqxrku fd;s tkus dh Lohdfr iznku dh tkrh gSA bl Lohd`fr dk bUnkzt lEcfU/kr vf/kdkjh@deZpkjh dh ewy lsok iqfLrdk esa dj fn;k x;k gSA
A6: dz-l- | B6: uke vf/kdkjh@deZpkjh | C6: in dk uke | D6: ewy osru | E6: udnhdj.k gsrq Lohd`r fnukas dh la[;k | F6: ekg dk uke | G6: fo'ks"k fooj.k
A7: 1 | B7: 2 | C7: 3 | D7: 4 | E7: 5 | F7: 6 | G7: 7
A8: =MASTER!A13 -> 1 | B8: =MASTER!B13 -> Jh izeksn dqekj ikyhoky | C8: =MASTER!C13 -> प्रधानाचार्य | D8: =MASTER!E13 -> 82700 | E8: 15 fnu | F8: =A4 -> vizsy 2021
A9: =MASTER!A14 -> 2 | B9: =MASTER!B14 -> Jh 'kadj yky pkS/kjh | C9: =MASTER!C14 -> व्याख्याता स्कूल(शिक्षा) | D9: =MASTER!E14 -> 77900 | E9: =E8 -> 15 fnu | F9: =F8 -> vizsy 2021
A10: =MASTER!A15 -> 3 | B10: =MASTER!B15 -> Jh ';ke lqUnj lkyoh | C10: =MASTER!C15 -> व्याख्याता स्कूल(शिक्षा) | D10: =MASTER!E15 -> 63100 | E10: =E9 -> 15 fnu | F10: =F9 -> vizsy 2021
A11: =MASTER!A16 -> 4 | B11: =MASTER!B16 -> Jh e/kqlwnu vkpk;Z | C11: =MASTER!C16 -> व्याख्याता स्कूल(शिक्षा) | D11: =MASTER!E16 -> 63100 | E11: =E10 -> 15 fnu | F11: =F10 -> vizsy 2021
A12: =MASTER!A17 -> 5 | B12: =MASTER!B17 -> Jh dSyk'k pUnz lkaphgj | C12: =MASTER!C17 -> वरिष्ठ अध्यापक | D12: =MASTER!E17 -> 75600 | E12: =E11 -> 15 fnu | F12: =F11 -> vizsy 2021
A13: =MASTER!A18 -> 6 | B13: =MASTER!B18 -> Jh Hkxorh yky luk<; | C13: =MASTER!C18 -> सहायक प्रशासनिक अधिकारी | D13: =MASTER!E18 -> 57200 | E13: =E12 -> 15 fnu | F13: =F12 -> vizsy 2021
A14: =MASTER!A19 -> 7 | B14: =MASTER!B19 -> Jherh uhyw f=osnh | C14: =MASTER!C19 -> वरिष्ठ सहायक | D14: =MASTER!E19 -> 36400 | E14: =E13 -> 15 fnu | F14: =F13 -> vizsy 2021
A15: =MASTER!A20 -> 8 | B15: =MASTER!B20 -> 0 | C15: =MASTER!C20 -> 0 | D15: =MASTER!E20 -> 0 | E15: =E14 -> 15 fnu | F15: =F14 -> vizsy 2021
A16: =MASTER!A21 -> 9 | B16: =MASTER!B21 -> 0 | C16: =MASTER!C21 -> 0 | D16: =MASTER!E21 -> 0 | E16: =E15 -> 15 fnu | F16: =F15 -> vizsy 2021
A17: =MASTER!A22 -> 10 | B17: =MASTER!B22 -> 0 | C17: =MASTER!C22 -> 0 | D17: =MASTER!E22 -> 0 | E17: =E16 -> 15 fnu | F17: =F16 -> vizsy 2021
A18: =MASTER!A23 -> 11 | B18: =MASTER!B23 -> 0 | C18: =MASTER!C23 -> 0 | D18: =MASTER!E23 -> 0 | E18: =E17 -> 15 fnu | F18: =F17 -> vizsy 2021
A19: =MASTER!A24 -> 12 | B19: =MASTER!B24 -> 0 | C19: =MASTER!C24 -> 0 | D19: =MASTER!E24 -> 0 | E19: =E18 -> 15 fnu | F19: =F18 -> vizsy 2021
A20: =MASTER!A25 -> 13 | B20: =MASTER!B25 -> 0 | C20: =MASTER!C25 -> 0 | D20: =MASTER!E25 -> 0 | E20: =E19 -> 15 fnu | F20: =F19 -> vizsy 2021
... A42: =MASTER!A47 -> 35 | B42: =MASTER!B47 -> 0 | C42: =MASTER!C47 -> 0 | D42: =MASTER!E47 -> 0 | E42: =E41 -> 15 fnu | F42: =F41 -> vizsy 2021
D44: =MASTER!C7 -> iz/kkukpk;Z
D45: =MASTER!C8 -> jktdh; mPp ek/;fed fo|ky;
D46: =MASTER!C9 -> dkadjksyh ftyk & jktleUn
A47: Øekad %&jkmekfo@dkadjksyh@Qk&103@laLFkkiu@2021&22@266 fnaukd %&01-04-2021
A48: izfrfyih vko';d dk;Zokgh ,oa lwpukFkZ izsf"kr %&
A49: 1 | B49: Jheku dks"kkf/kdkjh egksn; | C49: =MASTER!G10 -> jktleUn ftyk & jktleUn
A50: 2 | B50: lEcafU/kr dkfeZd Jh@Jherh@lqJh
A51: 3 | B51: O;fDrxr iaftdk Jh@Jherh@lqJh
A52: 4 | B52: ys[kk 'kk[kk@jf{kr i=koyh A
D53: =D44 -> iz/kkukpk;Z
D54: =D45 -> jktdh; mPp ek/;fed fo|ky;
D55: =D46 -> dkadjksyh ftyk & jktleUn

Sheet BONUS ORDER
A1: =MASTER!C6 -> Jh ckyd`".k fo/kk Hkou jktdh; mPp ek/;fed fo|ky; dkadjksyh ftyk & jktleUn
A2: Øekad %& jkmekfo@dkadjksyh@Qk&103@laLFkkiu@2020&21@151 fnaukd %&19-10-2021
A3: dk;kZy; vkns'k
A4: foRr foHkkx jktLFkku ljdkj ds vkns'k dekad ,Q-6 ¼5½ ,QMh ¼:Yl½@2009 t;iqj fn- 18-10-2020 ds vuqlkj LFkkuh; dk;kZy; ds v/khu dk;Zjr fuEukafdr vjktif=r deZpkfj;ks dks foRrh; o"kZ 2019&20 gsrq jkT; ljdkj }kjk fu/kkZfjr 'krkZ ds v/khu rnFkZ cksul Hkqxrku fd;s tkus dh Lohdfr iznku dh tkrh gSA
A5: dz-l- | B5: uke deZpkjh | C5: in | D5: 31 ekpZ 2020 dks ewy osru | E5: is eSfVªDl ysoy | F5: ns; cksul
A6: 1 | B6: =MASTER!B13 -> Jh izeksn dqekj ikyhoky | C6: =MASTER!C13 -> प्रधानाचार्य | D6: =[1]MAN!G21 -> 71300 | E6: =MASTER!D13 -> L - 16 | F6: 6774
A7: 2 | B7: =MASTER!B14 -> Jh 'kadj yky pkS/kjh | C7: =MASTER!C14 -> व्याख्याता स्कूल(शिक्षा) | D7: =[1]MAN!G21 -> 71300 | E7: =MASTER!D14 -> L - 13 | F7: 6774
A8: 3 | B8: =MASTER!B15 -> Jh ';ke lqUnj lkyoh | C8: =MASTER!C15 -> व्याख्याता स्कूल(शिक्षा) | D8: =[1]MAN!G18 -> 63100 | E8: =MASTER!D15 -> L - 12 | F8: 6774
A9: 4 | B9: =MASTER!B16 -> Jh e/kqlwnu vkpk;Z | C9: =MASTER!C16 -> व्याख्याता स्कूल(शिक्षा) | D9: 52900 | E9: =MASTER!D16 -> L - 12 | F9: 6774
A10: 5 | B10: =MASTER!B17 -> Jh dSyk'k pUnz lkaphgj | C10: =MASTER!C17 -> वरिष्ठ अध्यापक | D10: =[1]MAN!G26 -> 73200 | E10: =MASTER!D17 -> L - 13 | F10: 6774
A11: 6 | B11: =MASTER!B18 -> Jh Hkxorh yky luk<; | C11: =MASTER!C18 -> सहायक प्रशासनिक अधिकारी | D11: =[1]MAN!G25 -> 63100 | E11: =MASTER!D18 -> L - 11 | F11: 6774
A12: 7 | B12: =MASTER!B19 -> Jherh uhyw f=osnh | C12: =MASTER!C19 -> वरिष्ठ सहायक | D12: =[1]MAN!G27 -> 71100 | E12: =MASTER!D19 -> L - 8 | F12: 6774
A13: 8 | B13: =MASTER!B20 -> 0 | C13: =MASTER!C20 -> 0 | D13: =[1]MAN!G28 -> 57200 | E13: =MASTER!D20 -> 0 | F13: 6774
A14: 9 | B14: =MASTER!B21 -> 0 | C14: =MASTER!C21 -> 0 | D14: =[1]MAN!G29 -> 36400 | E14: =MASTER!D21 -> 0 | F14: 6774
A15: 10 | B15: =MASTER!B22 -> 0 | C15: =MASTER!C22 -> 0 | D15: =[1]MAN!G30 -> 35700 | E15: =MASTER!D22 -> 0 | F15: 6774
A16: 11 | B16: =MASTER!B23 -> 0 | C16: =MASTER!C23 -> 0 | D16: =[1]MAN!G31 -> 32000 | E16: =MASTER!D23 -> 0 | F16: 6774
A17: 12 | B17: =MASTER!B24 -> 0 | C17: =MASTER!C24 -> 0 | D17: =[1]MAN!G32 -> 21100 | E17: =MASTER!D24 -> 0 | F17: 6774
A18: 13 | B18: =MASTER!B25 -> 0 | C18: =MASTER!C25 -> 0 | D18: =[1]MAN!G33 -> 19300 | E18: =MASTER!D25 -> 0 | F18: 6774
A19: 14 | B19: =MASTER!B26 -> 0 | C19: =MASTER!C26 -> 0 | D19: =[1]MAN!G34 -> 77900 | E19: =MASTER!D26 -> 0 | F19: 6774
B20: egk;ksx | F20: =SUM(F6:F19) -> 94836
B21: udn ns; v{kjs :i;s pkSjk.kq gtkj vkB lkS NRrhl ek=
D23: =MASTER!C7 -> iz/kkukpk;Z
D24: =MASTER!C8 -> jktdh; mPp ek/;fed fo|ky;
D25: =MASTER!C9 -> dkadjksyh ftyk & jktleUn
A26: =A2 -> Øekad %& jkmekfo@dkadjksyh@Qk&103@laLFkkiu@2020&21@151 fnaukd %&19-10-2021
A27: izfrfyih vko';d dk;Zokgh ,oa lwpukFkZ izsf"kr %&
A28: 1 | B28: Jheku dks"kkf/kdkjh egksn; | C28: =MASTER!G10 -> jktleUn ftyk & jktleUn
A29: 2 | B29: lEcfU/kr dkfeZd Jh@Jherh@lqJh
A30: 3 | B30: O;fDrxr iaftdk Jh@Jherh@lqJh
A31: 4 | B31: ys[kk 'kk[kk@jf{kr i=koyh A
D32: =D23 -> iz/kkukpk;Z
D33: =D24 -> jktdh; mPp ek/;fed fo|ky;
D34: =D25 -> dkadjksyh ftyk & jktleUn

Sheet PRMOTION PAY ORDER LEC
A1: ekLVj 'khV esa dkfeZd dk flfj;y uEcj %& | D1: 1
A3: =MASTER!C6 -> Jh ckyd`".k fo/kk Hkou jktdh; mPp ek/;fed fo|ky; dkadjksyh ftyk & jktleUn
A5: dk;kZy; vkns'k
A7: Jheku funs'kd egksn; ek/;fed f'k{kk jktLFkku chdkusj ds vkns'k dzekad
A8: f'kfojk@ek@laLFkk@lh&1@laLd`r@fjO;q-Mhihlh@inLFkkiu&2018&19@2018 fnaukd
A9: 11&09&2018 ds }kjk | C9: =(INDEX(MASTER!B13:B47,MATCH('PRMOTION PAY ORDER LEC'!D1,MASTER!A13:A47,0))) -> Jh izeksn dqekj ikyhoky | E9: dh inkSUufr | F9: ofj"B v/;kid ls
A10: izk/;kid | C10: in ij dh tkdj inLFkkiu LFkkuh; fo/kky; esa fd;s tkus ls
A11: fuEukuqlkj osru fu;eu fd;k tkdj osru Hkqxrku dh Lohd`fr iznku dh tkrh gS A
A13: orZeku osru ,oa is esfVªDl ysoy | C13: osru fu;eu @okf"kZd osru o`f} fnukad | D13: osru fu/kkZj.k ,oa is esfVªDl ysoy | F13: fo-fooj.k
A14: is esfVªDl ysoy | B14: osru | D14: is esfVªDl ysoy | E14: osru
A15: L - 11 | B15: 49300 | C15: 43358 | D15: L - 12 | E15: 51400 | F15: inksUufr izk/;kid
F16: ok-os-o`f) Lohd`r
F17: ok-os-o`f) Lohd`r
A18: vkxkeh okf"kZd osru o`f} fnaukd | D18: 44378 | E18: dks ns; gksxh A
D20: =MASTER!C7 -> iz/kkukpk;Z
D21: =MASTER!C8 -> jktdh; mPp ek/;fed fo|ky;
D22: =MASTER!C9 -> dkadjksyh ftyk & jktleUn
A24: Øekad%& jkmekfo@dkadjksyh@Qk&103@osru fu;eu@2020&21@ fnaukd %&04-01-2021
A25: izfrfyfi lwpukFkZ ,oa ikyukFkZ%&
A26: 1& ys[kk 'kk[kk LFkkuh; fo/kky; A
A27: 2& lEcfU/kr | B27: =C9 -> Jh izeksn dqekj ikyhoky | D27: =A10 -> izk/;kid
A28: 3& O;fDrxr iaftdk | C28: =B27 -> Jh izeksn dqekj ikyhoky | E28: =D27 -> izk/;kid
A29: 4& jf{kr i=koyh A
D30: =D20 -> iz/kkukpk;Z
D31: =D21 -> jktdh; mPp ek/;fed fo|ky;
D32: =D22 -> dkadjksyh ftyk & jktleUn

Sheet PRAMOTION PAY ORDER ST
A1: ekLVj 'khV esa dkfeZd dk flfj;y uEcj %& | E1: 2
A2: dk;kZy; jktdh; mPp ek/;fed fo/kky; jkT;kokl ftyk&jktleUn
A4: dk;kZy; vkns'k
A6: Jheku f'k{kk mi funs'kd ek/;fed mn;iqj e.My mn;iqj ds vkns'k dzekad
A7: f'kmfu&ek/;@mn;@laLFkk&c@Qk&1081&85¼1½@07&08@2009&10@116&123 fnaukd
A8: 02&07&2009 }kjk fuEukfadr v/;kid dh inkSUufr ofj"B v/;kid in ij gksus ls fuEukuqlkj
A9: fuEukuqlkj osru fu;eu fd;k tkrk gS bUgS vkfFkZd ykHk o-v- in ij dk;Zxg.k fnaukd ls ns; gksxkA
A10: =(INDEX(MASTER!B13:B47,MATCH('PRAMOTION PAY ORDER ST'!E1,MASTER!A13:A47,0))) -> Jh 'kadj yky pkS/kjh | D10: =(INDEX(MASTER!C13:C47,MATCH('PRAMOTION PAY ORDER ST'!E1,MASTER!A13:A47,0))) -> व्याख्याता स्कूल(शिक्षा)
A12: orZeku osru ,oa jfux is cs.M | D12: Mhihlh o"kZ ,oa okoso` 2007&08 | E12: osru fu/kkZj.k ,oa jfux is cs.M | H12: fo-fooj.k
A13: osru | B13: xzsM is | C13: dqy osru | E13: osru | F13: xzsM is | G13: dqy osru
A14: 11550 | B14: 3200 | C14: =SUM(A14:B14) -> 14750 | D14: 31/03/2008 | E14: 11550 | F14: 3600 | G14: =SUM(E14:F14) -> 15150 | H14: inksUufr o-v-
A15: 9300-34800 | D15: 39630 | E15: =ROUNDUP(ROUND(G14*3%,0),-1)+E14 -> 12010 | F15: =F14 -> 3600 | G15: =SUM(E15:F15) -> 15610 | H15: okoso`
D16: 39995 | E16: =ROUNDUP(ROUND(G15*3%,0),-1)+E15 -> 12480 | F16: =F15 -> 3600 | G16: =SUM(E16:F16) -> 16080 | H16: okoso`
D17: 18/07/2009 | E17: 12480 | F17: =F16 -> 3600 | G17: =SUM(E17:F17) -> 16080 | H17: o-v- dk;Zxz.k fn-
D18: 15/12/2009 | E18: =ROUNDUP(ROUND(G16*3%,0),-1)+E16 -> 12970 | F18: 4200 | G18: =SUM(E18:F18) -> 17170 | H18: ,-lh-ih-kk
D19: 40360 | E19: =ROUNDUP(ROUND(G18*3%,0),-1)+E18 -> 13490 | F19: 4200 | G19: =SUM(E19:F19) -> 17690 | H19: okoso`
D20: 40725 | E20: =ROUNDUP(ROUND(G19*3%,0),-1)+E19 -> 14030 | F20: 4200 | G20: =SUM(E20:F20) -> 18230 | H20: okoso`
D21: 41091 | E21: =ROUNDUP(ROUND(G20*3%,0),-1)+E20 -> 14580 | F21: 4200 | G21: =SUM(E21:F21) -> 18780 | H21: okoso`
D22: 41456 | E22: =ROUNDUP(ROUND(G21*3%,0),-1)+E21 -> 15150 | F22: 4800 | G22: =SUM(E22:F22) -> 19950 | H22: okoso`
E23: 9300-34800
A24: vkxkeh okf"kZd osru o`f} fnaukd | D24: 41821 | E24: dks ns; gksxh A
F26: =MASTER!$C$7 -> iz/kkukpk;Z
F27: =MASTER!$C$8 -> jktdh; mPp ek/;fed fo|ky;
F28: =MASTER!$C$9 -> dkadjksyh ftyk & jktleUn
A30: Øekad%& jkmekfo@dkadjksyh@Qk&103@osru fu;eu@2020&21@ fnaukd %&04-01-2020
A31: izfrfyfi lwpukFkZ ,oa ikyukFkZ%&
A32: 1& ys[kk 'kk[kk LFkkuh; fo/kky;
A33: 2& lEcfU/kr dkfeZd | C33: =A10 -> Jh 'kadj yky pkS/kjh | E33: =D10 -> व्याख्याता स्कूल(शिक्षा)
A34: 3& O;fDrxr iaftdk | C34: =C33 -> Jh 'kadj yky pkS/kjh | E34: =D10 -> व्याख्याता स्कूल(शिक्षा)
A35: 4& jf{kr i=koyh
F36: =F26 -> iz/kkukpk;Z
F37: =F27 -> jktdh; mPp ek/;fed fo|ky;
F38: =F28 -> dkadjksyh ftyk & jktleUn

Sheet CONFORMATION PAY ORDER LEC
A1: ekLVj 'khV esa dkfeZd dk flfj;y uEcj %& | E1: 1
A2: =MASTER!C6 -> Jh ckyd`".k fo/kk Hkou jktdh; mPp ek/;fed fo|ky; dkadjksyh ftyk & jktleUn
A4: dk;kZy; vkns'k
A6: Jheku funs'kd egksn; ] ek/;fed f'k{kk ] chdkusj ds vkns'k dzekad % f'kfojk@
A7: ek/;@laLFkk@lh&2@okf.k&bfr@izksc&LFkkbZ@ih,llh&15@okf.kT;@2019 fnaukd %& 28&08&2019
A8: ds }kjk Jh@Jhefr | C8: =(INDEX(MASTER!B13:B47,MATCH('CONFORMATION PAY ORDER LEC'!E1,MASTER!A13:A47,0))) -> Jh izeksn dqekj ikyhoky | E8: =(INDEX(MASTER!C13:C47,MATCH('CONFORMATION PAY ORDER LEC'!E1,MASTER!A13:A47,0))) -> प्रधानाचार्य | G8: dks nks o"kZ dk ifjoh{kkdky iw.kZ
A9: djus ij fu;fer osru esa U;wure osru pqdk;s tkus dh Lohd`fr fn;s tkuss ls fuEukuqlkj osru fu/kkZfjr
A10: dj osru pqdk;s tkus dh Lohd`fr iznku dh tkrh gSA
A12: orZeku osru ,oa jfux is cs.M | D12: ifjoh{kkdky iw.kZ djus dh frfFk ,oa ok-os-o`f} frfFk | E12: osru fu/kkZj.k ,oa is esfVªDl ysoy | H12: fo-fooj.k
A13: osru | B13: xzsM is | C13: dqy osru | E13: osru | F13: is esfVªDl ysoy | G13: dqy osru
A14: 31100 | B14: FIX | C14: =A14 -> 31100 | D14: 43643 | E14: 44300 | F14: L-12 | G14: =SUM(E14) -> 44300 | H14: nks o"kZ dk ifjoh{kkdky iw.kZ djus ij osru fu/kkZj.k fd;k x;k
A15: 9300-34800
D16: 43647 | E16: 45600 | F16: L-12 | G16: 45600 | H16: okf"kZd osru o`f} Lohd`r
A17: vkxkeh okf"kZd osru o`f} fnaukd | D17: 44013 | E17: dks ns; gksxh A
F19: =MASTER!C7 -> iz/kkukpk;Z
F20: =MASTER!C8 -> jktdh; mPp ek/;fed fo|ky;
F21: =MASTER!C9 -> dkadjksyh ftyk & jktleUn
A22: Øekad%& jkmekfo@dkadjksyh@osru fu;eu@Qk&103@2019&20@82 fnaukd %&29&08&2019
A23: izfrfyfi lwpukFkZ ,oa ikyukFkZ%&
A24: 1& Jheku ftyk dks"kkf/kdkjh egksn; | E24: =MASTER!G10 -> jktleUn ftyk & jktleUn
A25: 2& ys[kk 'kk[kk LFkkuh; dk;kZy; A
A26: 3& lEcfU/kr dkfeZd | C26: =C8 -> Jh izeksn dqekj ikyhoky | E26: =E8 -> प्रधानाचार्य
A27: 4& O;fDrxr iaftdk | C27: =C8 -> Jh izeksn dqekj ikyhoky | E27: =E8 -> प्रधानाचार्य
A28: 5& jf{kr i=koyh
F29: =F19 -> iz/kkukpk;Z
F30: =F20 -> jktdh; mPp ek/;fed fo|ky;
F31: =F21 -> dkadjksyh ftyk & jktleUn

Sheet CONFORMATION PAY ORDER PEON
A1: ekLVj 'khV esa dkfeZd dk flfj;y uEcj %& | E1: 1
A2: =MASTER!C6 -> Jh ckyd`".k fo/kk Hkou jktdh; mPp ek/;fed fo|ky; dkadjksyh ftyk & jktleUn
A4: dk;kZy; vkns'k
A6: Jheku ftyk f'k{kk vf/kdkjh] ek/;fed] | E6: jktleUn | G6: ds vkns'k dzekad % | H6: ftf'kv@eq[;k@
A7: ek/;@laLFkk@lh&2@okf.k&bfr@izksc&LFkkbZ@ih,llh&15@okf.kT;@2019 fnaukd %& 28&08&2021
A8: ds }kjk Jh@Jhefr | C8: =(INDEX(MASTER!B13:B47,MATCH('CONFORMATION PAY ORDER PEON'!E1,MASTER!A13:A47,0))) -> Jh izeksn dqekj ikyhoky | E8: =(INDEX(MASTER!C13:C47,MATCH('CONFORMATION PAY ORDER PEON'!E1,MASTER!A13:A47,0))) -> प्रधानाचार्य | G8: dks nks o"kZ dk ifjoh{kkdky iw.kZ
A9: djus ij fu;fer osru esa U;wure osru pqdk;s tkus dh Lohd`fr fn;s tkuss ls fuEukuqlkj osru fu/kkZfjr
A10: dj osru pqdk;s tkus dh Lohd`fr iznku dh tkrh gSA
A12: orZeku osru ,oa jfux is cs.M | D12: ifjoh{kkdky iw.kZ djus dh frfFk ,oa ok-os-o`f} frfFk | E12: osru fu/kkZj.k ,oa is esfVªDl ysoy | H12: fo-fooj.k
A13: osru | B13: xzsM is | C13: dqy osru | E13: osru | F13: is esfVªDl ysoy | G13: dqy osru
A14: 12400 | B14: FIX | C14: =A14 -> 12400 | D14: 43920 | E14: 17700 | F14: L-1 | G14: =SUM(E14) -> 17700 | H14: nks o"kZ dk ifjoh{kkdky iw.kZ djus ij osru fu/kkZj.k fd;k x;k
A15: 5200-20200
D16: 44013 | E16: 17700 | F16: L - 1 | G16: 18200 | H16: okf"kZd osru o`f} Lohd`r
A17: vkxkeh okf"kZd osru o`f} fnaukd | D17: 44378 | E17: dks ns; gksxh A
F19: =MASTER!C7 -> iz/kkukpk;Z
F20: =MASTER!C8 -> jktdh; mPp ek/;fed fo|ky;
F21: =MASTER!C9 -> dkadjksyh ftyk & jktleUn
A22: Øekad%& jkmekfo@dkadjksyh@osru fu;eu@Qk&103@2020&21@ fnaukd %&29&08&2020
A23: izfrfyfi lwpukFkZ ,oa ikyukFkZ%&
A24: 1& Jheku ftyk dks"kkf/kdkjh egksn; | E24: =MASTER!G10 -> jktleUn ftyk & jktleUn
A25: 2& ys[kk 'kk[kk LFkkuh; dk;kZy; A
A26: 3& lEcfU/kr dkfeZd | C26: =C8 -> Jh izeksn dqekj ikyhoky | E26: =E8 -> प्रधानाचार्य
A27: 4& O;fDrxr iaftdk | C27: =C8 -> Jh izeksn dqekj ikyhoky | E27: =E8 -> प्रधानाचार्य
A28: 5& jf{kr i=koyh
F29: =F19 -> iz/kkukpk;Z
F30: =F20 -> jktdh; mPp ek/;fed fo|ky;
F31: =F21 -> dkadjksyh ftyk & jktleUn

Sheet ACP VETAN NIRDHARAN TEC
A1: ekLVj 'khV esa dkfeZd dk flfj;y uEcj %& | E1: 2
A2: =MASTER!C6 -> Jh ckyd`".k fo/kk Hkou jktdh; mPp ek/;fed fo|ky; dkadjksyh ftyk & jktleUn
A3: Øekad%&jkmekfo@dkadjksyh@,lhih&kkk@Qk&103@2019&20@246 fnaukd %&19-02-2020
A4: dk;kZy; vkns'k
A6: Jheku ftyk f'k{kk vf/kdkjh egksn; ¼ eqq[;ky; ½ ek/;fed jktleUn ds vkns'k dzekad
A7: &ftf'kv@ek/;@jktl@ys[kk@,lhih@2020@1032 fnaukd 06&02&2020 dh vuqikyuk esa
A8: =(INDEX(MASTER!B13:B47,MATCH('ACP VETAN NIRDHARAN TEC'!E1,MASTER!A13:A47,0))) -> Jh 'kadj yky pkS/kjh | C8: =(INDEX(MASTER!C13:C47,MATCH('ACP VETAN NIRDHARAN TEC'!E1,MASTER!A13:A47,0))) -> व्याख्याता स्कूल(शिक्षा) | E8: dh lsok larks"ktud iw.kZ fd;s tkus ls
A9: vk'okflr dsfj;j izxfr ¼,lhih½ fnukad 26&11&2018 ls Lohd`r dh xbZ gS A jktLFkku flfoy lsok;sa
A10: ¼iqujhf{kr½ fu;e&2017 ds fu;e 14 ds vUrxZr budk osru fu/kkZj.k fuEukuqlkj fd;k tkrk gS A
A12: orZeku osru ,oa is esfVªDl ysoy | C12: osru fu;eu @okf"kZd osru o`f} fnukad | D12: osru fu/kkZj.k ,oa is esfVªDl ysoy | F12: fo-fooj.k
A13: is esfVªDl ysoy | B13: osru | D13: is esfVªDl ysoy | E13: osru
A14: L - 12 | B14: 59500 | C14: 43430 | D14: L - 13 | E14: 61500 | F14: ,lhih kkk Lohd`r fd;s tkus ls
C15: 43647 | D15: L - 13 | E15: 63300 | F15: okf"kZd osru o`f) Lohd`r fd;s tkus ls
F16: okf"kZd osru o`f) Lohd`r fd;s tkus ls
A17: vkxkeh okf"kZd osru o`f} fnaukd | D17: 01&07&2020 | E17: dks ns; gksxh A
E19: =MASTER!C7 -> iz/kkukpk;Z
E20: =MASTER!C8 -> jktdh; mPp ek/;fed fo|ky;
E21: =MASTER!C9 -> dkadjksyh ftyk & jktleUn
A23: =A3 -> Øekad%&jkmekfo@dkadjksyh@,lhih&kkk@Qk&103@2019&20@246 fnaukd %&19-02-2020
A24: izfrfyfi lwpukFkZ ,oa ikyukFkZ%&
A25: 1& Jheku ftyk dks"kkf/kdkjh egksn; | D25: =MASTER!G10 -> jktleUn ftyk & jktleUn
A26: 2& ys[kk 'kk[kk LFkkuh; fo/kky; A
A27: 3& lEcfU/kr dkfeZd | C27: =A8 -> Jh 'kadj yky pkS/kjh | E27: =C8 -> व्याख्याता स्कूल(शिक्षा)
A28: 4& O;fDrxr iaftdk | C28: =A8 -> Jh 'kadj yky pkS/kjh | E28: =C8 -> व्याख्याता स्कूल(शिक्षा)
A29: 5& jf{kr i=koyh A
E30: =E19 -> iz/kkukpk;Z
E31: =E20 -> jktdh; mPp ek/;fed fo|ky;
E32: =E21 -> dkadjksyh ftyk & jktleUn

Sheet GA 141
A1: ekLVj 'khV esa dkfeZd dk flfj;y uEcj %& | E1: 1
H2: th-,- 141
A3: =MASTER!$C$6 -> Jh ckyd`".k fo/kk Hkou jktdh; mPp ek/;fed fo|ky; dkadjksyh ftyk & jktleUn
A5: eksckbZy uEcj | C5: 8209921634 | F5: rglhy | G5: jktleUn
A6: jktLFkku ljdkj
A7: fujUrj ,oa ;ksX; lsok dk izek.k i=
A8: ;g izekf.kr fd;k tkrk gS fd Jh@Jhefr | F8: =(INDEX(MASTER!B13:B47,MATCH('GA 141'!E1,MASTER!A13:A47,0))) -> Jh izeksn dqekj ikyhoky
A9: in | B9: =(INDEX(MASTER!C13:C47,MATCH('GA 141'!E1,MASTER!A13:A47,0))) -> प्रधानाचार्य | D9: inLFkkiu LFkku | G9: =A3 -> Jh ckyd`".k fo/kk Hkou jktdh; mPp ek/;fed fo|ky; dkadjksyh ftyk & jktleUn
A10: ds lsokdky dks tks fnukad | D10: 01.04.2020 | F10: ls | G10: 31.03.2021 | H10: rd
A11: osru fcyksa Hkqxrku dh ukekoyh] O;SfDrd QkbZy bR;kfn tks dk;kZy; esa mirC/k gS ] ls
A12: tkap dj fy;k x;k gS vkSj fuEufyf[kr lsokdky ds vykok ckdh lsokdky fujUrj
A13: ,oa ;ksX; ik;k x;k gSA
A14: ¼1½ mijksDr dky esa mUgksus us fuEufyf[kr ifjykHk fy;s gS %&
A15: dz-l- | B15: vof/k | D15: fu;qfDr ewy | E15: fy;s x;s ifjykHk ¼ ewy osru ½ | H15: HkRrs
B16: dc ls | C16: dc rd | E16: ewy osru | F16: is esfVªDl ysoy | G16: dqy osru
A17: 1 | B17: 01.04.2020 | C17: 30.06.2020 | D17: ewy | E17: 78000 | F17: L - 16 | G17: =E17 -> 78000 | H17: fu;ekuqlkj
A18: 2 | B18: 01.07.2020 | C18: 31.03.2021 | D18: ewy | E18: 80300 | F18: L - 16 | G18: =E18 -> 80300 | H18: fu;ekuqlkj
A20: ¼2½ vU; fooj.k vUrj ck/kd o vekU; lsokdky ;fn dksbZ gks %&
A21: 'kwU;
A23: Øekad@jkmekfo@dakdjksyh@laLFkkiu@Qk&104@2021&22@ fnukad 17@04@2021
A24: izsf"kr
B25: Jheku | C25: =MASTER!J7 -> 0
B26: =MASTER!J8 -> 0
B27: =MASTER!K9 -> jktleUn ftyk & jktleUn
A28: )kjk %& lEcfU/kr uksMy vf/kdkjh
F29: =MASTER!C7 -> iz/kkukpk;Z
F30: =MASTER!C8 -> jktdh; mPp ek/;fed fo|ky;
F31: =MASTER!C9 -> dkadjksyh ftyk & jktleUn
A32: www.rajsevak.com

Sheet NO DUES
B1: ekLVj 'khV esa dkfeZd dk flfj;y uEcj %& | E1: 1
B2: =MASTER!C6 -> Jh ckyd`".k fo/kk Hkou jktdh; mPp ek/;fed fo|ky; dkadjksyh ftyk & jktleUn
B4: vns; izek.k i=
B6: izekf.kr fd;k tkrk gS fd | E6: =(INDEX(MASTER!B13:B47,MATCH('NO DUES'!E1,MASTER!A13:A47,0))) -> Jh izeksn dqekj ikyhoky
B7: in& | C7: =(INDEX(MASTER!C13:C47,MATCH('NO DUES'!E1,MASTER!A13:A47,0))) -> प्रधानाचार्य | E7: tks fd LFkkuh; dk;kZy;@fo|ky;
B8: esa fnukd ------------------------- ls --------------------------------- rd inLFkkfir jgs] budk
B9: Jheku~ ftyk f'k{kk vf/kdkjh ek/;fed]eq[;ky;]jktleUn ds
B10: vkns'k dzekad --------------------------------------------------------------------------- fnukad ----------------------------
B11: }kjk budh e`R;q gks tkus ls lsoklekfIr fd;s tkus ds dkj.k bUgsa fnukad ----------------------
B12: dks e/;kUg iwoZZ@i'pkr~ dk;ZeqDr fd;k x;k A bu ij vkt fnukad -------------------- dks
B13: fo|ky;@dk;kZy; dk dksbZ pktZ cdk;k ugha gSA
B15: dz-la- | C15: izHkkj dk uke | D15: izHkkjh dk uke | E15: ns;rk@vns;rk dk fooj.k | F15: gLrk{kj izHkkjh
B16: 1 | C16: laLFkkiu 'kk[kk | D16: Jh Hkxorh yky luk<; | E16: vns;
B17: 2 | C17: ys[kk 'kk[kk | D17: Jh Hkxorh yky luk<; | E17: vns;
B18: 3 | C18: lkekU; 'kk[kk | D18: Jh Hkxorh yky luk<; | E18: vns;
B19: 4 | C19: Hk.Mkj 'kk[kk | D19: Jh Hkxorh yky luk<; | E19: vns;
B20: 5 | C20: ijh{kk 'kk[kk | D20: Jh Hkxorh yky luk<; | E20: vns;
B21: 6 | C21: iqLrdky; 'kk[kk | D21: Jh Hkxorh yky luk<; | E21: vns;
B22: 7
B23: 8
B24: 9
E27: izekf.kr
E28: dk;kZy;k/;{k e; lhy

Sheet SB PF ETC FOR SENDING
A6: =MASTER!C6 -> Jh ckyd`".k fo/kk Hkou jktdh; mPp ek/;fed fo|ky; dkadjksyh ftyk & jktleUn
A7: dzekad&jkckyd`".kmekfo@dkad@Qk& 102@2020&21@ fnukad % 06-01-2021
A8: lsokesa ]
B9: Jh eku~ iz/kkukpk;Z @iz/kkuk/;kid
B10: jkmekfo@ekfo dkadjksyh
B11: rglhy & jktleUn ftyk & jktleUn
A13: fo"k;&lsokiqfLrdk ,oa O;fDrxr iaftdk@thih,Q iklcqd@,uih,l iklcqd@
A14: ,lvkbZ fjdkMZ cqd fHktkus ckcrA
A15: egksn;
A16: mi;qZDr fo"k; es fuosnu gS fd Jh@Jherh | G16: =(INDEX(MASTER!B13:B47,MATCH('LEAVE APPLICATION DDO'!E1,MASTER!A13:A47,0))) -> Jh izeksn dqekj ikyhoky
A17: in& | B17: =(INDEX(MASTER!C13:C47,MATCH('LEAVE APPLICATION DDO'!E1,MASTER!A13:A47,0))) -> प्रधानाचार्य | E17: dh inksUufr@LFkkukUrj.k LFkkuh; dk;kZy; @
A18: fo/kky; ls vkids fo/kky; jk ckmekfo@ckekfo@mizkfo | G18: dkadjksyh | I18: ftyk&
A19: jktleUn | C19: es gks tkus ls budh lsokiqfLrdk ,oa O;fDrxr iaftdk@thih,Q iklcqd
A20: ,uih,l iklcqd@jkT; chek fjdkMZ cqd blds lkFk es layXu dj izsf"kr gS A
A21: d`Ik;k izkfIr jlhn fHktkos A
A23: layXu %&1& lsokiqfLrdk& | E23: ,d
A24: 2&O;fDrxr iaftdk& | E24: ,d
A25: 3&thih,Q iklcqd& | E25: ,d
A26: 4&,uih,l iklcqd& | E26: ,d
A27: 5&jkT; chek fjdkMZ cqd& | E27: ,d
A29: -
F30: =MASTER!C7 -> iz/kkukpk;Z
F31: =MASTER!C8 -> jktdh; mPp ek/;fed fo|ky;
F32: =MASTER!C9 -> dkadjksyh ftyk & jktleUn

Sheet CHILD DECLARATION
A1: ekLVj 'khV esa dkfeZd dk flfj;y uEcj %& | F1: 29
A23: for foHkkx dh vf/klwpuk ,Q-11¼7½,QMh@¼fu;e½@2008 fnukad 12-09-2008 ,oa ifji= la[;k ,Q-14¼88½ ,QMh@¼fu;e½@2008&kk fnukad 31-12-2009 ds rgr jkT; f'k{kk lsok ds vf/kdkfj;ksa dk larku laca/kh “kiFk dk izk:iA ¼jkf”k :- 50@& ds ukWu T;wfMf”k;y LVkEi ij IkzLrqr fd;k tkos½ ¼uksVsjh ls izekf.kr ewy izfr½
B24: eSa %& | C24: =(INDEX(MASTER!B13:B47,MATCH('CHILD DECLARATION'!F1,MASTER!A13:A47,0))) -> 0 | F24: in %& | G24: =(INDEX(MASTER!C13:C47,MATCH('CHILD DECLARATION'!F1,MASTER!A13:A47,0))) -> 0
A25: in LFkkiu LFkku %& | D25: =MASTER!C6 -> Jh ckyd`".k fo/kk Hkou jktdh; mPp ek/;fed fo|ky; dkadjksyh ftyk & jktleUn
A26: ,rn~ }kjk /kks’k.kk djrk gWw fd %&
A27: 1- fnukad 31-05-2002 rd esjs cPpksa ¼ iq=@iq=h ½ dh la[;k | I27: Fkh %&
A28: dz-la- | B28: uke | G28: tUefrfFk
A29: 1 | B29: Jherh usgk jk; | G29: 31678
A30: 2 | B30: Jherh usgk jk; | G30: 31679
A31: 3 | B31: Jherh usgk jk; | G31: 31679
A32: 2- fnukad 01-06-2002 vFkok blds i'pkr~ esjs cPpksa dh la[;k esa o`f) gqbZ@o`f)
A33: ugha gqbZ gS] rFkk crZeku esa esjs cPpksa dh dqy la[;k %& | I33: gS A
A34: dz-la- | B34: uke | G34: tUefrfFk
A35: 1 | B35: Jherh usgk jk; | G35: 31678
A36: 2 | B36: Jherh usgk jk; | G36: 31679
A37: 3 | B37: Jherh usgk jk; | G37: 31679
A38: fnukad%& | B38: 01.10.2020
F39: gLrk{kj
E41: uke %& | F41: =C24 -> 0
E42: in %& | F42: =G24 -> 0
A43: in LFkkiu LFkku %& | D43: =D25 -> Jh ckyd`".k fo/kk Hkou jktdh; mPp ek/;fed fo|ky; dkadjksyh ftyk & jktleUn
A45: izekf.kr l{ke vf/kdkjh

Sheet SANSTHAPAN SUCHANA
A1: =MASTER!C6 -> Jh ckyd`".k fo/kk Hkou jktdh; mPp ek/;fed fo|ky; dkadjksyh ftyk & jktleUn
A2: laLFkkiz/kku %& Jh iz/kkukpk;Z eksckbZy uaEcj 8209921634 fnukad 06-01-2021
A3: Ø-l-a | B3: ofj0 Øekad o"kZ | C3: uke dkfeZd e; firk dk uke orZeku inLFkkiu LFkku | D3: tUe fnukad | E3: izFke fu;qfDr fnukad | F3: orZeku in ij fu;qfDr vFkok inksUufr vkns'k Øekad lwfp es Øe la[;k | G3: orZeku in | H3: fo"k; | I3: orZeku in ij dk;Zxzg.k fnukd | J3: inLFkkiu @lek;kstu vkns'k Øekad ,oa lwfp es dkfeZd dh Øe la[;k | K3: laLFkk esa dk;Zxzg.k fnukad | L3: laLFkk tgkWa ls orZeku fo|ky; es vk;s gS mldk uke | M3: dkfeZd bl fo|ky; esa izfrfu;qfDr ,oa O;oLFkk gsrq yxk gS rks vkns'k dh izfr lyXu djs | N3: eqy osru | O3: Lohd`r | P3: dk;Zjr | Q3: fjDr | R3: vf/k'ks"k | S3: vf/k'ks"k dk dkj.k vkn'sk dh izfr lyXu djs
A4: 1 | B4: 2 | C4: 3 | D4: 4 | E4: 5 | F4: 6 | G4: 7 | H4: 8 | I4: 9 | J4: 10 | K4: 11 | L4: 12 | M4: 13 | N4: 14 | O4: 15 | P4: 16 | Q4: 17 | R4: 18 | S4: 19
A5: 1 | C5: Jh Hkxorh yky luk<; firk Jh lqUnj yky luk<; | D5: 25392 | E5: 31668 | F5: f'kmfu&ek/;@mn;@laLFkk&c@Qk&1086&87@2015&16@1643¼1&10½ fn-06-02-2016 | G5: l-dk-v- | H5: & | I5: 42406 | J5: & | K5: 42406 | L5: jk-m-ek-fo-jkT;kokl | M5: & | N5: 19390 | O5: 1 | P5: 1 | Q5: & | R5: & | S5: &
A6: 2
A7: 3
A8: 4
A9: 5
A10: 6
A11: 7
A12: 8
A13: 9
A14: 10
A15: 11
A16: 12
A17: 13
... A45: 41
N46: ;ksx | O46: =SUM(O5:O45) -> 1 | P46: =SUM(P5:P45) -> 1 | Q46: =SUM(Q5:Q45) -> 0

Sheet ELECION INFORMATION
A1: कार्यालय का नाम : श्री बालकृष्ण विद्या भवन राजकीय उच्च माद्यमिक विद्यालय कांकरोली . डी.डी.ओ. कोड : 018273 ऑफिस कोड फोन नं. 02952 कार्यालय तहसील : ..राजसमन्द.. कार्यालय विधानसभा क्षैत्र राजसमन्द................................
A4: क्र.सं. | B4: कार्मिक का कोड पे-मेनेजर अनुसार | C4: कार्मिक का नाम | D4: विभागीय पद | E4: रनिंग पे बेण्ड | F4: ग्रेड-पे | G4: वर्तमान मूल वेतन | H4: पुरूष/स्त्री | I4: वर्तमान पद स्थापन स्थल | K4: राज्य सेवा/ केन्द्र /अर्द्धसरकारी क्षैत्र | L4: राजपत्रित/ अराजपत्रित | M4: वर्तमान निवास की सूचना | O4: मूल (स्थाई) निवास की सूचना | Q4: BLO | R4: If employee is Booth Level Officer then | T4: होमगार्ड | V4: नियुक्ति तिथि | W4: वर्तमान पद पर नियुक्ति तिथि | X4: सेवानिवृत तिथि | Y4: मतदाता सूची मे क्रम सं./ भाग संख्या | Z4: EPIC क्रमांक | AA4: विधान सभा क्षेत्र जंहा इपिक कार्ड बना | AB4: मोबाईल नम्बर | AC4: E MAIL | AD4: बैक खाता संखया | AE4: बैंक व ब्रांच का नाम | AF4: IFSC CODE | AG4: गम्भीर बीमारी/ विकलांगता आदि का विवरण प्रमाण पत्र सहित | AH4: प्राथमिक/उच्च प्राथमिक विधालय/कार्यालय का नाम जिसमें कार्मिक कार्यरत है | AI4: अन्य विवरण
I6: तहसील | J6: विधानसभा | K6: S/C/P | L6: G/N | M6: विधानसभा क्षैत्र | N6: जिला | O6: गृह विधानसभा क्षैत्र | P6: गृह जिला | Q6: Yes/No | R6: Polling Station No. | S6: Vidhan Sabha | T6: Yes/No | U6: बेल्ट
A7: 1 | B7: 2 | C7: 3 | D7: 4 | E7: 5 | F7: 6 | G7: 7 | H7: 8 | I7: 9 | J7: 10 | K7: 11 | L7: 12 | M7: 13 | N7: 14 | O7: 15 | P7: 16 | Q7: 17 | R7: 18 | S7: 19 | T7: 20 | U7: 21 | V7: 22 | W7: 23 | X7: 24 | Y7: 25 | Z7: 26 | AA7: 27 | AB7: 28 | AC7: 29 | AD7: 30 | AE7: 31 | AF7: 32 | AG7: 33 | AH7: 34 | AI7: 35
A8: 1 | B8: RJRA199131004017 | C8: प्रमोद कुमार पालीवाल | D8: प्रधानाचार्य | E8: L-16 | G8: 78000 | H8: पुरूष | I8: राजसमन्द | J8: राजसमन्द | K8: राज्य सेवा | L8: राजपत्रित | M8: राजसमन्द | N8: राजसमन्द | O8: सहाडा | P8: भीलवाड़ा | Q8: no | T8: No | V8: 33324 | W8: 42215 | X8: 46356 | Y8: 1046/109 | Z8: NFW/022028 | AA8: राजसमन्द | AB8: 9414681859 | AD8: 61032758633 | AE8: SBI KANKROLI | AF8: SBIN0031211
A9: 2
A10: 3
A11: 4
A12: 5
A13: 6
A14: 7
A15: 8
A16: 9
A17: 10
A18: 11
A19: 12
A20: 13
... A40: 33

Sheet ON DUTY CERTIFICATE
A1: ekLVj 'khV esa dkfeZd dk flfj;y uEcj %& | F1: 1
A3: =MASTER!C6 -> Jh ckyd`".k fo/kk Hkou jktdh; mPp ek/;fed fo|ky; dkadjksyh ftyk & jktleUn
A4: dzekad@jkmekfo@dkadjksyh@Qk&105@2020&21@ fnukad 06-11-2020
A6: mifLFkrh izek.k & i=
A8: ;g izekf.kr fd;k tkrk gS fd | E8: =(INDEX(MASTER!B13:B47,MATCH('ON DUTY CERTIFICATE'!F1,MASTER!A13:A47,0))) -> Jh izeksn dqekj ikyhoky
A9: in ‘ | B9: =(INDEX(MASTER!C13:C47,MATCH('ON DUTY CERTIFICATE'!F1,MASTER!A13:A47,0))) -> प्रधानाचार्य | D9: inLFkkiu LFkku | F9: jkmekfo dkadjksyh | J9: us
A10: us | B10: fo/kky; O;oLFkkZr @ | F10: dk;Z gsrq fnukad | H10: 21 flrEcj 2020 | J10: ls
A11: fnukad | C11: 20 vDVqEcj 2020 | D11: rd dqy | E11: 30 | F11: fnu viuh mifLFkfr LFkkuh; fo/kky; esa nh gSA
A12: bl vof/k esa bUgksus fdlh izdkj dk vodk’k | E12: ugh fy;k gSA
F15: =MASTER!C7 -> iz/kkukpk;Z
F16: =MASTER!C8 -> jktdh; mPp ek/;fed fo|ky;
F17: =MASTER!C9 -> dkadjksyh ftyk & jktleUn
A24: =A3 -> Jh ckyd`".k fo/kk Hkou jktdh; mPp ek/;fed fo|ky; dkadjksyh ftyk & jktleUn
A25: =A4 -> dzekad@jkmekfo@dkadjksyh@Qk&105@2020&21@ fnukad 06-11-2020
A27: =A6 -> mifLFkrh izek.k & i=
A29: =A8 -> ;g izekf.kr fd;k tkrk gS fd | E29: =E8 -> Jh izeksn dqekj ikyhoky
A30: =A9 -> in ‘ | B30: =B9 -> प्रधानाचार्य | D30: =D9 -> inLFkkiu LFkku | F30: =F9 -> jkmekfo dkadjksyh | J30: =J9 -> us
A31: =A10 -> us | B31: =B10 -> fo/kky; O;oLFkkZr @ | F31: =F10 -> dk;Z gsrq fnukad | H31: =H10 -> 21 flrEcj 2020 | J31: =J10 -> ls
A32: =A11 -> fnukad | C32: =C11 -> 20 vDVqEcj 2020 | D32: =D11 -> rd dqy | E32: =E11 -> 30 | F32: =F11 -> fnu viuh mifLFkfr LFkkuh; fo/kky; esa nh gSA
A33: =A12 -> bl vof/k esa bUgksus fdlh izdkj dk vodk’k | E33: =E12 -> ugh fy;k gSA
A34: =A13
A35: =A14
F36: =F15 -> iz/kkukpk;Z
F37: =F16 -> jktdh; mPp ek/;fed fo|ky;
F38: =F17 -> dkadjksyh ftyk & jktleUn

Sheet VACCANT POST INFORMATION
A1: =MASTER!C6 -> Jh ckyd`".k fo/kk Hkou jktdh; mPp ek/;fed fo|ky; dkadjksyh ftyk & jktleUn
A2: Lohd`r@dk;Zjr@fjDr inks dk fooj.k
B3: ekg | C3: vxLr 2021 | E3: l= %& | F3: 2021-2022 | K3: fnukad %& | L3: 06.01.2021
A4: Ø-la- | B4: Lohd`r in | E4: dk;Zjr in | H4: fjDr in | K4: fjDr dh fnukad | L4: fjDr dk dkj.k | M4: O;fDr dk uke ftlds dkj.k in fjDr gqvk
B5: in dk uke | C5: fo"k; | D5: Lohd`r | E5: in dk uke | F5: fo"k; | G5: dk;Zjr | H5: in dk uke | I5: fo"k; | J5: fjDr
A6: 1 | B6: iz/kkukpk;Z | C6: & | D6: 1 | E6: iz/kkukpk;Z | F6: & | G6: 1 | H6: & | I6: & | J6: 0 | K6: 0 | L6: 0 | M6: 0
A7: 2 | B7: izk/;kid | C7: bfrgkl | D7: 1 | E7: izk/;kid | F7: bfrgkl | G7: 1 | H7: & | I7: & | J7: 0 | K7: 0 | L7: 0 | M7: 0
A8: 3 | B8: izk/;kid | C8: laLd`r | D8: 1 | E8: izk/;kid | F8: laLd`r | G8: 1 | H8: & | I8: & | J8: 0 | K8: 0 | L8: 0 | M8: 0
A9: 4 | B9: izk/;kid | C9: xf.kr | D9: 1 | E9: izk/;kid | F9: xf.kr | G9: 1 | H9: & | I9: & | J9: 0 | K9: 0 | L9: 0 | M9: 0
A10: 5 | B10: izk/;kid | C10: vFkZZ'kkL= | D10: 1 | E10: izk/;kid | F10: vFkZZ'kkL= | G10: 1 | H10: & | I10: & | J10: 0 | K10: 0 | L10: 0 | M10: 0
A11: 6 | B11: izk/;kid | C11: vaxzsth | D11: 1 | E11: izk/;kid | F11: vaxzsth | G11: 1 | H11: & | I11: & | J11: 0 | K11: 0 | L11: 0 | M11: 0
A12: 7 | B12: izk/;kid | C12: fgUnh | D12: 1 | E12: izk/;kid | F12: fgUnh | G12: 1 | H12: & | I12: & | J12: 0 | K12: 0 | L12: 0 | M12: 0
A13: 8 | B13: izk/;kid | C13: vaxzsth | D13: 1 | E13: izk/;kid | F13: vaxzsth | G13: 1 | H13: & | I13: & | J13: 0 | K13: 0 | L13: 0 | M13: 0
A14: 9 | B14: izk/;kid | C14: jlk;u foKku | D14: 1 | E14: izk/;kid | F14: jlk;u foKku | G14: 1 | H14: & | I14: & | J14: 0 | K14: 0 | L14: 0 | M14: 0
A15: 10 | B15: izk/;kid | C15: tho foKku | D15: 1 | E15: izk/;kid | F15: tho foKku | G15: 1 | H15: & | I15: & | J15: 0 | K15: 0 | L15: 0 | M15: 0
A16: 11 | B16: izk/;kid | C16: HkkSfrd foKku | D16: 1 | E16: izk/;kid | F16: HkkSfrd foKku | G16: 1 | H16: & | I16: & | J16: 0 | K16: 0 | L16: 0 | M16: 0
A17: 12 | B17: izk/;kid | C17: jktuhfr foKku | D17: 1 | E17: izk/;kid | F17: jktuhfr foKku | G17: 1 | H17: & | I17: & | J17: 0 | K17: 0 | L17: 0 | M17: 0
... A19: 14 | B19: izk/;kid | C19: jlk;u foKku | D19: 1 | E19: izk/;kid | F19: jlk;u foKku | G19: 1 | H19: & | I19: & | J19: 0 | K19: 0 | L19: 0 | M19: 0
A20: 15 | B20: izk/;kid | C20: fgUnh | D20: 1 | E20: & | F20: & | G20: 0 | H20: izk/;kid | I20: fgUnh | J20: 1 | K20: 42506 | L20: inkSUufr | M20: Jh /keZsUnz dqekj Vsyj
A21: 16 | B21: izk/;kid | C21: Hkqxksy | D21: 1 | E21: & | F21: & | G21: 0 | H21: izk/;kid | I21: Hkqxksy | J21: 1 | K21: 42214 | L21: inkSUufr | M21: Jh izeksn dqekj ikyhoky
A22: 17 | B22: izk/;kid | C22: d`f"k | D22: 1 | E22: & | F22: & | G22: 0 | H22: izk/;kid | I22: d`f"k | J22: 1 | K22: 41441 | L22: inkSUufr | M22: Jh lkseiky flag jk.kk
A23: 18 | B23: izk/;kid | C23: okf.kT; | D23: 1 | E23: & | F23: & | G23: 0 | H23: izk/;kid | I23: okf.kT; | J23: 1 | K23: 42130 | L23: inkSUufr | M23: Jh HkS: 'kadj iwfcZ;k
A24: 19 | B24: izk/;kid | C24: okf.kT; | D24: 1 | E24: & | F24: & | G24: 0 | H24: izk/;kid | I24: okf.kT; | J24: 1 | K24: & | L24: lsokfuo`fr | M24: Jh uouhr dqekj ikyhoky
A25: 20 | B25: o- v- | C25: vaxzsth | D25: 1 | E25: o- v- | F25: vaxzsth | G25: 1 | H25: & | I25: & | J25: 0 | K25: 0 | L25: 0 | M25: 0
A26: 21 | B26: o- v- | C26: laLd`r | D26: 1 | E26: o- v- | F26: laLd`r | G26: 1 | H26: & | I26: & | J26: 0 | K26: 0 | L26: 0 | M26: 0
A27: 22 | B27: o- v- | C27: xf.kr | D27: 1 | E27: o- v- | F27: xf.kr | G27: 1 | H27: & | I27: & | J27: 0 | K27: 0 | L27: 0 | M27: 0
A28: 23 | B28: o- v- | C28: fgUnh | D28: 1 | E28: o- v- | F28: fgUnh | G28: 1 | H28: & | I28: & | J28: 0 | K28: 0 | L28: 0 | M28: 0
A29: 24 | B29: o- v- | C29: xf.kr | D29: 1 | E29: & | F29: & | G29: 0 | H29: o- v- | I29: xf.kr | J29: 1 | K29: 42577 | L29: inkSUufr | M29: Jh jkts'k pUnz [k.Msyoky
A30: 25 | B30: o- v- | C30: lkekftd foKku | D30: 1 | E30: & | F30: & | G30: 0 | H30: o- v- | I30: lkekftd foKku | J30: 1 | K30: 42480 | L30: inkSUufr | M30: Jh xksfoUn yky vkSfnP;
A31: 26 | B31: o- v- | C31: mnqZ | D31: 1 | E31: & | F31: & | G31: 0 | H31: o- v- | I31: mnqZ | J31: 1 | K31: & | L31: LFkkukUrj.k | M31: Jh 'kdhy vgen
A32: 27 | B32: o- v- | C32: Lis'ky ,T;qds'ku | D32: 1 | E32: & | F32: & | G32: 0 | H32: o- v- | I32: Lis'ky ,T;qds'ku | J32: 1 | K32: 42461 | L32: Lohd`fr ls gh fjDr | M32: &
A33: 28 | B33: o-iq+ v- | C33: & | D33: 1 | E33: o-iq+ v- | F33: & | G33: 1 | H33: & | I33: & | J33: 0 | K33: 0 | L33: 0 | M33: 0
A34: 29 | B34: 'kk-f'k- k | C34: & | D34: 1 | E34: & | F34: & | G34: 0 | H34: 'kk-f'k- k | I34: & | J34: 1 | K34: 42461 | L34: Lohd`fr ls gh fjDr | M34: &
A35: 30 | B35: iz-'kk-l- | C35: & | D35: 1 | E35: iz-'kk-l- | F35: & | G35: 1 | H35: & | I35: & | J35: 0 | K35: 0 | L35: 0 | M35: 0
A36: 31 | B36: iz-'kk-l- | C36: & | D36: 1 | E36: iz-'kk-l- | F36: & | G36: 1 | H36: & | I36: & | J36: 0 | K36: 0 | L36: 0 | M36: 0
A37: 32 | B37: iz-'kk-l- | C37: & | D37: 1 | E37: & | F37: & | G37: 0 | H37: iz-'kk-l- | I37: & | J37: 1 | K37: & | L37: inkSUufr | M37: Jh nsosUnz fu"dyad
A38: 33 | B38: l-dk-v- | C38: & | D38: 1 | E38: l-dk-v- | F38: & | G38: 1 | H38: & | I38: & | J38: 0 | K38: 0 | L38: 0 | M38: 0
A39: 34 | B39: fyfid xzsM k | C39: & | D39: 1 | E39: & | F39: & | G39: 0 | H39: fyfid xzsM k | I39: & | J39: 1 | K39: 41457 | L39: lsokfuo`fr | M39: Jh nsosUnz ikyhoky
A40: 35 | B40: fyfid xzsM kk | C40: & | D40: 1 | E40: & | F40: & | G40: 0 | H40: fyfid xzsM kk | I40: & | J40: 1 | K40: dk;ZeqDr ugha | L40: inkSUufr | M40: Jh vyrkQ vyh
A41: 36 | B41: teknkj | C41: & | D41: 1 | E41: teknkj | F41: & | G41: 1 | H41: & | I41: & | J41: 0 | K41: 0 | L41: 0 | M41: 0
A42: 37 | B42: iz-'kk-ls- | C42: & | D42: 1 | E42: iz-'kk-ls- | F42: & | G42: 1 | H42: & | I42: & | J42: 0 | K42: 0 | L42: 0 | M42: 0
A43: 38 | B43: iz-'kk-ls- | C43: & | D43: 1 | E43: & | F43: & | G43: 0 | H43: iz-'kk-ls- | I43: & | J43: 1 | K43: 42188 | L43: LFkkukUrj.k | M43: Jh ygj flag
A44: 39 | B44: p +Js +d | C44: & | D44: 1 | E44: p +Js +d | F44: & | G44: 1 | H44: & | I44: & | J44: 0 | K44: 0 | L44: 0 | M44: 0
A45: 40 | B45: p +Js +d | C45: & | D45: 1 | E45: p +Js +d | F45: & | G45: 1 | H45: & | I45: & | J45: 0 | K45: 0 | L45: 0 | M45: 0
A46: 41 | B46: p +Js +d | C46: & | D46: 1 | E46: & | F46: & | G46: 0 | H46: p +Js +d | I46: & | J46: 1 | K46: 41463 | L46: LoxZokl | M46: Jh xqykc flag
B47: ;ksx | D47: =SUM(D6:D46) -> 41 | G47: =SUM(G6:G46) -> 26 | J47: =SUM(J6:J46) -> 15 | K47: 0 | L47: 0 | M47: 0

Sheet BLOOD DONATE CERTIFICATE
A6: PATHOLOGY DEPARTMENT
A7: BLOOD TRANSFUNCTION SERVICE BLOOD BANK, GOVT.HOSPITAL
A8: RAJSAMAND DISTRICT - RAJSAMAND | G8: STATE - RAJASTHAN
A9: NO. | B9: 27 | F9: DATE - | H9: 15.01.2020
A10: CERTIFICATE
A11: IT IS CERTIFIED THAT MR./MISS | F11: BHAGWATI LAL SANADHYA
A12: S/O, W/O, D/O MR. | D12: SUNDER LAL SANADHYA | H12: HAS DONATED
A13: ONE UNIT OF BLOOD VOLUNTARILY WITHOUT TAKING PAYMENT
A14: IN THIS BLOOD BANK ON DATED | F14: 15.01.2020 | I14: HIS/HER BLOOD
A15: GROUP IS | C15: O POSITIVE
F18: MEDICAL OFFICER INCHARGE
F19: BLOOD BANK, GOVT.HOSPITAL
F20: RAJSAMAND DISTRICT - RAJSAMAND

Sheet ACR 
A1: lwph Øekad | D1: 23 | F1: ofj"Brk Øekad | H1: 6601 | J1: l= | K1: 2016&17
A2: okf"kZd dk;Z ewY;kadu | F2: ¼o"kZ 2016 &2017½ | H2: Hkkx &I ¼izfrosnu (REPORTEE) vf/kdkjh ds fy,
A3: in dk uke & | E3: iz/kkukpk;Z | H3: jkT; f'k{kk lsok vf/kdkfj;ksa ds fy, ¼O;k[;krk ,oa Åij ds inksa gsrq½
A4: 1- uke & | D4: Jh izeksn dqekj ikyhoky
A5: iq=@iq=h@ifRu Jh | F5: Jh x.kir yky ikyhoky
A6: 2- tUe frfFk | D6: 24421 | H6: x`g ftyk | J6: jktleUn
A7: 3- leh{kk/khu vof/k ds nkSjku in rFkk LFkku | H7: =E3 -> iz/kkukpk;Z | J7: jkmekfo dkadjksyh
A8: 4- izfrosnd vf/kdkjh ds v/khu dh xbZ lsok vof/k fnukad | I8: 01.07.2016 | J8: ls fnukad | K8: 30.06.2017 | L8: rd
A9: 5- vodk'k@izf'k{k.k ds nkSjku vuqifLFkfr dh dkykof/k fnukad | J9: ls fnukad | L9: rd
A10: 6- eq[; ikfj.kkfed dk;ksZ ds fy, fu/kkZfjr y{;ksa¼d`i;k fofufnZ"V djsa½ds vuqlkj LO;a }kjk fd;k x;k ewY;kadu%&
A11: Ø- la- | B11: eq[; ikfj.kkfed dk;Z (Key result areas) | G11: fu/kZfjr y{; (Targets) | H11: okLrfod miyfC/k;k¡ (Actual Achievements) foHkkxh;@ifj;kstuk | J11: miyfC/k;ksa esa deh dk dkj.k¼;fn dksbZ gks rks½ ,oa fo'ks"k ;ksxnku
A12: 1 | B12: 'kSf{kd
B13: i | G13: dk;kZy; Lrj ij larks"ktud Hkjh xbZ A
B14: ii
A15: 2 | B15: lg 'kSf{kd
B16: i
B17: ii
A18: 3 | B18: HkkSfrd
B19: i
B20: ii
A21: 4 | B21: ukekadu
A22: 5 | B22: Bgjko
A23: 6 | B23: xq.koÙkk
A24: 7 | B24: d{kk fujh{k.k
A25: 8 | B25: lkeqnkf;d lgHkkfxrk
A26: 7- ijh{kk ifj.kke %&
A27: d{kk | C27: fo"k; | G27: fo|kfFkZ;ksa dh la[;k | I27: 60% ,oa blls vf/kd vad izkIr djus okyksa dh la[;k | K27: mÙkhZ.k izfr'kr@ xzsM
G28: ijh{kk esa izfo"B | H28: mÙkhZ.k
A29: vi
A30: vii
A31: viii
A32: ix
A33: x
A34: xi
A35: xii
A36: uksV&¼O;k[;krk@o-v-@iz/kkukpk;Z }kjk Hkjk tkos rFkk laLFkk iz/kku d{kkokj fo|ky+A13 ds vkSlr ifj.kke ds lkFk&LkkFk ds fo"k; f'k{k.k dk ifj.kke Hkh vafdr djsxs½
A37: 8- fujh{k.k ¼lHkh fujh{k.k vf/kdkfj;ksa ds fy;s½
A38: o"kZ Hkj ds fy;s fu/kkZfjr y{; | F38: o"kZ Hkj esa fd;s x;s fujh{k.k | I38: izfr'kr | J38: fu/kkZfjr y{; iw.kZ ugh fd;s tkus dk dkj.k | L38: fo'ks"k
A40: 9- eq[;ky; ds vfrfjDr {ks= esa jk=h foJke ¼dsoy fujh{k.k vf/kdkfj;ksa ds fy;s½
A41: 10- o"kZ ds nkSjku izkIr izf'k{k.k dk fooj.k %&
A42: Ø-la- | C42: izf'k{k.k dk izdkj | G42: vof/k | I42: izf'k{k.k ls izkIr miyfC/k dk mYys[k
A44: 11- izfrosfnr vf/kdkjh }kjk fd, x, fo'ks"k mYys[kuh; dk;ksZ dk laf{kIr fooj.k ¼mikcU/k layXu ugha fd;k tk,½
I47: izfrosfnr vf/kdkjh ds gLrk{kj
A48: izfrosnd vf/kdkjh dks izLrqr fd, tkus dk fnukad | H48: 44218 | I48: uke | J48: =D4 -> Jh izeksn dqekj ikyhoky
I49: inuke | J49: =E3 -> iz/kkukpk;Z

Sheet TRANSFER PARMOTION JOINING OFFL
A1: *t; Jh jke^
A2: lsokesa
B3: Jheku~ | C3: =MASTER!C7 -> iz/kkukpk;Z | F3: egksn;
B4: =MASTER!C8 -> jktdh; mPp ek/;fed fo|ky;
B5: =MASTER!C9 -> dkadjksyh ftyk & jktleUn
A7: fo"k; %& | C7: inksUufr ij dk;ZHkkj xzg.k djus ckcr A
B8: izalx %& | C8: Jheku f’k{kk mifuns’kd ]ek/;fed] mn;iqj e.My]mn;iqj ds
C9: vkns’k dzaekd f’kmfu &Ekk/;@mn;@laLFkk&c@Qk&1086&87@
C10: 2015&16@1643¼1&10½ fnuakd 05&02&2016
A11: egksn;]
C12: mi;qZDr fo"k;kUrxZr fuosnu gS fd | G12: Jheku f’k{kk mifuns’kd ]ek/;fed
A13: mn;iqj e.My ]mn;iqj ds vkns’k dzekad f’kmfu&Ekk/;@mn;@laLFkk&c@Qk&1086&87@2015&16@
A14: 1643¼1&10½ fnuakd 05&02&2016 vkns’k la[;k 6 dza-la-11 ds )kjk esjh inksUufr@LFkkukUrj.k
A15: lgk;d dk;kZy; v/kh{kd | E15: ds in ij vkids fo/kky;@dk;kZy; esa fd;s tkus ls vkns’k dh
A16: ikyuk esa fnuakd | C16: 06&02&2016 | F16: dks iwokZUg ckn Mq;qVh | H16: jk-m-ek-fo-
A17: jkT;kokl ftyk & jktlean | E17: ls dk;ZeqDr gksdj vkt fnuakd | H17: 06&02&2016 | J17: dks vijkUg esa
A18: lgk;d dk;kZy; v/kh{kd | E18: ds in ij dk;Zxzg.k djuk pkgrk gqa A
A19: d`i;k Lohd`fr iznku djkus dh d`ik djkosa A
A20: layXu %&
A21: 1-inkSUufr@LFkkukUrj.k vkns'k dh izfr A
A22: 2-'kkyk niZ.k ls dk;ZeqfDr vkns'k dh izfr A
A23: 3-lUrku lEcU/kh /kks"k.kk ¼ LVkEi isij ij ½ dh izfr A
A24: fnuakd | B24: =H17 -> 06&02&2016
G26: Hkonh;
F29: uke %& | G29: Jh Hkxorh yky luk<;
F30: in %& | G30: lgk;d dk;kZy; v/kh{kd
E31: inLFkkiu LFkku %& | G31: =B4 -> jktdh; mPp ek/;fed fo|ky;
G32: =B5 -> dkadjksyh ftyk & jktleUn

Sheet HITKARI NIDHI ECS SCHEDULE
A1: =MASTER!C6 -> Jh ckyd`".k fo/kk Hkou jktdh; mPp ek/;fed fo|ky; dkadjksyh ftyk & jktleUn
A2: dzekad@jkmekfo@dkadjksyh@ys[kk@Qk&16@2020&21@ fnuakd 09-01-2021
A3: lsokes
B4: Jheku v/;{k egksn;
B5: fgrdkjh fu/kh ]ek/;fed f'k{kk
B6: jktLFkku ]chdkusj ftyk & chdkusj
B7: fiudksM uEcj & 334001
B8: fo"k; %& fgrdkjh fu/kh okf"kZd va'knku o"kZ 2020 dk f'kM;qy o ECS fLyi fHktokus ckcr A
B9: izlax %& Jheku mi funs'kd iz'kklu ,oa lfpo fgrdkjh fuf/k ek/;fed f'k{kk] jktLFkku] chdkusj
B10: ds vkns'k dzekad%&f'kfojk@ek-@fgfu@28203@2020&21 fnukad %& 04-12-2020
A11: egksn;
B12: mi;qZDr fo"k;kUrxZr fuosnu gS fd LFkkuh; fo/kky; esa dk;Zjr leLr dkfeZdks dh
A13: fgrdkjh fu/kh okf"kZd va'knku o"kZ 2020 dh jkf'k ekg fnlEcj 2020 ds osru fcy ls dj yh xbZ gSA
A14: fgrdkjh fu/kh okf"kZd va'knku o"kZ 2020 dk f'kM;qy o ECS fLyi bl i= ds lkFk
A15: layXu dj lsokfiZr gS A d`i;k ikorh fHktokus dh d`ik djkosa A
A17: dz+++l + | B17: fcy uEcj | C17: fcy dh dqy jkf'k | D17: Vh-oh-uEcj o fnukad | E17: fgrdkjh fu/kh dVksrh f'kM;qy dh jkf'k
A18: 1 | B18: 2 | C18: 3 | D18: 4 | E18: 5
A19: 1 | B19: 56/21.12.2020 | C19: 97375 | D19: 47570/01.01.2021 | E19: 500
A20: 2 | B20: 57/21.12.2020 | C20: 2101650 | D20: 47571/01.01.2021 | E20: 10500
A21: 3 | B21: 58/21.12.2020 | C21: 60500 | D21: 47572/01.01.2021 | E21: 500
A22: 4 | B22: 59/21.12.2020 | C22: 249500 | D22: 47573/01.01.2021 | E22: 1250
A23: 5 | B23: 68/26.01.2020 | C23: 90720 | D23: 56751/31.01.2020 | E23: 500
A28: layXu %&1-fgrdkjh fu/kh f'kM;qy | C28: & 5
A29: 2-ECS fLyi | C29: & 5
D31: =MASTER!C7 -> iz/kkukpk;Z
D32: =MASTER!C8 -> jktdh; mPp ek/;fed fo|ky;
D33: =MASTER!C9 -> dkadjksyh ftyk & jktleUn

Sheet INCOME TAX FEBURARY
A1: =MASTER!C6 -> Jh ckyd`".k fo/kk Hkou jktdh; mPp ek/;fed fo|ky; dkadjksyh ftyk & jktleUn
A2: dzekad@jkmekfo@dkadjksyh@ys[kk@Qk&11@2020&21@ fnuakd 01-02-2021
A3: fuEu dkfeZdkssa dks vknsf'kr fd;k tkrk gS fd vkius tks fnlEcj 2020 esa vk;dj
A4: x.kuk izi= dk;kZy; esa fn;k x;k Fkk mlesa viuh is esustj vkbZ Mh ls GA 55 l= 2020&21 ls
A5: feyku dj ,oa osru ds vykok tks Hkh vk;dj esa dVksrh dk ykHk ysuk pkgrs gS mudh nks&nks
A6: lR; izfrfyfi ;Fkk %&edku fdjk;k jlhn ],y-vkbZ-lh [kqn ds +)kjk tek djk;h oks] -ih-ih-,Q-]
A7: ,Q-Mh-]V;w'ku Qhl]edku fuekZ.k _.k dk LVsVesUV fnukad 01-04-2020 ls vkt rd dk SELF
A8: ATTESTED djds AAO )kjk psd djkds dk;kZy; esa fnukad | E8: 44239
A9: rd vfuok;Zr tek djk nsosaA
A10: lwpukFkZ ,oa ikyukFkZ %&
C11: =MASTER!C7 -> iz/kkukpk;Z
C12: =MASTER!C8 -> jktdh; mPp ek/;fed fo|ky;
C13: =MASTER!C9 -> dkadjksyh ftyk & jktleUn
A14: dz+++l + | B14: Ukke deZpkjh | C14: in | D14: dkfeZd ds gLrk{kj
A15: 1 + | B15: 2 | C15: 3 | D15: 4
A16: 1 | B16: =MASTER!B13 -> Jh izeksn dqekj ikyhoky | C16: =MASTER!C13 -> प्रधानाचार्य
A17: 2 | B17: =MASTER!B14 -> Jh 'kadj yky pkS/kjh | C17: =MASTER!C14 -> व्याख्याता स्कूल(शिक्षा)
A18: 3 | B18: =MASTER!B15 -> Jh ';ke lqUnj lkyoh | C18: =MASTER!C15 -> व्याख्याता स्कूल(शिक्षा)
A19: 4 | B19: =MASTER!B16 -> Jh e/kqlwnu vkpk;Z | C19: =MASTER!C16 -> व्याख्याता स्कूल(शिक्षा)
A20: 5 | B20: =MASTER!B17 -> Jh dSyk'k pUnz lkaphgj | C20: =MASTER!C17 -> वरिष्ठ अध्यापक
A21: 6 | B21: =MASTER!B18 -> Jh Hkxorh yky luk<; | C21: =MASTER!C18 -> सहायक प्रशासनिक अधिकारी
A22: 7 | B22: =MASTER!B19 -> Jherh uhyw f=osnh | C22: =MASTER!C19 -> वरिष्ठ सहायक
A23: 8 | B23: =MASTER!B20 -> 0 | C23: =MASTER!C20 -> 0
A24: 9 | B24: =MASTER!B21 -> 0 | C24: =MASTER!C21 -> 0
A25: 10 | B25: =MASTER!B22 -> 0 | C25: =MASTER!C22 -> 0
A26: 11 | B26: =MASTER!B23 -> 0 | C26: =MASTER!C23 -> 0
A27: 12 | B27: =MASTER!B24 -> 0 | C27: =MASTER!C24 -> 0
... A50: 35 | B50: =MASTER!B47 -> 0 | C50: =MASTER!C47 -> 0

Sheet INCOME TAX FORM 16
A1: =MASTER!C6 -> Jh ckyd`".k fo/kk Hkou jktdh; mPp ek/;fed fo|ky; dkadjksyh ftyk & jktleUn
A2: dk;kZy; vkns’k
A3: dzekad@jkmekfo@dkadjksyh@ys[kk@Qk&11@2020&21@278 fnuakd 21-05-2021
A4: fuEu dkfeZdkssa dks vknsf'kr fd;k tkrk gS fd vkidks | D4: fofr; o"kZ 2020&2021 dk
A5: vk;dj QkeZ uEcj 16 ewy gh fn;k tk jgk gS A d`i;k vius uke ds vkxs izkIrh gLrk{kj djsaA
A6: slkFk gh vkidks ;g vk;dj QkeZ uEcj 16 nqckjk ugha feysxk A blfy, bls lqjf{kr j[ksA
A7: lwpukFkZ ,oa ikyukFkZ %&
C8: =MASTER!C7 -> iz/kkukpk;Z
C9: =MASTER!C8 -> jktdh; mPp ek/;fed fo|ky;
C10: =MASTER!C9 -> dkadjksyh ftyk & jktleUn
A11: dz+++l + | B11: Ukke deZpkjh | C11: in | D11: izkIrh gLrk{kj vk;dj QkeZ uEcj 16 ewy
A12: 1 | B12: =MASTER!B13 -> Jh izeksn dqekj ikyhoky | C12: =MASTER!C13 -> प्रधानाचार्य
A13: 2 | B13: =MASTER!B14 -> Jh 'kadj yky pkS/kjh | C13: =MASTER!C14 -> व्याख्याता स्कूल(शिक्षा)
A14: 3 | B14: =MASTER!B15 -> Jh ';ke lqUnj lkyoh | C14: =MASTER!C15 -> व्याख्याता स्कूल(शिक्षा)
A15: 4 | B15: =MASTER!B16 -> Jh e/kqlwnu vkpk;Z | C15: =MASTER!C16 -> व्याख्याता स्कूल(शिक्षा)
A16: 5 | B16: =MASTER!B17 -> Jh dSyk'k pUnz lkaphgj | C16: =MASTER!C17 -> वरिष्ठ अध्यापक
A17: 6 | B17: =MASTER!B18 -> Jh Hkxorh yky luk<; | C17: =MASTER!C18 -> सहायक प्रशासनिक अधिकारी
A18: 7 | B18: =MASTER!B19 -> Jherh uhyw f=osnh | C18: =MASTER!C19 -> वरिष्ठ सहायक
A19: 8 | B19: =MASTER!B20 -> 0 | C19: =MASTER!C20 -> 0
A20: 9 | B20: =MASTER!B21 -> 0 | C20: =MASTER!C21 -> 0
A21: 10 | B21: =MASTER!B22 -> 0 | C21: =MASTER!C22 -> 0
A22: 11 | B22: =MASTER!B23 -> 0 | C22: =MASTER!C23 -> 0
A23: 12 | B23: =MASTER!B24 -> 0 | C23: =MASTER!C24 -> 0
... A46: 35 | B46: =MASTER!B47 -> 0 | C46: =MASTER!C47 -> 0

Sheet FEES DETAIL
A1: t; Jh jke
A2: =MASTER!C6 -> Jh ckyd`".k fo/kk Hkou jktdh; mPp ek/;fed fo|ky; dkadjksyh ftyk & jktleUn
A3: FEE DETAIL YEAR 2021-22
A4: d{kk | B4: oxZ | C4: Nk=dks"k | J4: fodkl 'kqYd | K4: egk;ksx
C5: Nk=dks"k | D5: S.U.P.W. | E5: foKku@Hkwxksy | F5: LdkmV | G5: fo|kFkhZnq?kVZuk chek | H5: laLd`frijh{kk | I5: dqy ;ksx
A6: 11,12 dyk | B6: Boys Gen. | C6: 300 | D6: 0 | E6: 100 | F6: 5 | G6: 10 | H6: 30 | I6: =C6+D6+E6+F6+G6+H6 -> 445 | J6: 300 | K6: =I6+J6 -> 745
B7: Girls Gen. | C7: 300 | D7: 0 | E7: 100 | F7: 5 | G7: 5 | H7: =H6 -> 30 | I7: =C7+D7+E7+F7+G7+H7 -> 440 | J7: 300 | K7: =I7+J7 -> 740
B8: Boys SC/ST/OBC | C8: 150 | D8: 0 | E8: 100 | F8: 5 | G8: 10 | H8: =H7 -> 30 | I8: =C8+D8+E8+F8+G8+H8 -> 295 | J8: 300 | K8: =I8+J8 -> 595
B9: Girls SC/ST/OBC | C9: 150 | D9: 0 | E9: 100 | F9: 5 | G9: 5 | H9: =H8 -> 30 | I9: =C9+D9+E9+F9+G9+H9 -> 290 | J9: 300 | K9: =I9+J9 -> 590
A10: 11,12 okf.kT; | B10: Boys Gen. | C10: 300 | D10: 0 | E10: 0 | F10: 5 | G10: 10 | H10: =H9 -> 30 | I10: =C10+D10+E10+F10+G10+H10 -> 345 | J10: 300 | K10: =I10+J10 -> 645
B11: Girls Gen. | C11: 300 | D11: 0 | E11: 0 | F11: 5 | G11: 5 | H11: =H10 -> 30 | I11: =C11+D11+E11+F11+G11+H11 -> 340 | J11: 300 | K11: =I11+J11 -> 640
B12: Boys SC/ST/OBC | C12: 150 | D12: 0 | E12: 0 | F12: 5 | G12: 10 | H12: =H11 -> 30 | I12: =C12+D12+E12+F12+G12+H12 -> 195 | J12: 300 | K12: =I12+J12 -> 495
B13: Girls SC/ST/OBC | C13: 150 | D13: 0 | E13: 0 | F13: 5 | G13: 5 | H13: =H12 -> 30 | I13: =C13+D13+E13+F13+G13+H13 -> 190 | J13: 300 | K13: =I13+J13 -> 490
A14: 11,12 foKku | B14: Boys Gen. | C14: 300 | D14: 0 | E14: 100 | F14: 5 | G14: 10 | H14: =H13 -> 30 | I14: =C14+D14+E14+F14+G14+H14 -> 445 | J14: 300 | K14: =I14+J14 -> 745
B15: Girls Gen. | C15: 300 | D15: 0 | E15: 100 | F15: 5 | G15: 5 | H15: =H14 -> 30 | I15: =C15+D15+E15+F15+G15+H15 -> 440 | J15: 300 | K15: =I15+J15 -> 740
B16: Boys SC/ST/OBC | C16: 150 | D16: 0 | E16: 100 | F16: 5 | G16: 10 | H16: =H15 -> 30 | I16: =C16+D16+E16+F16+G16+H16 -> 295 | J16: 300 | K16: =I16+J16 -> 595
B17: Girls SC/ST/OBC | C17: 150 | D17: 0 | E17: 100 | F17: 5 | G17: 5 | H17: =H16 -> 30 | I17: =C17+D17+E17+F17+G17+H17 -> 290 | J17: 300 | K17: =I17+J17 -> 590
A18: 9,10 | B18: Boys Gen. | C18: 200 | D18: 50 | E18: 0 | F18: 5 | G18: 10 | H18: =H17 -> 30 | I18: =C18+D18+E18+F18+G18+H18 -> 295 | J18: 300 | K18: =I18+J18 -> 595
B19: Girls Gen. | C19: 200 | D19: 50 | E19: 0 | F19: 5 | G19: 5 | H19: =H18 -> 30 | I19: =C19+D19+E19+F19+G19+H19 -> 290 | J19: 300 | K19: =I19+J19 -> 590
B20: Boys SC/ST/OBC | C20: 100 | D20: 50 | E20: 0 | F20: 5 | G20: 10 | H20: =H19 -> 30 | I20: =C20+D20+E20+F20+G20+H20 -> 195 | J20: 300 | K20: =I20+J20 -> 495
B21: Girls SC/ST/OBC | C21: 100 | D21: 50 | E21: 0 | F21: 5 | G21: 5 | H21: =H20 -> 30 | I21: =C21+D21+E21+F21+G21+H21 -> 190 | J21: 300 | K21: =I21+J21 -> 490
A22: uksV %&uohu izos'k ds fy, d{kk 9 ls 12 rd 10 #i;s vyx ls yxasxs A
A23: fodkl 'kqYd fodkl lfefr ds fu.kZ; vuqlkj fy;s tkrs gSA
A24: fo/kkFkhZ izos'k izHkkjh ls QkeZ psd djok dj dk;kZy; esa jlhn dVok dj LdkWyj uEcj ,yksV djok dj gh d{kk/;kid dks QkeZ tek djokosaA d`i;k [kqys isls lkFk ykossa A
G25: vkKk ls
G27: =MASTER!C7 -> iz/kkukpk;Z
A28: fnukad %& | B28: 44371 | G28: =MASTER!C8 -> jktdh; mPp ek/;fed fo|ky;
G29: =MASTER!C9 -> dkadjksyh ftyk & jktleUn

Sheet STUDENT FEES DETAIL
A1: =MASTER!C6 -> Jh ckyd`".k fo/kk Hkou jktdh; mPp ek/;fed fo|ky; dkadjksyh ftyk & jktleUn
B2: d{kk/;kid dk uke | J2: fnukad | K2: 01.07.2021 | L2: d{kk
A3: Ø-l- | B3: Nk= jftLVj la- | C3: Nk=@Nk=k dk uke | D3: tkfr oxZ | E3: fyax | F3: Nk=dkss"k ’kqYd | I3: fodkl ’kqYd | K3: jktdh; ’kqYd | M3: dqy ;ksx | N3: cdk;k çi=
F4: jkf'k | G4: jlhn la | H4: fnukad | I4: jkf'k | J4: jlhn la | K4: jkf'k | L4: jlhn la
A5: 1 | B5: 2 | C5: 3 | D5: 4 | E5: 5 | F5: 6 | G5: 7 | H5: 8 | I5: 9 | J5: 10 | K5: 11 | L5: 12 | M5: 13 | N5: 14

Sheet BUDGET DEMAND
A2: vfrfjDr jkf'k vkoaVu gsrq ctV ekax i=
A3: dk;kZy;@fo/kky; dk uke %& | D3: =MASTER!C6 -> Jh ckyd`".k fo/kk Hkou jktdh; mPp ek/;fed fo|ky; dkadjksyh ftyk & jktleUn
A4: foRrh; o"kZ %& 2020&21
A5: OFFICE I.D. | C5: D.D.O. NO. | D5: ctV en ¼ eksgj vafdr djsa ½ | E5: NON PLAN/ PLAN ¼ fpfUgr dj uhps vafdr Hkh djsa ½ | F5: foLr`r en ftlesa jkf'k pkfg;s %&
A6: 18273 | C6: 18273 | D6: 2202 &lkekU; f'k{kk | E6: STATE FUND | F6: fpfdRlk O;; & 04
D7: 02 &ek/;fed f'k{kk
D8: 109&jktdh; ek/;fed fo/kky;
D9: (27½
D10: ¼01½& yMdks ds fo/kky;
A11: 1 | B11: ewwy vkoaafVr jkf'k %& | F11: 10
A12: 2 | B12: vfrfjDr vkoafVr jkf'k ¼;fn dksbZ gkss rks½ %& | F12: 0
A13: 3 | B13: vc rd dqy vkoafVr jkf'k ¼1$2½ %& | F13: =F11+F12 -> 10
A14: 4 | B14: vc rd dqy O;; jkf'k %& | F14: 0
A15: 5 | B15: orZeku esa 'ks"k miyC/k jkf'k ¼3&4½ %& | F15: =F13-F14 -> 10
A16: 6 | B16: foRrh; o"kZ dh lekfIr rd gksus okyk dqy laHkkfor O;; %& | F16: 68376
A17: 7 | B17: vfrfjDr jkf'k dh ekax ¼6&3½ %& | F17: =F16-F13 -> 68366
A18: 8 | B18: vfrfjDr ekax dk vkSfpR; %& | D18: fpfdRlk O;; jkf'k pqdkus gsrq
A19: 9 | B19: ftl ctV en vUrxZr jkf'k dh ekax dh tk jgh gS]mlesa dqy Lohd`r ]dk;Zjr ,oa fjDr inksa dh fLFkfr %&
A20: 9 | B20: ctV en eksgj | D20: dsoy mDr ctV en vUrxZr inksa dh orZeku fLFkfr
B21: =D6 -> 2202 &lkekU; f'k{kk | D21: dqy Lohd`r in | E21: dk;Zjr | F21: fjDr in | G21: fo-fo-
B22: =D7 -> 02 &ek/;fed f'k{kk | D22: 40 | E22: 5 | F22: =D22-E22 -> 35
B23: =D8 -> 109&jktdh; ek/;fed fo/kky;
A24: 10 | B24: ;fn osru esa vfrfjDr ekax dh tk jgh gS rks cdk;k osru ekg ds uke ,oa ekgokj ldy osru jkf'k dk fooj.k %&
B25: dza-la- | C25: cdk;k osru ekg ds uke | E25: cdk;k osru ekg ds uke
B26: 1 | C26: uoEcj & 2020 | E26: 1
B27: 2 | C27: uoEcj & 2021 | E27: 1
B28: 3 | C28: uoEcj & 2021 | E28: 1
C29: dqy ldy osru %& | E29: =SUM(E26:G28) -> 3
A30: 11 | B30: 'kkyk iz/kku ds eksckbZy uEcj %& | D30: 7976870219 | E30: fo/kky;@dk;kZy; dk Qksu uEcj %& | G30: 02952 220604
B31: fnukad%& | C31: 43543
E32: vkgj.k forj.k vf/kdkjh
E33: ds gLrk{kj e; eksgj
A34: dzekad@jkmekfo&dkadjksyh@ys[kk@Qk&10@2020&21@ fnukad %&19-03-2021
A35: Jheku eq[; ys[kkf/kdkjh th]
A36: ek/;fed f'k{kk] jktLFkku
A37: chdkusj ¼jkt-½
E38: vkgj.k forj.k vf/kdkjh
E39: ds gLrk{kj e; eksgj

Sheet BUDGET SURRENDER
A1: =MASTER!C6 -> Jh ckyd`".k fo/kk Hkou jktdh; mPp ek/;fed fo|ky; dkadjksyh ftyk & jktleUn
A2: ctV lefiZr djus gsrq
A3: foRrh; o"kZ | C3: 2020&21 | D3: fnukad | E3: 42745
A4: OFFICE I.D. | C4: D.D.O. NO. | D4: BUDGET HEAD | E4: NON PLAN/ PLAN | F4: foLr`r en ftlesa jkf'k lefiZr dh tk jgh gS %&
A5: 18273 | C5: 18273 | D5: 2202 &lkekU; f'k{kk | E5: PLAN | F5: laosru & 01 lefiZr jkf'k :i;s 100000
D6: 02 &ek/;fed f'k{kk
D7: 109&jktdh; ek/;fed fo|ky;
D8: ¼01½& yMdks ds fo/kky;
A10: vkQhl vkbZ-Mh- | B10: uke fo/kky; | C10: foRrh; o"kZ 2020&21 esa osru en esa vkaofVr jkf'k | D10: fnukad 01 vizsy 2020 ls fnukad 10 tuojh 2021 rd okLrfod O;; | E10: fnukad 11 tuojh 2021 ls fnukad 31 ekpZ 2021 rd okLrfod@vuqekfur O;; | F10: foRrh; o"kZ 2020&21 esa dqy gksus okyk O;; ;ksx dkye 4 $ ++5 | G10: foRrh; o"kZ 2020&21 esa dh cpr @ vkf/kD; dkye 3 & 6
A11: 1 | B11: 2 | C11: 3 | D11: 4 | E11: 5 | F11: 6 | G11: 7
A12: =A5 -> 18273 | B12: =A1 -> Jh ckyd`".k fo/kk Hkou jktdh; mPp ek/;fed fo|ky; dkadjksyh ftyk & jktleUn | C12: 100000 | D12: 0 | E12: 0 | F12: =D12+E12 -> 0 | G12: =C12-F12 -> 100000
E14: =MASTER!C7 -> iz/kkukpk;Z
E15: =MASTER!C8 -> jktdh; mPp ek/;fed fo|ky;
E16: =MASTER!C9 -> dkadjksyh ftyk & jktleUn
A17: dzekad@jkmekfo&dkadjksyh@ys[kk@osru@Qk&10@16&17@579 fnukad %&10-01-2017
A18: Jheku eq[; ys[kkf/kdkjh th]
A19: ek/;fed f'k{kk] jktLFkku
A20: chdkusj ¼jkt-½
E21: =E14 -> iz/kkukpk;Z
E22: =E15 -> jktdh; mPp ek/;fed fo|ky;
E23: =E16 -> dkadjksyh ftyk & jktleUn

Sheet BANK ACCOUNT DETAIL
A2: =MASTER!C6 -> Jh ckyd`".k fo/kk Hkou jktdh; mPp ek/;fed fo|ky; dkadjksyh ftyk & jktleUn | E2: fnukad %& | F2: 43659
A3: dza-la- | B3: fo/keku cSad [kkrs dk fooj.k | D3: cSad [kkrs dk iqjk uke | E3: cSad dk vkbZ-,Q-lh-dksM | F3: cSad dk ,e-vkbZ-vkj-lh-dksM
B4: [kkrk la[;k ,oa izdkj | C4: cSad dk uke
A5: 1 | B5: 35003101130009754 Nk=dks"k | C5: nh mn;iqj lSUVy dks&vkWijsfVo cSad fyfeVsM & dkadjksyh | D5: RAJKIY BALKRISHAN VIDA BHAWAN U.M.SCHOOL KANKROLI | E5: RSCB0035003 | F5: 313578025
A6: 2 | B6: 51060285247 ,l-,e-lh- | C6: ,l-ch-vkbZ-cSad & dkadjksyh | D6: VPS RUMVI KANKROLI | E6: SBIN0031211 | F6: 313003211
A7: 3
A8: 4
A9: 5
A10: 6
A11: 7
A12: 8

Sheet KSHATIPURTI BOND
A1: ekLVj 'khV esa dkfeZd dk flfj;y uEcj %& | G1: 6
A21: {kfriwfrZ cU/kd i=
B22: eSa | C22: =(INDEX(MASTER!B13:B47,MATCH('KSHATIPURTI BOND'!G1,MASTER!A13:A47,0))) -> Jh Hkxorh yky luk<; | F22: firk | G22: Jh lqUnj yky th | I22: tkfr& | J22: luk<;
B23: me | C23: 55 | D23: inLFkkiu LFkku & | F23: =MASTER!C6 -> Jh ckyd`".k fo/kk Hkou jktdh; mPp ek/;fed fo|ky; dkadjksyh ftyk & jktleUn
B24: ,rn }kjk jktLFkku ljdkj dh ,slh fdlh Hkh izdkj dh jkf'k dks izfrnk; fjQ.M djus dk ,rn~ }kjk
B25: opu nsrk gWw tks ckn eass esjs nkossa | E25: ;k=k@fpfdRlk | G25: ds lEcU/k esa jkf'k :i;s vdksa esa %&
B26: 10141/- | C26: 'kCnksa esa& | D26: nl gtkj ,d lkS bxrkyhl :i;k | H26: tks fd fnukad& | J26: 12.12.2020 | K26: ls fnukad
B27: 12.12.2020 | C27: rd vof/k ls lEcfU/kr gSA vf/kd Hkqxrku ns nh xbZ gSa rks iqu% ,d lkFk tek djok nwxka A
G29: gLrk{kj dkfeZd
B30: lk{kh 1
B31: lk{kh 2
A33: Hkqxrku ugha gksus lEcfU/kr izek.k i=
B34: eSa | C34: =C22 -> Jh Hkxorh yky luk<; | F34: firk | G34: =G22 -> Jh lqUnj yky th | I34: tkfr& | J34: =J22 -> luk<;
B35: me | C35: =C23 -> 55 | D35: inLFkkiu LFkku & | F35: =F23 -> Jh ckyd`".k fo/kk Hkou jktdh; mPp ek/;fed fo|ky; dkadjksyh ftyk & jktleUn
B36: 'kiFk iwoZd /kks"k.kk djrk gw fd esjs nkossa | F36: =E25 -> ;k=k@fpfdRlk | G36: fcy ds lEcU/k esa jkf'k :i;s vdksa esa | K36: =B26 -> 10141/-
B37: 'kCnksa esa& nl gtkj ,d lkS bxrkyhl :i;k | C37: =D26 -> nl gtkj ,d lkS bxrkyhl :i;k | G37: tks fd fnukad %& | I37: =J26 -> 12.12.2020 | J37: ls fnukad %&
B38: =B27 -> 12.12.2020 | C38: rd vof/k dk Hkqxrku eq>s iwoz esa ugha gqvk gSA og jkf'k iwoZ esa Hkqxrku gksuk ik;s tkus ij
B39: ml jkf'k dh okilh dh izfrKk djrk gwA
B40: lk{kh 1
B41: lk{kh 2
G43: izekf.kr laLFkk iz/kku }kjk

Sheet VALIDITY CERTIFICATE
A1: ekLVj 'khV esa dkfeZd dk flfj;y uEcj %& | G1: 1
B3: =MASTER!C6 -> Jh ckyd`".k fo/kk Hkou jktdh; mPp ek/;fed fo|ky; dkadjksyh ftyk & jktleUn
B5: &% uksu isesUV lfVZfQdsV %&
B7: miyC/k jsdkMZ@Hkqxrku fcyksa dh dk;kZy; izfr@jftLVj ds
B8: vk/kkj ij izekf.kr fd;k tkrk gS fd | G8: =(INDEX(MASTER!B13:B47,MATCH('VALIDITY CERTIFICATE'!G1,MASTER!A13:A47,0))) -> Jh izeksn dqekj ikyhoky | K8: in %&
B9: =(INDEX(MASTER!C13:C47,MATCH('VALIDITY CERTIFICATE'!G1,MASTER!A13:A47,0))) -> प्रधानाचार्य | E9: dk;Zjr LFkku %& | G9: =MASTER!C6 -> Jh ckyd`".k fo/kk Hkou jktdh; mPp ek/;fed fo|ky; dkadjksyh ftyk & jktleUn
B10: ftyk | C10: jktleUn | E10: jktleUn dk | G10: ;k=k O;; | I10: fcydh jkf’k :i;k %&
B11: 10161@& v{kjs :i;k nl gtkj ,d lkS bxlB ek= | J11: dk Hkqxrku bl
B12: fo/kky; vFkok vU; fo/kky;@dk;kZy; ls ugha gqvk gS A
B13: fnukad %& | D13: 21.02.2021
G15: =MASTER!C7 -> iz/kkukpk;Z
G16: =MASTER!C8 -> jktdh; mPp ek/;fed fo|ky;
G17: =MASTER!C9 -> dkadjksyh ftyk & jktleUn
B21: =B3 -> Jh ckyd`".k fo/kk Hkou jktdh; mPp ek/;fed fo|ky; dkadjksyh ftyk & jktleUn
B24: &% osfyfMVh lfVZfQdsV %&
D26: eSa larq"V gqWa fd | F26: =G8 -> Jh izeksn dqekj ikyhoky | K26: in %&
B27: =B9 -> प्रधानाचार्य | E27: dk;Zjr LFkku %& | G27: =G9 -> Jh ckyd`".k fo/kk Hkou jktdh; mPp ek/;fed fo|ky; dkadjksyh ftyk & jktleUn
B28: =B10 -> ftyk | C28: =C10 -> jktleUn | E28: dk nkos dh izd`fr | H28: =G10 -> ;k=k O;; | J28: fcy ftldk ;ksx
B29: =B11 -> 10161@& v{kjs :i;k nl gtkj ,d lkS bxlB ek= | I29: ns; gS vkSj foLr`r tkWap
B30: ds vkfMV esa ’kkfey fd;k tk ldrk gS A
B31: fnukad %& | D31: =D13 -> 21.02.2021
G33: =G15 -> iz/kkukpk;Z
G34: =G16 -> jktdh; mPp ek/;fed fo|ky;
G35: =G17 -> dkadjksyh ftyk & jktleUn

Sheet TENDER COMPARISION DETAIL BOOKS
A1: =MASTER!C6 -> Jh ckyd`".k fo/kk Hkou jktdh; mPp ek/;fed fo|ky; dkadjksyh ftyk & jktleUn
A2: vUrj rkfydk fooj.k | E2: fnukad | F2: 43551 | G2: le; | H2: 1 cts
A3: dza-la- | B3: dk;Z dk uke | C3: fufonk nkrk dk uke | G3: fo'ks"k fooj.k
A5: 1 | B5: iqLrdks ij deh'ku izdk'kd N.BT. , C.B.T. , OTHER GOVT.PUBLISHERS | C5: 0.12 | D5: 0.15 | F5: 0.1
A7: gLrk{kj fufonk nkrk | C7: gLrk{kj dz; desVh
A8: 1 | C8: daa-la- uke dkfeZd | D8: in | E8: gLrk{kj
A9: 2 | D9: izk/;kid
A10: 3 | D10: izk/;kid
A11: 4 | D11: izk/;kid
D12: o-v-
D13: o-v-
B14: uksV %& | C14: dh fufonk esa deh'ku dh njsa lcls mPp gksus ls bUgSa dk;kZns'k fn;k tkos A
E16: =MASTER!C7 -> iz/kkukpk;Z
E17: =MASTER!C8 -> jktdh; mPp ek/;fed fo|ky;
E18: =MASTER!C9 -> dkadjksyh ftyk & jktleUn

Sheet TENDER COMPARISON DETAIL
A1: =MASTER!C6 -> Jh ckyd`".k fo/kk Hkou jktdh; mPp ek/;fed fo|ky; dkadjksyh ftyk & jktleUn
A2: vUrj rkfydk fooj.k | E2: fnukad | F2: 43551 | G2: le; | H2: 1 cts
A3: dza-la- | B3: dk;Z dk uke | C3: fufonk nkrk dk uke | G3: fo'ks"k fooj.k
A5: 1 | B5: ia[kk | C5: 500 | D5: 500 | F5: 500
A6: 2
A7: 3
A8: 4
A9: 5
A10: 6
A11: 7
A12: gLrk{kj fufonk nkrk | C12: gLrk{kj dz; desVh
A13: 1 | C13: daa-la- uke dkfeZd | D13: in | E13: gLrk{kj
A14: 2 | D14: izk/;kid
A15: 3 | D15: izk/;kid
A16: 4 | D16: izk/;kid
D17: o-v-
D18: o-v-
B19: uksV %& | C19: dh fufonk esa deh'ku dh njsa lcls mPp gksus ls bUgSa dk;kZns'k fn;k tkos A
E21: =MASTER!C7 -> iz/kkukpk;Z
E22: =MASTER!C8 -> jktdh; mPp ek/;fed fo|ky;
E23: =MASTER!C9 -> dkadjksyh ftyk & jktleUn

Sheet HRA APPLICATION
A1: ekLVj 'khV esa dkfeZd dk flfj;y uEcj %& | G1: 1
A3: fdjk;s ds edku esa jgus okys jkT; deZpkjh ds fy, edku fdjk;k HkRrk izkIr djus gsrq vkosnu i=
A5: 1- dkfeZd dk uke %& | D5: =(INDEX(MASTER!B13:B47,MATCH('HRA APPLICATION'!G1,MASTER!A13:A47,0))) -> Jh izeksn dqekj ikyhoky
A6: 2- in ,oa foHkkx ftlesa fu;qDr gS | D6: =(INDEX(MASTER!C13:C47,MATCH('HRA APPLICATION'!G1,MASTER!A13:A47,0))) -> प्रधानाचार्य
C7: =MASTER!C6 -> Jh ckyd`".k fo/kk Hkou jktdh; mPp ek/;fed fo|ky; dkadjksyh ftyk & jktleUn
A9: 3- edku ekfyd dk uke ,oa fdjk;s ds edku dk iwjk irk %&
A12: 4- fn;k tkus okyk ekfld fdjk;k %&
A14: 5- fu;eksa ds vUrxZr Lohd`r edku fdjk;k HkRrs dh jde %& | G14: 500
A17: 6- fdjk;s ds edku dks ysus dh rkjh[k %& | G17: 12.12.2020
A19: izekf.kr fd;k tkrk gS fd %&
A20: ( i ) eSa uxjikfydk {ks=@xkao | D20: dkadjksyh | F20: esa fLFkr edku esa fdjk;s ij jg jgk gwaA
A21: ( ii) eq>s ljdkjh fuokl LFkku ugha feyk gSA
A22: ( iii) ftl edku dk fdjk;k HkRrk ekaxk x;k gS] mldk dksbZ Hkh Hkkx u rks nwljs dks fdjk;s ij fn;k x;k gS
A23: vkSj u gh eq> ij iwjh rjg vkfJr vFkok esjs dqVqEc ds O;fDr;ksa ds vfrfjDr mlesa dksbZ jgrk gSA
A24: ( iv ) esjh ifRu@ifr] esjs fu;qfDr LFkku ij] u jkT; lsok esa gSa vkSj u vU; ifCyd@izkbZosV {ks= esa fu;qfDr
A25: ij gSA
A26: vFkok
A27: esjh ifRu@ifr esjs fu;qfDr ds LFkku ij] jkT; lsok esa gS ;k ifCyd@izkbZosV {ks= esa fu;kstu esa fu;qfDr
A28: ij gS vkSj og jkT; ljdkj@vU; fu;kstu ls edku fdjk;k HkRrk ugha y s jgk gSA
A29: ¼tks dke dk u gks mls dkV nsosa½
A30: ( v ) izekf.kr fd;k tkrk gS fd esjs v/khuLFk edku dk okLro esa fn;k x;k fdjk;k] eq>s Lohd`r fd;s x;s
A31: edku fdjk;s ls de ugha gS@FkkA
A32: ( vi ) esjh ifRu@ifr dks dsUnzh; ljdkj@jkT; ljdkj@,d vksVksuksel ifCyd vUMjVsfdax ;k v)Z jktdh;
A33: laLFkku }kjk mlh LFkku ij dkSVqfEcd fuokl ¼Qsfeyh ,dkseksMs'ku½ vyksV ugha fd;k x;k gSA
A34: fnukad % | B34: 12.12.2020
F36: gLrk{kj dkfeZd
E37: in | F37: =D6 -> प्रधानाचार्य
E38: foHkkx | F38: f'k{kk foHkkx
A39: dk;kZy;k/;{k ds dk;kZy; esa mi;ksx gsrq
A40: izekf.kr fd;k tkrk gS %&
A41: ¼1½ eSaus edku fdjk;s HkRrs ds ekax dh tkap dj yh gS vkSj eq>s lUrqf"V gS fd ekax fu;eksa ds
A42: vuqdwy gSA ljdkj }kjk Lohd`r izek.k&i= jkT; deZpkjh ls izkIr dj fy;s x;s gSA
A43: ¼2½,rn~}kjk edku fdjk;k HkRrk :Ik;s | D43: 500 | F43: dk Lohd`r fd;k tkrk gSA
A44: fnukad % | B44: =B34 -> 12.12.2020
F45: =MASTER!C7 -> iz/kkukpk;Z
F46: =MASTER!C8 -> jktdh; mPp ek/;fed fo|ky;
F47: =MASTER!C9 -> dkadjksyh ftyk & jktleUn

Sheet HRA SANCTION ORDER
B1: ekLVj 'khV esa dkfeZd dk flfj;y uEcj %& | E1: 1
A3: dzekad&jkckyd`".kmekfo@dkad@Qk& 102@2020&21@ fnukad % 06-01-2021
A4: dk;kZy; vkns’k
A5: Jheku ftyk f’k{kk vf/kdkjh ¼eq[;ky;½]ek/;fed jktleUn ds vkns’k Øekad&
A6: fnukad 06-01-2021
A7: }kjk LFkkuh; fo|ky; esa uofu;qDr dkfeZd | E7: =(INDEX(MASTER!B13:B47,MATCH('HRA SANCTION ORDER'!E1,MASTER!A13:A47,0))) -> Jh izeksn dqekj ikyhoky
A8: in | B8: =(INDEX(MASTER!C13:C47,MATCH('HRA SANCTION ORDER'!E1,MASTER!A13:A47,0))) -> प्रधानाचार्य | D8: dk ifjoh{kkdky lekfIr i'pkr~
A9: LFkk;hdj.k fd;s tkus ds dkj.k jktLFkku flfoy lsok ¼iqujhf{kr½ fu;e 2017
A10: edku fdjk;k HkÙkk fu;e ,Q 6¼4½,Q Mh :Yl 2017 t;iqj fnukad 30-10-2017 ds
A11: vuqlj.k esa dkfeZd dks ewy osru dk | D11: 8 | E11: izfr’kr edku fdjk;k HkÙkk
A12: fuEukuqlkj Lohd`r fd;k tkrk gSA
A13: Ø-l- | B13: uke dkfeZd | C13: ijhoh{kkdky iw.kZ gksus ij LFkk;hdj.k dh frfFk | D13: ewy osru | E13: is esfVªDl ysoy | F13: edku fdjk;k HkÙkk dh jkf'k | G13: edku fdjk;k HkÙkk ns; frfFk
A14: 1 | B14: 2 | C14: 3 | D14: 4 | E14: 5 | F14: 6 | G14: 7
A15: 1- | B15: =E7 -> Jh izeksn dqekj ikyhoky | C15: 43899 | D15: 77000 | E15: L-5 | F15: 1664 | G15: 09-03-2020 ls
E17: =MASTER!C7 -> iz/kkukpk;Z
E18: =MASTER!C8 -> jktdh; mPp ek/;fed fo|ky;
E19: =MASTER!C9 -> dkadjksyh ftyk & jktleUn
A20: =A3 -> dzekad&jkckyd`".kmekfo@dkad@Qk& 102@2020&21@ fnukad % 06-01-2021
A21: izfrfyfi vko’;d dk;Zokgh ,oa lwpukFkZ%&
A22: 1- | B22: Jheku ftyk f’k{kk vf/kdkjh ek/;fed | E22: jktleUn
A23: 2- | B23: Jheku ftyk dks"kkf/kdkjh | D23: =MASTER!G10 -> jktleUn ftyk & jktleUn
A24: 3- | B24: lacaf/kr dkfeZd Jh
A25: 4- | B25: futh i=koyhA
A26: 5- | B26: dk;kZy; iaftdkA
E28: =E17 -> iz/kkukpk;Z
E29: =E18 -> jktdh; mPp ek/;fed fo|ky;
E30: =E19 -> dkadjksyh ftyk & jktleUn

Sheet HRA RENT RECIEPT
A6: RECEIPT OF HOUSE RENT
A7: Under Section 1 (13 – A) of Income Tax Act
A8: Received a sum of Rs. | F8: (Rupees
F9: only) towards House Rent @
A10: Rs. (Rupees | F10: only) per month from
A11: to | D11: from Dr/Sri/Smt
A12: in respect of House No
A13: situated at
E15: (Affix Revenue Stamp of Rs.1/-)
E16: Signature of the House Owner
D17: Name:
D18: Address:
D22: PAN No:
A23: Note:
A24: 1. PAN of Owner not mandatory
A25: 2. Revenue stamp necessary for Transaction more than Rs.5000/-
A26: Date:

Sheet VARDI CASH PAYMENT ORDER
A1: t; Jh jke
A2: =MASTER!C6 -> Jh ckyd`".k fo/kk Hkou jktdh; mPp ek/;fed fo|ky; dkadjksyh ftyk & jktleUn
A3: dk;kZy; vkns’k
A4: jkT; ljdkj ds vkns’k Øekad & i-6¼2½@lkiz@3@81 fnukad 16-06-2015 ds vuqlkj prqFkZ Js.kh deZpkfj;ksa dks onhZ ds LFkku ij onhZ HkRrs dh jkf’k dk udn Hkqxrku djus ds vkns’k gksus ds dkj.k vkns’k dh ikyuk esa bl fo|ky; ds
A5: fuEukfdar prqFkZ Js.kh deZpkfj;ksa dks o"kZ | D5: 2021 & 2022 | F5: dh onhZ HkRrs dh
A6: jkf’k dk udn Hkqxrku djus dh Lohd`fr iznku dh tkrh gS A
A7: Ø-l- | B7: uke dkfeZd | C7: in | D7: Lohd`r jkf’k | E7: cSad dk uke | F7: cSad [kkrk la[;k
A8: 1- | B8: 2- | C8: 3- | D8: 4- | E8: 5- | F8: 6-
A9: 1- | B9: Jh bUnj flag jktiwr | C9: iz-’kk-ls- | D9: 1650 | E9: SBI KANKROLI
A10: 2- | B10: Jherh dapu luk<; | C10: p-Js-d | D10: 1950 | E10: SBI KANKROLI
A11: 3-
A12: 4-
A13: 5-
A14: 6-
A15: 7-
B16: egk;ksx | D16: =SUM(D9:D15) -> 3600
B17: v{kjs :i;s lkr gtkj ikap lkS ek=
D20: =MASTER!C7 -> iz/kkukpk;Z
D21: =MASTER!C8 -> jktdh; mPp ek/;fed fo|ky;
D22: =MASTER!C9 -> dkadjksyh ftyk & jktleUn
A23: Øekad@jkmekfo@ dkadjksyh @ys[kk@Qk&4@2021&22@316 fnukad 07-07-2021
A24: izfrfyfi lwpukFkZ ,oa ikyukFkZ % &
A25: 1& Jheku ftyk dks"kkf/kdkjh egksn; | D25: =MASTER!G10 -> jktleUn ftyk & jktleUn
A26: 2& ys[kk ’kk[kk e; nks izfrfyfi A
A27: 3& lacaf/kr Jh ------------------------------------------------------------------------------A
A28: 4& O;fDrxr iaftdk Jh --------------------------------------------------------------A
A29: 5& dk;kZy; izfr A
D31: =D20 -> iz/kkukpk;Z
D32: =D21 -> jktdh; mPp ek/;fed fo|ky;
D33: =D22 -> dkadjksyh ftyk & jktleUn

Sheet FIRST DEDUCTION FOR S.I. GA 79
K1: Schedule -B | M1: G.A.79
A2: Government Of Rajasthan
A3: Office- State of First Deduction on Account of Insurence Primium For The Month - MARCH | K3: 2021
A4: Classsification – R- UNFUNDED DEBIT – Other Account
A5: State Government Insurence Fund
A6: Department - | D6: PRINCIPAL GOVT . SR. SECONDARY SCHOOL KANKROLI DISTIK - RAJSAMAND
A8: S.No. | B8: Name | C8: Designation | D8: Date of Parmanent Apointment | E8: Monthly pay | F8: Month Primium Realised | G8: Remark | H8: For Insurence Departmet Use | L8: Initial | M8: Remark
H9: Adjusted to Words
H10: Primium | I10: Policy No. | J10: Suspence | K10: Ded. No.
A12: 1 | B12: SANTOSH PURBIYA SEN | C12: LECTURER | D12: 27.06.2019 | E12: 45600 | F12: 5000
A13: 2
A14: 3
A15: 4
A16: 5
A17: 6
E18: TOTAL | F18: =SUM(F12:F17) -> 5000
A19: Note - This form is to be used only for officials in regard in whom recoveries are to be made for the first time.
A20: Certified thet recoveries amounting to Rs. | E20: =F18 -> 5000 | F20: have been made from pay Bill No | J20: 77 | K20: Date | L20: 21.05.2020
B24: DDO SIG. | K24: Treasury officer

Sheet SI LOAN INTEREST CALCULAR
A1: State Insurance Loan Interest Calculator
A2: Name | B2: BHAGWATI LAL SANADHYA | D2: Policy No. | E2: 563265 | G2: Employee ID | H2: RJRA198631004041
G3: Intrest Rate
A4: DoD | B4: 01.04.2013 | C4: Sanctioned Loan Amount | E4: 209000 | G4: 8.5
A5: S.No. | B5: Deduction Month | C5: EMI RS. | D5: Outstanding Loan | E5: Interest
A6: 1 | B6: 43891 | C6: 9000 | D6: =E4-C6 -> 200000 | E6: =(C6+D6)*G4/1200 -> 1480.4167 | H6: Rate of Interest | I6: Rate
A7: 2 | C7: 9000 | D7: =D6-C7 -> 191000 | E7: =(C7+D7)*G4/1200 -> 1416.6667 | H7: Upto 19.9.1985 | I7: 0.06
A8: 3 | C8: 9000 | D8: =D7-C8 -> 182000 | E8: =(C8+D8)*G4/1200 -> 1352.9167 | H8: From 20.9.1985 | I8: 0.1
A9: 4 | C9: 9000 | D9: =D8-C9 -> 173000 | E9: =(C9+D9)*G4/1200 -> 1289.1667 | H9: From 01.04.1998 | I9: 0.12
A10: 5 | C10: 9000 | D10: =D9-C10 -> 164000 | E10: =(C10+D10)*G4/1200 -> 1225.4167 | H10: From 01.04.2002 | I10: 0.095
A11: 6 | C11: 9000 | D11: =D10-C11 -> 155000 | E11: =(C11+D11)*G4/1200 -> 1161.6667 | H11: From 10.05.2004 | I11: 0.085
A12: 7 | C12: 9000 | D12: =D11-C12 -> 146000 | E12: =(C12+D12)*G4/1200 -> 1097.9167
A13: 8 | C13: 9000 | D13: =D12-C13 -> 137000 | E13: =(C13+D13)*G4/1200 -> 1034.1667
A14: 9 | C14: 9000 | D14: =D13-C14 -> 128000 | E14: =(C14+D14)*G4/1200 -> 970.41667
A15: 10 | C15: 9000 | D15: =D14-C15 -> 119000 | E15: =(C15+D15)*G4/1200 -> 906.66667
A16: 11 | C16: 9000 | D16: =D15-C16 -> 110000 | E16: =(C16+D16)*G4/1200 -> 842.91667
A17: 12 | C17: 9000 | D17: =D16-C17 -> 101000 | E17: =(C17+D17)*G4/1200 -> 779.16667
A18: 13 | C18: 9000 | D18: =D17-C18 -> 92000 | E18: =(C18+D18)*G4/1200 -> 715.41667
A19: 14 | C19: 9000 | D19: =D18-C19 -> 83000 | E19: =(C19+D19)*G4/1200 -> 651.66667
A20: 15 | C20: 9000 | D20: =D19-C20 -> 74000 | E20: =(C20+D20)*G4/1200 -> 587.91667
A21: 16 | C21: 9000 | D21: =D20-C21 -> 65000 | E21: =(C21+D21)*G4/1200 -> 524.16667
A22: 17 | C22: 9000 | D22: =D21-C22 -> 56000 | E22: =(C22+D22)*G4/1200 -> 460.41667
A23: 18 | C23: 9000 | D23: =D22-C23 -> 47000 | E23: =(C23+D23)*G4/1200 -> 396.66667
A24: 19 | C24: 9000 | D24: =D23-C24 -> 38000 | E24: =(C24+D24)*G4/1200 -> 332.91667
A25: 20 | C25: 9000 | D25: =D24-C25 -> 29000 | E25: =(C25+D25)*G4/1200 -> 269.16667
A26: 21 | C26: 9000 | D26: =D25-C26 -> 20000 | E26: =(C26+D26)*G4/1200 -> 205.41667
A27: 22 | C27: 9000 | D27: =D26-C27 -> 11000 | E27: =(C27+D27)*G4/1200 -> 141.66667
A28: 23 | C28: 9000 | D28: =D27-C28 -> 2000 | E28: =(C28+D28)*G4/1200 -> 77.916667
A29: 24 | C29: 2000 | D29: =D28-C29 -> 0 | E29: =(C29+D29)*G4/1200 -> 14.166667
A30: 25 | C30: 0 | D30: =D29-C30 -> 0 | E30: =(C30+D30)*G4/1200 -> 0
A31: 26 | C31: 0 | D31: =D30-C31 -> 0 | E31: =(C31+D31)*G4/1200 -> 0
A32: 27 | C32: 0 | D32: =D31-C32 -> 0 | E32: =(C32+D32)*G4/1200 -> 0
A33: 28 | C33: 0 | D33: =D32-C33 -> 0 | E33: =(C33+D33)*G4/1200 -> 0
A34: 29 | C34: 0 | D34: =D33-C34 -> 0 | E34: =(C34+D34)*G4/1200 -> 0
A35: 30 | C35: 0 | D35: =D34-C35 -> 0 | E35: =(C35+D35)*G4/1200 -> 0
A36: 31 | C36: 0 | D36: =D35-C36 -> 0 | E36: =(C36+D36)*G4/1200 -> 0
A37: 32 | C37: 0 | D37: =D36-C37 -> 0 | E37: =(C37+D37)*G4/1200 -> 0
A38: 33 | C38: 0 | D38: =D37-C38 -> 0 | E38: =(C38+D38)*G4/1200 -> 0
A39: 34 | C39: 0 | D39: =D38-C39 -> 0 | E39: =(C39+D39)*G4/1200 -> 0
A40: 35 | C40: 0 | D40: =D39-C40 -> 0 | E40: =(C40+D40)*G4/1200 -> 0
A41: 36 | C41: 0 | D41: =D40-C41 -> 0 | E41: =(C41+D41)*G4/1200 -> 0
A42: 37 | C42: 0 | D42: =D41-C42 -> 0 | E42: =(C42+D42)*G4/1200 -> 0
A43: 38 | C43: 0 | D43: =D42-C43 -> 0 | E43: =(C43+D43)*G4/1200 -> 0
A44: 39 | C44: 0 | D44: =D43-C44 -> 0 | E44: =(C44+D44)*G4/1200 -> 0
A45: 40 | C45: 0 | D45: =D44-C45 -> 0 | E45: =(C45+D45)*G4/1200 -> 0
A46: 41 | C46: 0 | D46: =D45-C46 -> 0 | E46: =(C46+D46)*G4/1200 -> 0
A47: 42 | C47: 0 | D47: =D46-C47 -> 0 | E47: =(C47+D47)*G4/1200 -> 0
A48: 43 | C48: 0 | D48: =D47-C48 -> 0 | E48: =(C48+D48)*G4/1200 -> 0
A49: 44 | C49: 0 | D49: =D48-C49 -> 0 | E49: =(C49+D49)*G4/1200 -> 0
A50: 45 | C50: 0 | D50: =D49-C50 -> 0 | E50: =(C50+D50)*G4/1200 -> 0
A51: 46 | C51: 0 | D51: =D50-C51 -> 0 | E51: =(C51+D51)*G4/1200 -> 0
A52: 47 | C52: 0 | D52: =D51-C52 -> 0 | E52: =(C52+D52)*G4/1200 -> 0
A53: 48 | C53: 0 | D53: =D52-C53 -> 0 | E53: =(C53+D53)*G4/1200 -> 0
A54: 49 | C54: 0 | D54: =D53-C54 -> 0 | E54: =(C54+D54)*G4/1200 -> 0
A55: 50 | C55: 0 | D55: =D54-C55 -> 0 | E55: =(C55+D55)*G4/1200 -> 0
A56: 51 | C56: 0 | D56: =D55-C56 -> 0 | E56: =(C56+D56)*G4/1200 -> 0
A57: 52 | C57: 0 | D57: =D56-C57 -> 0 | E57: =(C57+D57)*G4/1200 -> 0
A58: 53 | C58: 0 | D58: =D57-C58 -> 0 | E58: =(C58+D58)*G4/1200 -> 0
A59: 54 | C59: 0 | D59: =D58-C59 -> 0 | E59: =(C59+D59)*G4/1200 -> 0
A60: 55 | C60: 0 | D60: =D59-C60 -> 0 | E60: =(C60+D60)*G4/1200 -> 0
A61: 56 | C61: 0 | D61: =D60-C61 -> 0 | E61: =(C61+D61)*G4/1200 -> 0
A62: 57 | C62: 0 | D62: =D61-C62 -> 0 | E62: =(C62+D62)*G4/1200 -> 0
A63: 58 | C63: 0 | D63: =D62-C63 -> 0 | E63: =(C63+D63)*G4/1200 -> 0
A64: 59 | C64: 0 | D64: =D63-C64 -> 0 | E64: =(C64+D64)*G4/1200 -> 0
A65: 60 | C65: 0 | D65: =D64-C65 -> 0 | E65: =(C65+D65)*G4/1200 -> 0
A66: Total Intrest | E66: =SUM(E6:E65) -> 17935
A70: uksV %& 1- chek _.k ckWDl esa Lohd`r _.k dh jkf'k vafdr djuh gS u fd izkIr Hkqxrku dh jkf'kA 2- _.k C;kt dh x.kuk gsrq _.k izkfIr ds le; ykxw C;kt nj ckWDl esa crkbZ gqbZ _.k C;kt nj ls C;kt x.kuk dh tkosA 3- chek _.k dh okilh chesnkj ds foHkkx }kjk dVkSrh i= ds _.k okilh dkWye esa ntZ gksus okyh jkf'k gh vafdr dh tkosA 4- chesnkj us ;fn iwoZ esa _.k C;kt jkf'k tek djokbZ gS vkSj mls _.k C;kt ds dkWye esa vafdr dj tek djokbZ gS rks gh tek djokuk ekuk tk,xk vkSj ;fn _.k dkWye esa gh _.k C;kt vafdr dj fn;k gS rks _.k C;kt tek djokuk ugha ekuk tk;sxkA 5- mDr C;kt x.kuk esa iSuy bUVjsLV dh x.kuk 'kkfey ugha gS A blds fy, foHkkx ds lacaf/kr ftyk dk;kZy; ls lEidZ fd;k tkos A 6- mDr _.k C;kt x.kuk dh i)fr ds laca/k esa vf/kd tkudkjh ds fy, foHkkx ds LFkkuh; dk;kZy; ls lEidZ fd;k tk ldrk gSA

Sheet TRANSFER OF CHARGE DDO
A1: GOVERNMENT OF RAJASTHAN
A2: राजस्थान सरकार
A3: GF&AR (GA 13)
A4: Certificate oF Transfer of Charge
A5: कार्यभार हस्तान्तरण-पत्र
A6: Certificate That I have handed over/taken over Charge of The Office-
A7: Government Sr. Sec. School, Rooppura | E7: In the Fore Noon of this day of | H7: 43840
A9: प्रमाणित किया जाता है कि मैनें | E9: =MASTER!C6 -> Jh ckyd`".k fo/kk Hkou jktdh; mPp ek/;fed fo|ky; dkadjksyh ftyk & jktleUn
A10: का तिथि | B10: 43840 | C10: को मध्यांतर के पहले | E10: कार्यभार दे दिया है / ले लिया है।
A12: Relieved officer (कार्यभार देने वाला अधिकारी) | F12: Relieving officer (कार्यभार लेने वाला अधिकारी)
A13: Mr. sanadhya | F13: Mr. trivedi
A14: Principal | F14: Principal
A16: Memo of the Balance for which responsibility is accepted by the officer receiving charge-
A17: अवशेष जिनका उतरदायित्व कार्यभार सम्भालने वाला अधिकारी स्वीकार करता है।
A18: 1- General Cash(Amount) नकद रकम
B19: राजकीय रोकड़ पंजिका | D19: छात्रकोष रोकड़ पंजिका | F19: विकासकोष रोकड़ पंजिका | H19: कारपस फण्ड
A20: बैंक A/c
A21: नकद
A22: कुल योग | B22: 0 | D22: 0 | F22: 0 | H22: 0
A23: 2- Imprest(Amount) पेशगी-
A24: 3- Stamps(Value) स्टाम्प्स मूल्य-
A25: 4- Stores (Book Value) स्टोर्स किताबी कीमत-
A26: 5- Unused Cheques(Number)प्रयोग में न लाये हुए चैक न--
B27: राजकीय रोकड़ पंजिका | D27: छात्रकोष रोकड़ पंजिका | F27: विकासकोष रोकड़ पंजिका | H27: कारपस फण्ड
A28: चैक नं.
A30: कुल संख्या | B30: 0 | D30: 0 | F30: 0 | H30: 0
A31: 6- Receipt Book(Number& Value)- रसीद की किताबें- | E31: 1. कार्यालय बुक न0 .............................. | H31: भरी .................... चालू
E32: 2. परीक्षा बुक न0 .................................. | H32: भरी .................... चालू
E33: 3. विकास शुल्क बुक न0 ....................... | H33: भरी .................... चालू
E34: 4. छात्रकोष बुक न0 .............................. | H34: भरी .................... चालू
A35: 7- Service Book (Number&Value ) कार्यालय में -
A36: 8- Service Rolls (Number&Value ) कार्यालय में -
A37: 9- Digital Dongle (Number&Value ) कार्यालय में -
A39: Relieved officer (कार्यभार देने वाला अधिकारी) | F39: Relieving officer (कार्यभार लेने वाला अधिकारी)
A40: =A13 -> Mr. sanadhya | F40: =F13 -> Mr. trivedi
A41: =A14 -> Principal | F41: =F14 -> Principal
A42: प्रेषित-
A43: 1. निदेशक माध्यमिक शिक्षा राजस्थान, बीकानेर
A44: 2. उपनिदेशक माध्यमिक शिक्षा-----------------------------
A45: 3. मुख्य जिला शिक्षा अधिकारी -----------------------------
A46: 4. उपकोषाधिकारी -------------------------------------------
A47: 5. शाखा प्रबंधक ---------------------------------------------
A48: 6. सम्बंधित अधिकारी --------------------------------------
A49: 7. कार्यालय प्रति |

Sheet DONGLE ACTIVE VERIFY FORM
A1: =MASTER!C6 -> Jh ckyd`".k fo/kk Hkou jktdh; mPp ek/;fed fo|ky; dkadjksyh ftyk & jktleUn
A2: dzekad@jkmekfo@dkaadjksyh@ys[kk@Qk- @2020&21@ fnukad : 29-03-2021
A3: lsokesa ]
B4: Jheku ftyk dks"kkf/kdkjh egksn; ]
B5: =MASTER!G10 -> jktleUn ftyk & jktleUn
A7: fo"k;&fMftVy gLrk{kj ACTIVE / VERIFY djokus gsrqA
A8: egksn;]
A9: mijksDr fo’k;kUrxZr fuosnu gS fd bl dk;kZy; ds vkgj.k ,oa forj.k
A10: vf/kdkjh ds :i esa osru foi=ksa ij fMftVy gLrk{kj gsrq vf/kd`r v/kksgLrk{kjrkZ }kjk
A11: is&eSustj ij fMftVy gLrk{kj dk jftLVªs”ku djok fn;k x;k gS fooj.k fuEukuqlkj gS%&
A13: dk;kZy; dk Mh-Mh-vks- dksM uECkj %& | F13: =MASTER!C10 -> 18341
A14: dk;kZy; dh vkWfQl vkbZMh %& | F14: =MASTER!C10 -> 18341
A15: vkgj.k ,oa forj.k vf/kdkjh dk uke %& | F15: Jh Hkxorh yky luk<;
A16: in %& | F16: iz/kkukpk;Z
A17: in ij dk;Zxzg.k fnukad %& | F17: 15.12.2020
A18: ewy inLFkkiu@vfrfjDr dk;ZHkkj ¼03 ikoj½ %& | F18: 15.12.2021
A20: ;fn vfrfjDr dk;ZHkkj ¼03 ikoj½ gks rks | F20: gka@ugha
A21: vfrfjDr dk;ZHkkj xzg.k fnukad %& | F21: 15.12.2020
A22: ewy inLFkkiu LFkku o in %& | F22: iz/kkukpk;Z jkmekfo dkadjksyh
A24: D;k iwoZ inLFkkfir@vfrfjDr dk;ZHkkj xzfgr
A25: vkgj.k ,oa forj.k vf/kdkjh }kjk gLrk{kj DEACTIVE djus gsr q Lo;a dk vf/kd`r
A26: i= midks’k esa izLrqr dj fn;k x;k gS ¼fpfUgr djsa½ %& | G26: gk¡@ugha@ykxq ugha
A27: eksckby uEcj %& | F27: 8209921634
A28: bZ&esy vkbZMh %& | F28: blsanadhya@gmail.com
A29: fMftVy gLrk{kj jftLVªs'ku fnukad %& | F29: 15.12.2022
A31: blh dze esa fuosnu gS fd v/kksgLrk{kjrkZ ds fMftVy gLrk{kj dks
A32: ACTIVE/VERIFY djus dk Je djkosA
F34: =MASTER!C7 -> iz/kkukpk;Z
F35: =MASTER!C8 -> jktdh; mPp ek/;fed fo|ky;
F36: =MASTER!C9 -> dkadjksyh ftyk & jktleUn
F37: MhMhvks dksM %& | H37: =MASTER!C10 -> 18341

Sheet DONGLE DEACTIVATE FORM
A5: =MASTER!C6 -> Jh ckyd`".k fo/kk Hkou jktdh; mPp ek/;fed fo|ky; dkadjksyh ftyk & jktleUn
A6: dzekad@jkmekfo@dkaadjksyh@ys[kk@Qk- @2020&21@ fnukad : 29-03-2021
A8: lsokesa ]
B9: Jheku ftyk dks"kkf/kdkjh egksn; ]
B10: =MASTER!G10 -> jktleUn ftyk & jktleUn
B12: fo"k; %& fMftVy Mksaxy DEACTIVATE djokus gsrq A
A14: egksn; th ]
B15: mi;qZDr fo"k;kUrxZr fuosnu gS fd dk;kZy; funs'kd egksn; ] ek/;fed f'k{kk]
A16: jktLFkku chdkusj ds vkns'k dzekad %& f'kfojk@ek@laLFkk@ch & 2@45002@iz/kkukpk;Z@
A17: LFkkukUrj.k@2021 fnukad %& 04-01-2020 | F17: ds vuqlkj LFkkuh; fo/kky;@dk;kZy; ds
A18: DDO / PRINCIPAL | D18: Jh Hkxorh yky luk<; | G18: dk LFkkukUrj.k@inkSUufr
A19: jkmekfo dkadjksyh ftyk & jktleUn | F19: esa gks x;k gSA
B20: vr% is esustj ij osru foi=ksa ij gLrk{kj gsrq dke esa fy;k tkus okyk
A21: fMftVy Mksaxy dks DDO CODE | E21: =MASTER!C10 -> 18341 | G21: GSSS KANKROLI
A22: ls | B22: UNMAPPING / DEACTIVATE djokus dk d"V djkosa A
F25: =MASTER!C7 -> iz/kkukpk;Z
F26: =MASTER!C8 -> jktdh; mPp ek/;fed fo|ky;
F27: =MASTER!C9 -> dkadjksyh ftyk & jktleUn
F28: MhMhvks dksM %& | H28: =E21 -> 18341

Sheet LPC
A1: ekLVj 'khV esa dkfeZd dk flfj;y uEcj %& | F1: 18
A3: G.A. - 62 | C3: GOVERNMENT OF RAJASTHAN | K3: New Form No. G.A. - 35
A4: GFAR- 162 | C4: jktLFkku ljdkj | K4: Rule 62
A5: Office - | C5: ------------------------- | I5: Department | K5: -----------------------------
A6: dk;kZy; | C6: =MASTER!C6 -> Jh ckyd`".k fo/kk Hkou jktdh; mPp ek/;fed fo|ky; dkadjksyh ftyk & jktleUn | J6: foHkkx | K6: =MASTER!M10 -> f'k{kk
A7: Book No. - | C7: ------------------------- | E7: Last Pay Certificate | K7: S. No. - | L7: ------------------
A8: iqLrd la[;k | C8: RJRA198631004041 | E8: xr Hkqxrku izek.k i= | K8: Øe la[;k
A10: 1 | B10: Last Pay Certificate of Shri/Smt./ Ms | I10: of the Department
B11: xr Hkqxrku izek.k i= Jh@Jherh@lqJh | E11: =(INDEX(MASTER!B13:B47,MATCH(LPC!F1,MASTER!A13:A47,0))) -> 0 | I11: foHkkx | K11: =K6 -> f'k{kk
B12: of the | E12: Proceeding on | J12: to
B13: tks | C13: inksUufr | E13: ij | G13: jkmekfo dkadjksyh | J13: ls | K13: jkmekfo dkadjksyh | M13: dks tk jgs gSa
A14: 2 | B14: He has been paid upto | I14: at the following rates :-
B15: budks Hkqxrku fnukad | D15: 31.07.2021 | I15: rd fuEufyf[kr nj ls fd;k tk pqdk gS %&
C17: Perticulers foxr | H17: Rates nj | L17: Gross Salary
C18: (i) | D18: Substantive Pay ewy osru | I18: =(INDEX(MASTER!E13:E47,MATCH(LPC!F1,MASTER!A13:A47,0))) -> 0 | L18: dqy osru
C19: (ii) | D19: Officiating Pay LFkkukiUu osru | I19: 0 | L19: =I18+I21+I22+I23+I24+I25 -> 0
C20: (iii) | D20: Special Pay fo'ks"k osru | I20: 0
C21: (iv) | D21: Allowance HkÙks ¼eg¡xkbZ HkÙkk½ | H21: 17 | I21: =ROUND(I18*H21%,0) -> 0
D22: (a) | E22: House edku fdjk;k | H22: 8 | I22: =ROUND(I18*H22%,0) -> 0
D23: (b) | E23: Horse/Camel ?kksM+k@Å¡V | I23: 0
D24: (c) | E24: Conveyance lokjh | I24: 0
D25: (d) | E25: Others vU; | I25: 0
E26: Deductions dVkSfr;k¡
A28: 3 | B28: He made over charge of the office of | F28: ----------------------------------- | I28: on the B.N. / A.N. of | K28: -----------------------------
B29: mUgksaus | C29: =C6 -> Jh ckyd`".k fo/kk Hkou jktdh; mPp ek/;fed fo|ky; dkadjksyh ftyk & jktleUn | K29: dk dk;ZHkkj fnukad | M29: =D15 -> 31.07.2021
B30: dks e/;kà ds igys@ihNs lkSai fn;k gSA
A31: 4 | B31: Recoveries are to be made from the pay of government Servent as details on Reverse.
B32: fiNys i`"B ij fy[ks vuqlkj deZpkjh ls olwfy;k¡ djuh gSA
A33: 5 | B33: He has been paid leave salary as detailed below. budks fuEufyf[kr vodk'k osru ns fn;k gSA
B34: Deductions have been made as noted on the reverse. fiNys i`"B ij fy[kh dVkSfr;k¡ dj yh xbZ gSA
D35: Period vof/k | H35: Rate nj | K35: Amount jde
B36: From | C36: --------------------------------- | E36: to | F36: ----------------------- | H36: at Rs. | I36: ------------------------------ | K36: a month | L36: ------------------
B37: fnukad ls | E37: fnukad rd | H37: nj :- | K37: ekgokj
B38: " | C38: --------------------------------- | E38: " | F38: ----------------------- | H38: " | I38: ------------------------------ | K38: " | L38: ------------------
A39: 6 | B39: He is entitled to draw the folowwing amount. ;g fuEufyf[kr jde ysus ds gdnkj gSA
A41: 7 | B41: He is entitled to joining time for | E41: ----------------------------------- | H41: days.
B42: budks nwljh txg dk;ZHkkj laHkkyus ds fy;s fu;ekuqlkj | H42: fnu rd dk le; fey ldrk gSA
A43: 8 | B43: He finances the insurance policies detailed below from the provident fund.
B44: budkh fuEufyf[kr ikWfyfl;ksa dk Hkqxrku izksfoMsUV Q.M ls fd;k tkrk gSA
A45: Name of Insurance Company or State Insurance Department | F45: Number of Policy | I45: Amount of Premium | K45: Due date for the Payment of Premium
A46: chek dk uke ;k jktdh; chek foHkkx | F46: ikWfylh uEcj | I46: fd'r dh jkf'k | K46: fd'r Hkqxrku dk fnukad
A47: 1 | F47: 2 | I47: 3 | K47: 4
A48: General Provident fund / E.Cpen.F. | F48: 570605 | I48: 3575 | K48: 31.07.2021
A49: State Insurance | F49: 563265 | I49: 7000 | K49: =K48 -> 31.07.2021
A50: R.P.M.F. | F50: 0 | I50: 875 | K50: =K49 -> 31.07.2021
A51: Life Insurance | F51: 123456789 | I51: 777 | K51: =K50 -> 31.07.2021
A52: INCOME TAX | F52: AOXPS2923R | I52: 10 | K52: =K50 -> 31.07.2021
A53: OTHER | F53: 0 | I53: 10 | K53: 31.07.2021
A54: OTHER | F54: 0 | I54: 10 | K54: =K51 -> 31.07.2021
A55: 9 | B55: The details of Income Tax recovered from him up to date from the bigining of the current year are noted on the Reverse.
B56: vk;dj dh foxr] tks pkyw o"kZ esa vkt rd olwy gqvk gS fiNys i`"B ij fyf[kr gSA
K58: Signature
B59: Date | K59: gLrk{kj
B60: fnukad | C60: 01.10.2021 | K60: Designation
K61: in
A70: LAST PAY CERTIFICATE
A71: xr Hkqxrku izek.k i=
A72: Reverse
A73: Details of Recoveries (Part- 4) olwfy;ksa dh foxr
A74: Nature of Recovery | E74: Total Amount Recoverable | G74: No. of Installments | I74: Amount already Recovered | K74: Balance Recoverable
A75: olwyh dh foxr | E75: olwyh ;ksX; dqy jde | G75: fd'rksa dh la[;k | I75: olwy dh xbZ jde | K75: 'ks"k olwyh ;ksX; jde
A76: (i) | B76: NIL | E76: NIL | G76: NIL | I76: NIL | K76: NIL
A77: (ii)
A78: (iii)
A79: (iv)
A82: Deductions made from Leave Salary (Part- 5) vodk'k osru ls dh xbZ dVkSfr;ksa dh foxr
B84: From | E84: to | H84: an account of | K84: Rs.
B85: fnukad ls | E85: fnukad rd | H85: ckcr | K85: :-
B86: " | E86: " | H86: " | K86: "
B87: " | E87: " | H87: " | K87: "
B88: " | E88: " | H88: " | K88: "
A91: Income Tax Deductions (Part- 6) vk;dj dVkSfr;k¡ dh foxr
A93: Name of Month | D93: Pay | E93: Gratuity Fees etc. | G93: Fund and other Deductions | I93: Insurance Premium | J93: Amount of Income Tax Recovered | L93: Remarks
A94: uke eghuk | D94: osru | E94: vkuqrksf"kd Qhl vkfn | G94: Q.M o vU; dVkSfr;k¡ | I94: chek fd'r | J94: vk;dj jde tks olwy dh xbZ | L94: fo'ks"k fooj.k vkgj.k fnukad
A95: April | C95: 2020 | D95: 71500 | E95: 0 | G95: 0 | I95: 0 | J95: 0 | L95: 31.07.2021
A96: May | C96: 2020 | D96: 71500 | E96: 0 | G96: 0 | I96: 0 | J96: 0 | L96: 31.07.2022
A97: June | C97: 2020 | D97: 71500 | E97: 0 | G97: 0 | I97: 0 | J97: 0 | L97: 31.07.2023
A98: July | C98: 2020 | D98: 71500 | E98: 0 | G98: 0 | I98: 0 | J98: 0 | L98: 31.07.2024
A99: August | C99: 2020 | D99: 71500 | E99: 0 | G99: 0 | I99: 0 | J99: 0 | L99: 31.07.2025
A100: September | C100: 2020 | D100: 71500 | E100: 0 | G100: 0 | I100: 0 | J100: 0 | L100: 31.07.2026
A101: October | C101: 2020 | D101: 71500 | E101: 0 | G101: 0 | I101: 0 | J101: 0 | L101: 31.07.2027
A102: November | C102: 2020 | D102: 71500 | E102: 0 | G102: 0 | I102: 0 | J102: 0 | L102: 31.07.2028
A103: December | C103: 2020 | D103: 71500 | E103: 0 | G103: 0 | I103: 0 | J103: 0 | L103: 31.07.2029
A104: January | C104: 2021 | D104: 71500 | E104: 0 | G104: 0 | I104: 0 | J104: 0 | L104: 31.07.2030
A105: February | C105: 2021 | D105: 71500 | E105: 0 | G105: 0 | I105: 0 | J105: 0 | L105: 31.07.2031
A106: March | C106: 2021 | D106: 71500 | E106: 0 | G106: 0 | I106: 0 | J106: 0 | L106: 31.07.2032
B109: Date | J109: Signature of DDO
B110: fnukad | C110: =C60 -> 01.10.2021 | J110: (with Seal)

Sheet CSS AAO PAY CHART
J1: SCHEDULE-I PART-B RULE NO. 5 vi &vii | AB1: Schedule IV (Rule No. 16)
K2: PAY MATRIX OF STATE GOVT. SERVANTS | AA2: FIX REMUNERATION FOR PROBATIONER-TRAINEE
A3: Existing | F3: PB-1 | L3: PB-2 | R3: PB-3 | W3: PB-4 | Z3: S.No. | AA3: Existing G.P. | AD3: Existing G.P.No. | AF3: Existing Amount of Fixed Remuneration | AG3: Corresppondin g Level | AH3: Fixed Remuneration (wef 01.01.17)
A4: R.P.Band | E4: 5200-20200 | L4: 9300-34800 | Q4: 15600-39100 | V4: 37400-67000
A5: Exist.G.P | B5: 1700 | C5: 1750 | D5: 1900 | E5: 2000 | F5: 2400 | G5: 2400 | H5: 2400 | I5: 2800 | J5: 2800 | K5: 3600 | L5: 4200 | M5: 4800 | N5: 5400 | O5: 5400 | P5: 6000 | Q5: 6600 | R5: 6800 | S5: 7200 | T5: 7600 | U5: 8200 | V5: 8700 | W5: 8900 | X5: 9500 | Y5: 10000
A6: Exist.G.P. | B6: 2 | C6: 3 | D6: 4 | E6: 5 | F6: 9 | G6: 9A | H6: 9B | I6: 10 | J6: 10A | K6: 11 | L6: 12 | M6: 14 | N6: 15 | O6: 15 | P6: 16 | Q6: 17 | R6: 18 | S6: 19 | T6: 20 | U6: 21 | V6: 22 | W6: 23 | X6: 23A | Y6: 24
A7: Levels → | B7: L-1 | C7: L-2 | D7: L-3 | E7: L-4 | F7: L-5 | G7: L-6 | H7: L-7 | I7: L-8 | J7: L-9 | K7: L-10 | L7: L-11 | M7: L-12 | N7: L-13 | O7: L-14 | P7: L-15 | Q7: L-16 | R7: L-17 | S7: L-18 | T7: L-19 | U7: L-20 | V7: L-21 | W7: L-22 | X7: L-23 | Y7: L-24
A8: Cell No. ↓ | Z8: 1 | AA8: 2 | AD8: 3 | AF8: 4 | AG8: 5 | AH8: 6
A9: 1 | B9: 17700 | C9: 17900 | D9: 18200 | E9: 19200 | F9: 20800 | G9: 21500 | H9: 22400 | I9: 26300 | J9: 28700 | K9: 33800 | L9: 37800 | M9: 44300 | N9: 53100 | O9: 56100 | P9: 60700 | Q9: 67300 | R9: 71000 | S9: 75300 | T9: 79900 | U9: 88900 | V9: 123100 | W9: 129700 | X9: 145800 | Y9: 148800 | Z9: 1 | AA9: 1700 | AD9: 2 | AF9: 6670 | AG9: L-1 | AH9: 12400
A10: 2 | B10: 18200 | C10: 18400 | D10: 18700 | E10: 19800 | F10: 21400 | G10: 22100 | H10: 23100 | I10: 27100 | J10: 29600 | K10: 34800 | L10: 38900 | M10: 45600 | N10: 54700 | O10: 57800 | P10: 62500 | Q10: 69300 | R10: 73100 | S10: 77600 | T10: 82300 | U10: 91600 | V10: 126800 | W10: 133600 | X10: 150200 | Y10: 153300 | Z10: 2 | AA10: 1750 | AD10: 3 | AF10: 7000 | AG10: L-2 | AH10: 12600
A11: 3 | B11: 18700 | C11: 19000 | D11: 19300 | E11: 20400 | F11: 22000 | G11: 22800 | H11: 23800 | I11: 27900 | J11: 30500 | K11: 35800 | L11: 40100 | M11: 47000 | N11: 56300 | O11: 59500 | P11: 64400 | Q11: 71400 | R11: 75300 | S11: 79900 | T11: 84800 | U11: 94300 | V11: 130600 | W11: 137600 | X11: 154700 | Y11: 157900 | Z11: 3 | AA11: 1900 | AD11: 4 | AF11: 7400 | AG11: L-3 | AH11: 12800
A12: 4 | B12: 19300 | C12: 19600 | D12: 19900 | E12: 21000 | F12: 22700 | G12: 23500 | H12: 24500 | I12: 28700 | J12: 31400 | K12: 36900 | L12: 41300 | M12: 48400 | N12: 58000 | O12: 61300 | P12: 66300 | Q12: 73500 | R12: 77600 | S12: 82300 | T12: 87300 | U12: 97100 | V12: 134500 | W12: 141700 | X12: 159300 | Y12: 162600 | Z12: 4 | AA12: 2000 | AD12: 5 | AF12: 7790 | AG12: L-4 | AH12: 13500
A13: 5 | B13: 19900 | C13: 20200 | D13: 20500 | E13: 21600 | F13: 23400 | G13: 24200 | H13: 25200 | I13: 29600 | J13: 32300 | K13: 38000 | L13: 42500 | M13: 49900 | N13: 59700 | O13: 63100 | P13: 68300 | Q13: 75700 | R13: 79900 | S13: 84800 | T13: 89900 | U13: 100000 | V13: 138500 | W13: 146000 | X13: 164100 | Y13: 167500 | Z13: 5 | AA13: 2400 | AD13: 9 | AF13: 8910 | AG13: L-5 | AH13: 14600
A14: 6 | B14: 20500 | C14: 20800 | D14: 21100 | E14: 22200 | F14: 24100 | G14: 24900 | H14: 26000 | I14: 30500 | J14: 33300 | K14: 39100 | L14: 43800 | M14: 51400 | N14: 61500 | O14: 65000 | P14: 70300 | Q14: 78000 | R14: 82300 | S14: 87300 | T14: 92600 | U14: 103000 | V14: 142700 | W14: 150400 | X14: 169000 | Y14: 172500 | Z14: 6 | AA14: 2400 | AD14: 9A | AF14: 8910 | AG14: L-6 | AH14: 15100
A15: 7 | B15: 21100 | C15: 21400 | D15: 21700 | E15: 22900 | F15: 24800 | G15: 25600 | H15: 26800 | I15: 31400 | J15: 34300 | K15: 40300 | L15: 45100 | M15: 52900 | N15: 63300 | O15: 67000 | P15: 72400 | Q15: 80300 | R15: 84800 | S15: 89900 | T15: 95400 | U15: 106100 | V15: 147000 | W15: 154900 | X15: 174100 | Y15: 177700 | Z15: 7 | AA15: 2400 | AD15: 9B | AF15: 8910 | AG15: L-7 | AH15: 15700
A16: 8 | B16: 21700 | C16: 22000 | D16: 22400 | E16: 23600 | F16: 25500 | G16: 26400 | H16: 27600 | I16: 32300 | J16: 35300 | K16: 41500 | L16: 46500 | M16: 54500 | N16: 65200 | O16: 69000 | P16: 74600 | Q16: 82700 | R16: 87300 | S16: 92600 | T16: 98300 | U16: 109300 | V16: 151400 | W16: 159500 | X16: 179300 | Y16: 183000 | Z16: 8 | AA16: 2800 | AD16: 10 | AF16: 11820 | AG16: L-8 | AH16: 18500
A17: 9 | B17: 22400 | C17: 22700 | D17: 23100 | E17: 24300 | F17: 26300 | G17: 27200 | H17: 28400 | I17: 33300 | J17: 36400 | K17: 42700 | L17: 47900 | M17: 56100 | N17: 67200 | O17: 71100 | P17: 76800 | Q17: 85200 | R17: 89900 | S17: 95400 | T17: 101200 | U17: 112600 | V17: 155900 | W17: 164300 | X17: 184700 | Y17: 188500 | Z17: 9 | AA17: 2800 | AD17: 10A | AF17: 11820 | AG17: L-9 | AH17: 20100
A18: 10 | B18: 23100 | C18: 23400 | D18: 23800 | E18: 25000 | F18: 27100 | G18: 28000 | H18: 29300 | I18: 34300 | J18: 37500 | K18: 44000 | L18: 49300 | M18: 57800 | N18: 69200 | O18: 73200 | P18: 79100 | Q18: 87800 | R18: 92600 | S18: 98300 | T18: 104200 | U18: 116000 | V18: 160600 | W18: 169200 | X18: 190200 | Y18: 194200 | Z18: 10 | AA18: 3600 | AD18: 11 | AF18: 13200 | AG18: L-10 | AH18: 23700
A19: 11 | B19: 23800 | C19: 24100 | D19: 24500 | E19: 25800 | F19: 27900 | G19: 28800 | H19: 30200 | I19: 35300 | J19: 38600 | K19: 45300 | L19: 50800 | M19: 59500 | N19: 71300 | O19: 75400 | P19: 81500 | Q19: 90400 | R19: 95400 | S19: 101200 | T19: 107300 | U19: 119500 | V19: 165400 | W19: 174300 | X19: 195900 | Y19: 200000 | Z19: 11 | AA19: 4200 | AD19: 12 | AF19: 14660 | AG19: L-11 | AH19: 26500
A20: 12 | B20: 24500 | C20: 24800 | D20: 25200 | E20: 26600 | F20: 28700 | G20: 29700 | H20: 31100 | I20: 36400 | J20: 39800 | K20: 46700 | L20: 52300 | M20: 61300 | N20: 73400 | O20: 77700 | P20: 83900 | Q20: 93100 | R20: 98300 | S20: 104200 | T20: 110500 | U20: 123100 | V20: 170400 | W20: 179500 | X20: 201800 | Y20: 206000 | Z20: 12 | AA20: 4800 | AD20: 14 | AF20: 17230 | AG20: L-12 | AH20: 31100
A21: 13 | B21: 25200 | C21: 25500 | D21: 26000 | E21: 27400 | F21: 29600 | G21: 30600 | H21: 32000 | I21: 37500 | J21: 41000 | K21: 48100 | L21: 53900 | M21: 63100 | N21: 75600 | O21: 80000 | P21: 86400 | Q21: 95900 | R21: 101200 | S21: 107300 | T21: 113800 | U21: 126800 | V21: 175500 | W21: 184900 | X21: 207900 | Y21: 212200 | Z21: 13 | AA21: 5400 | AD21: 15 | AF21: 22180 | AG21: L-14 | AH21: 39300
A22: 14 | B22: 26000 | C22: 26300 | D22: 26800 | E22: 28200 | F22: 30500 | G22: 31500 | H22: 33000 | I22: 38600 | J22: 42200 | K22: 49500 | L22: 55500 | M22: 65000 | N22: 77900 | O22: 82400 | P22: 89000 | Q22: 98800 | R22: 104200 | S22: 110500 | T22: 117200 | U22: 130600 | V22: 180800 | W22: 190400 | X22: 214100 | Y22: 218600 | Z22: 14 | AA22: 6000 | AD22: 16 | AF22: 24030 | AG22: L-15 | AH22: 42500
A23: 15 | B23: 26800 | C23: 27100 | D23: 27600 | E23: 29000 | F23: 31400 | G23: 32400 | H23: 34000 | I23: 39800 | J23: 43500 | K23: 51000 | L23: 57200 | M23: 67000 | N23: 80200 | O23: 84900 | P23: 91700 | Q23: 101800 | R23: 107300 | S23: 113800 | T23: 120700 | U23: 134500 | V23: 186200 | W23: 196100 | Z23: 15 | AA23: 6600 | AD23: 17 | AF23: 26670 | AG23: L-16 | AH23: 47200
A24: 16 | B24: 27600 | C24: 27900 | D24: 28400 | E24: 29900 | F24: 32300 | G24: 33400 | H24: 35000 | I24: 41000 | J24: 44800 | K24: 52500 | L24: 58900 | M24: 69000 | N24: 82600 | O24: 87400 | P24: 94500 | Q24: 104900 | R24: 110500 | S24: 117200 | T24: 124300 | U24: 138500 | V24: 191800 | W24: 202000 | Z24: 16 | AA24: 6800 | AD24: 18 | AF24: 28120 | AG24: L-17 | AH24: 49700
A25: 17 | B25: 28400 | C25: 28700 | D25: 29300 | E25: 30800 | F25: 33300 | G25: 34400 | H25: 36100 | I25: 42200 | J25: 46100 | K25: 54100 | L25: 60700 | M25: 71100 | N25: 85100 | O25: 90000 | P25: 97300 | Q25: 108000 | R25: 113800 | S25: 120700 | T25: 128000 | U25: 142700 | V25: 197600 | W25: 208100 | Z25: 17 | AA25: 7200 | AD25: 19 | AF25: 29840 | AG25: L-18 | AH25: 52800
A26: 18 | B26: 29300 | C26: 29600 | D26: 30200 | E26: 31700 | F26: 34300 | G26: 35400 | H26: 37200 | I26: 43500 | J26: 47500 | K26: 55700 | L26: 62500 | M26: 73200 | N26: 87700 | O26: 92700 | P26: 100200 | Q26: 111200 | R26: 117200 | S26: 124300 | T26: 131800 | U26: 147000 | V26: 203500 | Z26: 18 | AA26: 7600 | AD26: 20 | AF26: 31620 | AG26: L-19 | AH26: 56000
A27: 19 | B27: 30200 | C27: 30500 | D27: 31100 | E27: 32700 | F27: 35300 | G27: 36500 | H27: 38300 | I27: 44800 | J27: 48900 | K27: 57400 | L27: 64400 | M27: 75400 | N27: 90300 | O27: 95500 | P27: 103200 | Q27: 114500 | R27: 120700 | S27: 128000 | T27: 135800 | U27: 151400 | V27: GPF Rates | Z27: 19 | AA27: 8200 | AD27: 21 | AF27: 35180 | AG27: L-20 | AH27: 62300
A28: 20 | B28: 31100 | C28: 31400 | D28: 32000 | E28: 33700 | F28: 36400 | G28: 37600 | H28: 39400 | I28: 46100 | J28: 50400 | K28: 59100 | L28: 66300 | M28: 77700 | N28: 93000 | O28: 98400 | P28: 106300 | Q28: 117900 | R28: 124300 | S28: 131800 | T28: 139900 | U28: 155900 | V28: RANGE | X28: 10/17 | Y28: 03/18 | Z28: 20 | AA28: 8700 | AD28: 22 | AF28: 48710 | AG28: L-21 | AH28: 86200
A29: 21 | B29: 32000 | C29: 32300 | D29: 33000 | E29: 34700 | F29: 37500 | G29: 38700 | H29: 40600 | I29: 47500 | J29: 51900 | K29: 60900 | L29: 68300 | M29: 80000 | N29: 95800 | O29: 101400 | P29: 109500 | Q29: 121400 | R29: 128000 | S29: 135800 | T29: 144100 | U29: 160600 | V29: Upto 23100 | X29: 500 | Y29: 1450 | Z29: 21 | AA29: 8900 | AD29: 23 | AF29: 51350 | AG29: L-22 | AH29: 90800
A30: 22 | B30: 33000 | C30: 33300 | D30: 34000 | E30: 35700 | F30: 38600 | G30: 39900 | H30: 41800 | I30: 48900 | J30: 53500 | K30: 62700 | L30: 70300 | M30: 82400 | N30: 98700 | O30: 104400 | P30: 112800 | Q30: 125000 | R30: 131800 | S30: 139900 | T30: 148400 | U30: 165400 | V30: 23101 to 28500 | X30: 650 | Y30: 1625 | Z30: 22 | AA30: 9500 | AD30: 23A | AF30: 54120 | AG30: L-23 | AH30: 102100
A31: 23 | B31: 34000 | C31: 34300 | D31: 35000 | E31: 36800 | F31: 39800 | G31: 41100 | H31: 43100 | I31: 50400 | J31: 55100 | K31: 64600 | L31: 72400 | M31: 84900 | N31: 101700 | O31: 107500 | P31: 116200 | Q31: 128800 | R31: 135800 | S31: 144100 | T31: 152900 | U31: 170400 | V31: 28501 to 38500 | X31: 1100 | Y31: 2100 | Z31: 23 | AA31: 10000 | AD31: 24 | AF31: 57820 | AG31: L-24 | AH31: 104200
A32: 24 | B32: 35000 | C32: 35300 | D32: 36100 | E32: 37900 | F32: 41000 | G32: 42300 | H32: 44400 | I32: 51900 | J32: 56800 | K32: 66500 | L32: 74600 | M32: 87400 | N32: 104800 | O32: 110700 | P32: 119700 | Q32: 132700 | R32: 139900 | S32: 148400 | T32: 157500 | U32: 175500 | V32: 38501 to 51500 | X32: 1450 | Y32: 2850 | Z32: S.I.PREMIUM (from salary of) | AD32: HOUSE RENT (wef. 01.10.17) | AG32: H.F.R.H. (wef 01.10.17)
A33: 25 | B33: 36100 | C33: 36400 | D33: 37200 | E33: 39000 | F33: 42200 | G33: 43600 | H33: 45700 | I33: 53500 | J33: 58500 | K33: 68500 | L33: 76800 | M33: 90000 | N33: 107900 | O33: 114000 | P33: 123300 | Q33: 136700 | R33: 144100 | S33: 152900 | T33: 162200 | U33: 180800 | V33: 51501 to 62000 | X33: 2100 | Y33: 3575 | Z33: Pay Range | AB33: 3/18 | AC33: 3/20
V34: 62001 to 72000 | X34: 3300 | Y34: 4200 | Z34: Upto 22000 | AB34: 500/- | AC34: 800/- | AD34: Classification of Cities | AF34: Rates | AG34: Below 33500 | AI34: 0.0033
A35: 26 | B35: 37200 | C35: 37500 | D35: 38300 | E35: 40200 | F35: 43500 | G35: 44900 | H35: 47100 | I35: 55100 | J35: 60300 | K35: 70600 | L35: 79100 | M35: 92700 | N35: 111100 | O35: 117400 | P35: 127000 | Q35: 140800 | R35: 148400 | S35: 157500 | T35: 167100 | U35: 186200 | V35: 72001 to 80000 | X35: 4100 | Y35: 4800 | Z35: 22001 to 28500 | AB35: 700/- | AC35: 1200/- | AG35: 33500 to 48999 | AI35: 0.0067
A36: 27 | B36: 38300 | C36: 38600 | D36: 39400 | E36: 41400 | F36: 44800 | G36: 46200 | H36: 48500 | I36: 56800 | J36: 62100 | K36: 72700 | L36: 81500 | M36: 95500 | N36: 114400 | O36: 120900 | P36: 130800 | Q36: 145000 | R36: 152900 | S36: 162200 | T36: 172100 | U36: 191800 | V36: 80001 to 116000 | X36: 5200 | Y36: 6150 | Z36: 28501 to 46500 | AB36: 1300/- | AC36: 2200/- | AD36: Y- Bikaner,Jaipur, Jodhpur, Kota, Ajmer | AF36: 0.16 | AG36: 49000 &Above | AI36: 0.0089
A37: 28 | B37: 39400 | C37: 39800 | D37: 40600 | E37: 42600 | F37: 46100 | G37: 47600 | H37: 50000 | I37: 58500 | J37: 64000 | K37: 74900 | L37: 83900 | M37: 98400 | N37: 117800 | O37: 124500 | P37: 134700 | Q37: 149400 | R37: 157500 | S37: 167100 | T37: 177300 | U37: 197600 | V37: 116001 to 167000 | X37: 5700 | Y37: 8900 | Z37: 46501 to 72000 | AB37: 1800/- | AC37: 3000/-
A38: 29 | B38: 40600 | C38: 41000 | D38: 41800 | E38: 43900 | F38: 47500 | G38: 49000 | H38: 51500 | I38: 60300 | J38: 65900 | K38: 77100 | L38: 86400 | M38: 101400 | N38: 121300 | O38: 128200 | P38: 138700 | Q38: 153900 | R38: 162200 | S38: 172100 | T38: 182600 | U38: 203500 | V38: Above 167000 | X38: 6200 | Y38: 10500 | Z38: Above Rs.72000 | AB38: 3000/- | AC38: 5000/-
A39: 30 | B39: 41800 | C39: 42200 | D39: 43100 | E39: 45200 | F39: 48900 | G39: 50500 | H39: 53000 | I39: 62100 | J39: 67900 | K39: 79400 | L39: 89000 | M39: 104400 | N39: 124900 | O39: 132000 | P39: 142900 | Q39: 158500 | R39: 167100 | S39: 177300 | T39: 188100 | V39: RPMF Rates | Z39: Maximum | AB39: 4000/- | AC39: 7000/- | AD39: Z (other cities | AF39: 0.08
A40: 31 | B40: 43100 | C40: 43500 | D40: 44400 | E40: 46600 | F40: 50400 | G40: 52000 | H40: 54600 | I40: 64000 | J40: 69900 | K40: 81800 | L40: 91700 | M40: 107500 | N40: 128600 | O40: 136000 | P40: 147200 | Q40: 163300 | R40: 172100 | S40: 182600 | T40: 193700 | V40: PAY RANGE | X40: 10/17 | Y40: 11/17 | Z40: 04/18 | AA40: 10/18 | AB40: 04/19
A41: 32 | B41: 44400 | C41: 44800 | D41: 45700 | E41: 48000 | F41: 51900 | G41: 53600 | H41: 56200 | I41: 65900 | J41: 72000 | K41: 84300 | L41: 94500 | M41: 110700 | N41: 132500 | O41: 140100 | P41: 151600 | Q41: 168200 | R41: 177300 | S41: 188100 | T41: 199500 | V41: Upto 18000 | X41: 205 | Y41: 210 | Z41: 219 | AA41: 228 | AB41: 242
A42: 33 | B42: 45700 | C42: 46100 | D42: 47100 | E42: 49400 | F42: 53500 | G42: 55200 | H42: 57900 | I42: 67900 | J42: 74200 | K42: 86800 | L42: 97300 | M42: 114000 | N42: 136500 | O42: 144300 | P42: 156100 | Q42: 173200 | R42: 182600 | S42: 193700 | V42: 18001 to 33500 | X42: 341 | Y42: 349 | Z42: 364 | AA42: 379 | AB42: 402
A43: 34 | B43: 47100 | C43: 47500 | D43: 48500 | E43: 50900 | F43: 55100 | G43: 56900 | H43: 59600 | I43: 69900 | J43: 76400 | K43: 89400 | L43: 100200 | M43: 117400 | N43: 140600 | O43: 148600 | P43: 160800 | Q43: 178400 | R43: 188100 | S43: 199500 | V43: 33501 to 54000 | X43: 511 | Y43: 522 | Z43: 545 | AA43: 568 | AB43: 602
A44: 35 | B44: 48500 | C44: 48900 | D44: 50000 | E44: 52400 | F44: 56800 | G44: 58600 | H44: 61400 | I44: 72000 | J44: 78700 | K44: 92100 | L44: 103200 | M44: 120900 | N44: 144800 | O44: 153100 | P44: 165600 | Q44: 183800 | R44: 193700 | V44: 54001 & above | X44: 680 | Y44: 695 | Z44: 725 | AA44: 755 | AB44: 800
A45: 36 | B45: 50000 | C45: 50400 | D45: 51500 | E45: 54000 | F45: 58500 | G45: 60400 | H45: 63200 | I45: 74200 | J45: 81100 | K45: 94900 | L45: 106300 | M45: 124500 | N45: 149100 | O45: 157700 | P45: 170600 | Q45: 189300 | R45: 199500 | S45: ChandraShekhar Shrimali | X45: D.A. Rates
A46: 37 | B46: 51500 | C46: 51900 | D46: 53000 | E46: 55600 | F46: 60300 | G46: 62200 | H46: 65100 | I46: 76400 | J46: 83500 | K46: 97700 | L46: 109500 | M46: 128200 | N46: 153600 | O46: 162400 | P46: 175700 | Q46: 195000 | X46: From | Y46: 01/17 | Z46: 07/17 | AA46: 01/18 | AB46: 07/18 | AC46: 01/19 | AD46: 07/19 | AE46: 01/20 | AF46: 07/20 | AG46: 01/21 | AH46: 01/21 | AI46: 07/21
A47: 38 | B47: 53000 | C47: 53500 | D47: 54600 | E47: 57300 | F47: 62100 | G47: 64100 | H47: 67100 | I47: 78700 | J47: 86000 | K47: 100600 | L47: 112800 | M47: 132000 | N47: 158200 | O47: 167300 | P47: 181000 | Q47: → | T47: Astt.Admin.Officer | X47: Rate | Y47: 0.04 | Z47: 0.05 | AA47: 0.07 | AB47: 0.09 | AC47: 0.12 | AD47: 0.17
A48: 39 | B48: 54600 | C48: 55100 | D48: 56200 | E48: 59000 | F48: 64000 | G48: 66000 | H48: 69100 | I48: 81100 | J48: 88600 | K48: 103600 | L48: 116200 | M48: 136000 | N48: 162900 | O48: 172300 | P48: 186400 | S48: D.E.O.(Ele.)Rajsamand
A49: 40 | B49: 56200 | C49: 56800 | D49: 57900 | E49: 60800 | F49: 65900 | G49: 68000 | H49: 71200 | I49: 83500 | J49: 91300 | K49: 106700 | L49: 119700 | M49: 140100 | N49: 167800 | O49: 177500 | P49: 192000 | U49: Email. | X49: GPF | Y49: 6/17 | Z49: 9/17 | AA49: 2/18 | AB49: 8/18 | AC49: 2/19 | AD49: 2/20
S50: shekharhemlata@gmail.com
A51: (UPDATED ON 01.04.2020)

Sheet NAMANKAN
A1: =MASTER!C6 -> Jh ckyd`".k fo/kk Hkou jktdh; mPp ek/;fed fo|ky; dkadjksyh ftyk & jktleUn
A2: d{kkokj@tkfr okj ukekadu | P2: fnukad %& | R2: 44465
A3: d{kk | B3: GEN | E3: SC | H3: ST | K3: OBC | N3: SBC | Q3: Minority | T3: Grand TOTAL
B4: B | C4: G | D4: T | E4: B | F4: G | G4: T | H4: B | I4: G | J4: T | K4: B | L4: G | M4: T | N4: B | O4: G | P4: T | Q4: B | R4: G | S4: T | T4: B | U4: G | V4: T
A5: 1 | B5: 1 | C5: 2 | D5: =SUM(B5:C5) -> 3 | E5: 1 | F5: 1 | G5: =SUM(E5:F5) -> 2 | H5: 3 | I5: 3 | J5: =SUM(H5:I5) -> 6 | K5: 4 | L5: 4 | M5: =SUM(K5:L5) -> 8 | N5: 5 | O5: 5 | P5: =SUM(N5:O5) -> 10 | Q5: 6 | R5: 6 | S5: =SUM(Q5:R5) -> 12 | T5: =B5+E5+H5+K5+N5+Q5 -> 20 | U5: =C5+F5+I5+L5+O5+R5 -> 21 | V5: =D5+G5+J5+M5+P5+S5 -> 41
A6: 2 | B6: 1 | C6: 2 | D6: =SUM(B6:C6) -> 3 | G6: =SUM(E6:F6) -> 0 | J6: =SUM(H6:I6) -> 0 | M6: =SUM(K6:L6) -> 0 | P6: =SUM(N6:O6) -> 0 | S6: =SUM(Q6:R6) -> 0 | T6: =B6+E6+H6+K6+N6+Q6 -> 1 | U6: =C6+F6+I6+L6+O6+R6 -> 2 | V6: =D6+G6+J6+M6+P6+S6 -> 3
A7: 3 | B7: 1 | C7: 2 | D7: =SUM(B7:C7) -> 3 | G7: =SUM(E7:F7) -> 0 | J7: =SUM(H7:I7) -> 0 | M7: =SUM(K7:L7) -> 0 | P7: =SUM(N7:O7) -> 0 | S7: =SUM(Q7:R7) -> 0 | T7: =B7+E7+H7+K7+N7+Q7 -> 1 | U7: =C7+F7+I7+L7+O7+R7 -> 2 | V7: =D7+G7+J7+M7+P7+S7 -> 3
A8: 4 | B8: 1 | C8: 2 | D8: =SUM(B8:C8) -> 3 | G8: =SUM(E8:F8) -> 0 | J8: =SUM(H8:I8) -> 0 | M8: =SUM(K8:L8) -> 0 | P8: =SUM(N8:O8) -> 0 | S8: =SUM(Q8:R8) -> 0 | T8: =B8+E8+H8+K8+N8+Q8 -> 1 | U8: =C8+F8+I8+L8+O8+R8 -> 2 | V8: =D8+G8+J8+M8+P8+S8 -> 3
A9: 5 | B9: 1 | C9: 2 | D9: =SUM(B9:C9) -> 3 | G9: =SUM(E9:F9) -> 0 | J9: =SUM(H9:I9) -> 0 | M9: =SUM(K9:L9) -> 0 | P9: =SUM(N9:O9) -> 0 | S9: =SUM(Q9:R9) -> 0 | T9: =B9+E9+H9+K9+N9+Q9 -> 1 | U9: =C9+F9+I9+L9+O9+R9 -> 2 | V9: =D9+G9+J9+M9+P9+S9 -> 3
A10: ;ksx 1 ls 5 | B10: =SUM(B5:B9) -> 5 | C10: =SUM(C5:C9) -> 10 | D10: =SUM(D5:D9) -> 15 | E10: =SUM(E5:E9) -> 1 | F10: =SUM(F5:F9) -> 1 | G10: =SUM(G5:G9) -> 2 | H10: =SUM(H5:H9) -> 3 | I10: =SUM(I5:I9) -> 3 | ... S10: =SUM(S5:S9) -> 12 | T10: =B10+E10+H10+K10+N10+Q10 -> 24 | U10: =C10+F10+I10+L10+O10+R10 -> 29 | V10: =D10+G10+J10+M10+P10+S10 -> 53
A11: 6 | B11: 1 | C11: 2 | D11: =SUM(B11:C11) -> 3 | E11: 1 | F11: 2 | G11: =SUM(E11:F11) -> 3 | H11: 1 | I11: 2 | J11: =SUM(H11:I11) -> 3 | K11: 1 | L11: 2 | M11: =SUM(K11:L11) -> 3 | N11: 1 | O11: 2 | P11: =SUM(N11:O11) -> 3 | Q11: 1 | R11: 2 | S11: =SUM(Q11:R11) -> 3 | T11: =B11+E11+H11+K11+N11+Q11 -> 6 | U11: =C11+F11+I11+L11+O11+R11 -> 12 | V11: =D11+G11+J11+M11+P11+S11 -> 18
A12: 7 | B12: 1 | C12: 2 | D12: =SUM(B12:C12) -> 3 | E12: 1 | F12: 2 | G12: =SUM(E12:F12) -> 3 | H12: 1 | I12: 2 | J12: =SUM(H12:I12) -> 3 | K12: 1 | L12: 2 | M12: =SUM(K12:L12) -> 3 | N12: 1 | O12: 2 | P12: =SUM(N12:O12) -> 3 | Q12: 1 | R12: 2 | S12: =SUM(Q12:R12) -> 3 | T12: =B12+E12+H12+K12+N12+Q12 -> 6 | U12: =C12+F12+I12+L12+O12+R12 -> 12 | V12: =D12+G12+J12+M12+P12+S12 -> 18
A13: 8 | B13: 1 | C13: 2 | D13: =SUM(B13:C13) -> 3 | E13: 1 | F13: 2 | G13: =SUM(E13:F13) -> 3 | H13: 1 | I13: 2 | J13: =SUM(H13:I13) -> 3 | K13: 1 | L13: 2 | M13: =SUM(K13:L13) -> 3 | N13: 1 | O13: 2 | P13: =SUM(N13:O13) -> 3 | Q13: 1 | R13: 2 | S13: =SUM(Q13:R13) -> 3 | T13: =B13+E13+H13+K13+N13+Q13 -> 6 | U13: =C13+F13+I13+L13+O13+R13 -> 12 | V13: =D13+G13+J13+M13+P13+S13 -> 18
A14: ;ksx 6 ls 8 | B14: =SUM(B11:B13) -> 3 | C14: =SUM(C11:C13) -> 6 | D14: =SUM(D11:D13) -> 9 | E14: =SUM(E11:E13) -> 3 | F14: =SUM(F11:F13) -> 6 | G14: =SUM(G11:G13) -> 9 | H14: =SUM(H11:H13) -> 3 | I14: =SUM(I11:I13) -> 6 | ... S14: =SUM(S11:S13) -> 9 | T14: =B14+E14+H14+K14+N14+Q14 -> 18 | U14: =C14+F14+I14+L14+O14+R14 -> 36 | V14: =D14+G14+J14+M14+P14+S14 -> 54
A15: 9A | B15: 1 | C15: 2 | D15: =SUM(B15:C15) -> 3 | E15: 1 | F15: 2 | G15: =SUM(E15:F15) -> 3 | H15: 1 | I15: 2 | J15: =SUM(H15:I15) -> 3 | K15: 1 | L15: 2 | M15: =SUM(K15:L15) -> 3 | N15: 1 | O15: 2 | P15: =SUM(N15:O15) -> 3 | Q15: 1 | R15: 2 | S15: =SUM(Q15:R15) -> 3 | T15: =B15+E15+H15+K15+N15+Q15 -> 6 | U15: =C15+F15+I15+L15+O15+R15 -> 12 | V15: =D15+G15+J15+M15+P15+S15 -> 18
A16: 9B | B16: 1 | C16: 2 | D16: =SUM(B16:C16) -> 3 | E16: 1 | F16: 2 | G16: =SUM(E16:F16) -> 3 | H16: 1 | I16: 2 | J16: =SUM(H16:I16) -> 3 | K16: 1 | L16: 2 | M16: =SUM(K16:L16) -> 3 | N16: 1 | O16: 2 | P16: =SUM(N16:O16) -> 3 | Q16: 1 | R16: 2 | S16: =SUM(Q16:R16) -> 3 | T16: =B16+E16+H16+K16+N16+Q16 -> 6 | U16: =C16+F16+I16+L16+O16+R16 -> 12 | V16: =D16+G16+J16+M16+P16+S16 -> 18
A17: 10A | B17: 1 | C17: 2 | D17: =SUM(B17:C17) -> 3 | E17: 1 | F17: 2 | G17: =SUM(E17:F17) -> 3 | H17: 1 | I17: 2 | J17: =SUM(H17:I17) -> 3 | K17: 1 | L17: 2 | M17: =SUM(K17:L17) -> 3 | N17: 1 | O17: 2 | P17: =SUM(N17:O17) -> 3 | Q17: 1 | R17: 2 | S17: =SUM(Q17:R17) -> 3 | T17: =B17+E17+H17+K17+N17+Q17 -> 6 | U17: =C17+F17+I17+L17+O17+R17 -> 12 | V17: =D17+G17+J17+M17+P17+S17 -> 18
A18: 10B | B18: 1 | C18: 2 | D18: =SUM(B18:C18) -> 3 | E18: 1 | F18: 2 | G18: =SUM(E18:F18) -> 3 | H18: 1 | I18: 2 | J18: =SUM(H18:I18) -> 3 | K18: 1 | L18: 2 | M18: =SUM(K18:L18) -> 3 | N18: 1 | O18: 2 | P18: =SUM(N18:O18) -> 3 | Q18: 1 | R18: 2 | S18: =SUM(Q18:R18) -> 3 | T18: =B18+E18+H18+K18+N18+Q18 -> 6 | U18: =C18+F18+I18+L18+O18+R18 -> 12 | V18: =D18+G18+J18+M18+P18+S18 -> 18
A19: ;ksx 9 ls 10 | B19: =SUM(B15:B18) -> 4 | C19: =SUM(C15:C18) -> 8 | D19: =SUM(D15:D18) -> 12 | E19: =SUM(E15:E18) -> 4 | F19: =SUM(F15:F18) -> 8 | G19: =SUM(G15:G18) -> 12 | H19: =SUM(H15:H18) -> 4 | I19: =SUM(I15:I18) -> 8 | ... S19: =SUM(S15:S18) -> 12 | T19: =B19+E19+H19+K19+N19+Q19 -> 24 | U19: =C19+F19+I19+L19+O19+R19 -> 48 | V19: =D19+G19+J19+M19+P19+S19 -> 72
A20: 11A | B20: 1 | C20: 2 | D20: =SUM(B20:C20) -> 3 | E20: 1 | F20: 2 | G20: =SUM(E20:F20) -> 3 | H20: 1 | I20: 2 | J20: =SUM(H20:I20) -> 3 | K20: 1 | L20: 2 | M20: =SUM(K20:L20) -> 3 | N20: 1 | O20: 2 | P20: =SUM(N20:O20) -> 3 | Q20: 1 | R20: 2 | S20: =SUM(Q20:R20) -> 3 | T20: =B20+E20+H20+K20+N20+Q20 -> 6 | U20: =C20+F20+I20+L20+O20+R20 -> 12 | V20: =D20+G20+J20+M20+P20+S20 -> 18
A21: 11B | B21: 1 | C21: 2 | D21: =SUM(B21:C21) -> 3 | E21: 1 | F21: 2 | G21: =SUM(E21:F21) -> 3 | H21: 1 | I21: 2 | J21: =SUM(H21:I21) -> 3 | K21: 1 | L21: 2 | M21: =SUM(K21:L21) -> 3 | N21: 1 | O21: 2 | P21: =SUM(N21:O21) -> 3 | Q21: 1 | R21: 2 | S21: =SUM(Q21:R21) -> 3 | T21: =B21+E21+H21+K21+N21+Q21 -> 6 | U21: =C21+F21+I21+L21+O21+R21 -> 12 | V21: =D21+G21+J21+M21+P21+S21 -> 18
A22: 11C | B22: 1 | C22: 2 | D22: =SUM(B22:C22) -> 3 | E22: 1 | F22: 2 | G22: =SUM(E22:F22) -> 3 | H22: 1 | I22: 2 | J22: =SUM(H22:I22) -> 3 | K22: 1 | L22: 2 | M22: =SUM(K22:L22) -> 3 | N22: 1 | O22: 2 | P22: =SUM(N22:O22) -> 3 | Q22: 1 | R22: 2 | S22: =SUM(Q22:R22) -> 3 | T22: =B22+E22+H22+K22+N22+Q22 -> 6 | U22: =C22+F22+I22+L22+O22+R22 -> 12 | V22: =D22+G22+J22+M22+P22+S22 -> 18
A23: 11D | B23: 1 | C23: 2 | D23: =SUM(B23:C23) -> 3 | E23: 1 | F23: 2 | G23: =SUM(E23:F23) -> 3 | H23: 1 | I23: 2 | J23: =SUM(H23:I23) -> 3 | K23: 1 | L23: 2 | M23: =SUM(K23:L23) -> 3 | N23: 1 | O23: 2 | P23: =SUM(N23:O23) -> 3 | Q23: 1 | R23: 2 | S23: =SUM(Q23:R23) -> 3 | T23: =B23+E23+H23+K23+N23+Q23 -> 6 | U23: =C23+F23+I23+L23+O23+R23 -> 12 | V23: =D23+G23+J23+M23+P23+S23 -> 18
A24: 11F | B24: 1 | C24: 2 | D24: =SUM(B24:C24) -> 3 | E24: 1 | F24: 2 | G24: =SUM(E24:F24) -> 3 | H24: 1 | I24: 2 | J24: =SUM(H24:I24) -> 3 | K24: 1 | L24: 2 | M24: =SUM(K24:L24) -> 3 | N24: 1 | O24: 2 | P24: =SUM(N24:O24) -> 3 | Q24: 1 | R24: 2 | S24: =SUM(Q24:R24) -> 3 | T24: =B24+E24+H24+K24+N24+Q24 -> 6 | U24: =C24+F24+I24+L24+O24+R24 -> 12 | V24: =D24+G24+J24+M24+P24+S24 -> 18
A25: 11G | B25: 1 | C25: 2 | D25: =SUM(B25:C25) -> 3 | E25: 1 | F25: 2 | G25: =SUM(E25:F25) -> 3 | H25: 1 | I25: 2 | J25: =SUM(H25:I25) -> 3 | K25: 1 | L25: 2 | M25: =SUM(K25:L25) -> 3 | N25: 1 | O25: 2 | P25: =SUM(N25:O25) -> 3 | Q25: 1 | R25: 2 | S25: =SUM(Q25:R25) -> 3 | T25: =B25+E25+H25+K25+N25+Q25 -> 6 | U25: =C25+F25+I25+L25+O25+R25 -> 12 | V25: =D25+G25+J25+M25+P25+S25 -> 18
A26: 12A | B26: 1 | C26: 2 | D26: =SUM(B26:C26) -> 3 | E26: 1 | F26: 2 | G26: =SUM(E26:F26) -> 3 | H26: 1 | I26: 2 | J26: =SUM(H26:I26) -> 3 | K26: 1 | L26: 2 | M26: =SUM(K26:L26) -> 3 | N26: 1 | O26: 2 | P26: =SUM(N26:O26) -> 3 | Q26: 1 | R26: 2 | S26: =SUM(Q26:R26) -> 3 | T26: =B26+E26+H26+K26+N26+Q26 -> 6 | U26: =C26+F26+I26+L26+O26+R26 -> 12 | V26: =D26+G26+J26+M26+P26+S26 -> 18
A27: 12B | B27: 1 | C27: 2 | D27: =SUM(B27:C27) -> 3 | E27: 1 | F27: 2 | G27: =SUM(E27:F27) -> 3 | H27: 1 | I27: 2 | J27: =SUM(H27:I27) -> 3 | K27: 1 | L27: 2 | M27: =SUM(K27:L27) -> 3 | N27: 1 | O27: 2 | P27: =SUM(N27:O27) -> 3 | Q27: 1 | R27: 2 | S27: =SUM(Q27:R27) -> 3 | T27: =B27+E27+H27+K27+N27+Q27 -> 6 | U27: =C27+F27+I27+L27+O27+R27 -> 12 | V27: =D27+G27+J27+M27+P27+S27 -> 18
A28: 12C | B28: 1 | C28: 2 | D28: =SUM(B28:C28) -> 3 | E28: 1 | F28: 2 | G28: =SUM(E28:F28) -> 3 | H28: 1 | I28: 2 | J28: =SUM(H28:I28) -> 3 | K28: 1 | L28: 2 | M28: =SUM(K28:L28) -> 3 | N28: 1 | O28: 2 | P28: =SUM(N28:O28) -> 3 | Q28: 1 | R28: 2 | S28: =SUM(Q28:R28) -> 3 | T28: =B28+E28+H28+K28+N28+Q28 -> 6 | U28: =C28+F28+I28+L28+O28+R28 -> 12 | V28: =D28+G28+J28+M28+P28+S28 -> 18
A29: 12D | B29: 1 | C29: 2 | D29: =SUM(B29:C29) -> 3 | E29: 1 | F29: 2 | G29: =SUM(E29:F29) -> 3 | H29: 1 | I29: 2 | J29: =SUM(H29:I29) -> 3 | K29: 1 | L29: 2 | M29: =SUM(K29:L29) -> 3 | N29: 1 | O29: 2 | P29: =SUM(N29:O29) -> 3 | Q29: 1 | R29: 2 | S29: =SUM(Q29:R29) -> 3 | T29: =B29+E29+H29+K29+N29+Q29 -> 6 | U29: =C29+F29+I29+L29+O29+R29 -> 12 | V29: =D29+G29+J29+M29+P29+S29 -> 18
A30: 12F | B30: 1 | C30: 2 | D30: =SUM(B30:C30) -> 3 | E30: 1 | F30: 2 | G30: =SUM(E30:F30) -> 3 | H30: 1 | I30: 2 | J30: =SUM(H30:I30) -> 3 | K30: 1 | L30: 2 | M30: =SUM(K30:L30) -> 3 | N30: 1 | O30: 2 | P30: =SUM(N30:O30) -> 3 | Q30: 1 | R30: 2 | S30: =SUM(Q30:R30) -> 3 | T30: =B30+E30+H30+K30+N30+Q30 -> 6 | U30: =C30+F30+I30+L30+O30+R30 -> 12 | V30: =D30+G30+J30+M30+P30+S30 -> 18
A31: 12G | B31: 1 | C31: 2 | D31: =SUM(B31:C31) -> 3 | E31: 1 | F31: 2 | G31: =SUM(E31:F31) -> 3 | H31: 1 | I31: 2 | J31: =SUM(H31:I31) -> 3 | K31: 1 | L31: 2 | M31: =SUM(K31:L31) -> 3 | N31: 1 | O31: 2 | P31: =SUM(N31:O31) -> 3 | Q31: 1 | R31: 2 | S31: =SUM(Q31:R31) -> 3 | T31: =B31+E31+H31+K31+N31+Q31 -> 6 | U31: =C31+F31+I31+L31+O31+R31 -> 12 | V31: =D31+G31+J31+M31+P31+S31 -> 18
A32: ;ksx 11 ls 12 | B32: =SUM(B20:B31) -> 12 | C32: =SUM(C20:C31) -> 24 | D32: =SUM(D20:D31) -> 36 | E32: =SUM(E20:E31) -> 12 | F32: =SUM(F20:F31) -> 24 | G32: =SUM(G20:G31) -> 36 | H32: =SUM(H20:H31) -> 12 | I32: =SUM(I20:I31) -> 24 | ... S32: =SUM(S20:S31) -> 36 | T32: =B32+E32+H32+K32+N32+Q32 -> 72 | U32: =C32+F32+I32+L32+O32+R32 -> 144 | V32: =D32+G32+J32+M32+P32+S32 -> 216
A33: dqy ;ksx | B33: =B10+B14+B19+B32 -> 24 | C33: =C10+C14+C19+C32 -> 48 | D33: =D10+D14+D19+D32 -> 72 | E33: =E10+E14+E19+E32 -> 20 | F33: =F10+F14+F19+F32 -> 39 | G33: =G10+G14+G19+G32 -> 59 | H33: =H10+H14+H19+H32 -> 22 | I33: =I10+I14+I19+I32 -> 41 | ... V33: =V10+V14+V19+V32 -> 395

Sheet NAMAKAN FACULTY WISE
A2: =MASTER!C6 -> Jh ckyd`".k fo/kk Hkou jktdh; mPp ek/;fed fo|ky; dkadjksyh ftyk & jktleUn
A3: ukekadu lwpuk | P3: fnukad %& | R3: 44398
A4: Ø-l- | B4: uke fo|ky; | C4: d{kk | D4: lkekU; | G4: ,llh | J4: ,lVh | M4: vkschlh | P4: ,lchlh | S4: vYi la[;d | V4: dqy ;ksx
D5: Nk= | E5: Nk=k | F5: ;ksx | G5: Nk= | H5: Nk=k | I5: ;ksx | J5: Nk= | K5: Nk=k | L5: ;ksx | M5: Nk= | N5: Nk=k | O5: ;ksx | P5: Nk= | Q5: Nk=k | R5: ;ksx | S5: Nk= | T5: Nk=k | U5: ;ksx | V5: Nk= | W5: Nk=k | X5: ;ksx
B6: jktdh; mPp ek/;0 fo|ky; dkadjksyh | C6: 1 | D6: 0 | E6: 2 | F6: =SUM(D6:E6) -> 2 | G6: 4 | H6: 1 | I6: =SUM(G6:H6) -> 5 | J6: 1 | K6: 0 | L6: =SUM(J6:K6) -> 1 | M6: 1 | N6: 2 | O6: =SUM(M6:N6) -> 3 | P6: 0 | Q6: 0 | R6: =SUM(P6:Q6) -> 0 | S6: 1 | T6: 0 | U6: =SUM(S6:T6) -> 1 | V6: =D6+G6+J6+M6+P6+S6 -> 7 | W6: =E6+H6+K6+N6+Q6+T6 -> 5 | X6: =F6+I6+L6+O6+R6+U6 -> 12
C7: 2 | D7: 3 | E7: 0 | F7: =SUM(D7:E7) -> 3 | G7: 2 | H7: 4 | I7: =SUM(G7:H7) -> 6 | J7: 0 | K7: 1 | L7: =SUM(J7:K7) -> 1 | M7: 0 | N7: 3 | O7: =SUM(M7:N7) -> 3 | P7: 0 | Q7: 0 | R7: =SUM(P7:Q7) -> 0 | S7: 0 | T7: 0 | U7: =SUM(S7:T7) -> 0 | V7: =D7+G7+J7+M7+P7+S7 -> 5 | W7: =E7+H7+K7+N7+Q7+T7 -> 8 | X7: =F7+I7+L7+O7+R7+U7 -> 13
C8: 3 | D8: 1 | E8: 1 | F8: =SUM(D8:E8) -> 2 | G8: 3 | H8: 0 | I8: =SUM(G8:H8) -> 3 | J8: 2 | K8: 1 | L8: =SUM(J8:K8) -> 3 | M8: 0 | N8: 1 | O8: =SUM(M8:N8) -> 1 | P8: 0 | Q8: 0 | R8: =SUM(P8:Q8) -> 0 | S8: 0 | T8: 0 | U8: =SUM(S8:T8) -> 0 | V8: =D8+G8+J8+M8+P8+S8 -> 6 | W8: =E8+H8+K8+N8+Q8+T8 -> 3 | X8: =F8+I8+L8+O8+R8+U8 -> 9
C9: 4 | D9: 1 | E9: 0 | F9: =SUM(D9:E9) -> 1 | G9: 2 | H9: 2 | I9: =SUM(G9:H9) -> 4 | J9: 2 | K9: 0 | L9: =SUM(J9:K9) -> 2 | M9: 2 | N9: 0 | O9: =SUM(M9:N9) -> 2 | P9: 0 | Q9: 0 | R9: =SUM(P9:Q9) -> 0 | S9: 1 | T9: 0 | U9: =SUM(S9:T9) -> 1 | V9: =D9+G9+J9+M9+P9+S9 -> 8 | W9: =E9+H9+K9+N9+Q9+T9 -> 2 | X9: =F9+I9+L9+O9+R9+U9 -> 10
C10: 5 | D10: 0 | E10: 1 | F10: =SUM(D10:E10) -> 1 | G10: 4 | H10: 1 | I10: =SUM(G10:H10) -> 5 | J10: 0 | K10: 0 | L10: =SUM(J10:K10) -> 0 | M10: 2 | N10: 6 | O10: =SUM(M10:N10) -> 8 | P10: 0 | Q10: 0 | R10: =SUM(P10:Q10) -> 0 | S10: 0 | T10: 0 | U10: =SUM(S10:T10) -> 0 | V10: =D10+G10+J10+M10+P10+S10 -> 6 | W10: =E10+H10+K10+N10+Q10+T10 -> 8 | X10: =F10+I10+L10+O10+R10+U10 -> 14
C11: 6 | D11: 3 | E11: 1 | F11: =SUM(D11:E11) -> 4 | G11: 4 | H11: 3 | I11: =SUM(G11:H11) -> 7 | J11: 4 | K11: 0 | L11: =SUM(J11:K11) -> 4 | M11: 7 | N11: 3 | O11: =SUM(M11:N11) -> 10 | P11: 0 | Q11: 0 | R11: =SUM(P11:Q11) -> 0 | S11: 1 | T11: 1 | U11: =SUM(S11:T11) -> 2 | V11: =D11+G11+J11+M11+P11+S11 -> 19 | W11: =E11+H11+K11+N11+Q11+T11 -> 8 | X11: =F11+I11+L11+O11+R11+U11 -> 27
C12: 7 | D12: 3 | E12: 1 | F12: =SUM(D12:E12) -> 4 | G12: 5 | H12: 1 | I12: =SUM(G12:H12) -> 6 | J12: 3 | K12: 4 | L12: =SUM(J12:K12) -> 7 | M12: 2 | N12: 3 | O12: =SUM(M12:N12) -> 5 | P12: 0 | Q12: 0 | R12: =SUM(P12:Q12) -> 0 | S12: 5 | T12: 1 | U12: =SUM(S12:T12) -> 6 | V12: =D12+G12+J12+M12+P12+S12 -> 18 | W12: =E12+H12+K12+N12+Q12+T12 -> 10 | X12: =F12+I12+L12+O12+R12+U12 -> 28
C13: 8 | D13: 0 | E13: 1 | F13: =SUM(D13:E13) -> 1 | G13: 8 | H13: 3 | I13: =SUM(G13:H13) -> 11 | J13: 8 | K13: 1 | L13: =SUM(J13:K13) -> 9 | M13: 3 | N13: 5 | O13: =SUM(M13:N13) -> 8 | P13: 0 | Q13: 0 | R13: =SUM(P13:Q13) -> 0 | S13: 6 | T13: 1 | U13: =SUM(S13:T13) -> 7 | V13: =D13+G13+J13+M13+P13+S13 -> 25 | W13: =E13+H13+K13+N13+Q13+T13 -> 11 | X13: =F13+I13+L13+O13+R13+U13 -> 36
C14: 9 | D14: 9 | E14: 3 | F14: =SUM(D14:E14) -> 12 | G14: 19 | H14: 9 | I14: =SUM(G14:H14) -> 28 | J14: 18 | K14: 2 | L14: =SUM(J14:K14) -> 20 | M14: 35 | N14: 4 | O14: =SUM(M14:N14) -> 39 | P14: 0 | Q14: 0 | R14: =SUM(P14:Q14) -> 0 | S14: 10 | T14: 0 | U14: =SUM(S14:T14) -> 10 | V14: =D14+G14+J14+M14+P14+S14 -> 91 | W14: =E14+H14+K14+N14+Q14+T14 -> 18 | X14: =F14+I14+L14+O14+R14+U14 -> 109
C15: 10 | D15: 7 | E15: 1 | F15: =SUM(D15:E15) -> 8 | G15: 13 | H15: 0 | I15: =SUM(G15:H15) -> 13 | J15: 6 | K15: 3 | L15: =SUM(J15:K15) -> 9 | M15: 20 | N15: 5 | O15: =SUM(M15:N15) -> 25 | P15: 2 | Q15: 1 | R15: =SUM(P15:Q15) -> 3 | S15: 3 | T15: 1 | U15: =SUM(S15:T15) -> 4 | V15: =D15+G15+J15+M15+P15+S15 -> 51 | W15: =E15+H15+K15+N15+Q15+T15 -> 11 | X15: =F15+I15+L15+O15+R15+U15 -> 62
C16: 11 | D16: 66 | E16: 38 | F16: =SUM(D16:E16) -> 104 | G16: 44 | H16: 22 | I16: =SUM(G16:H16) -> 66 | J16: 10 | K16: 5 | L16: =SUM(J16:K16) -> 15 | M16: 117 | N16: 63 | O16: =SUM(M16:N16) -> 180 | P16: 15 | Q16: 13 | R16: =SUM(P16:Q16) -> 28 | S16: 9 | T16: 8 | U16: =SUM(S16:T16) -> 17 | V16: =D16+G16+J16+M16+P16+S16 -> 261 | W16: =E16+H16+K16+N16+Q16+T16 -> 149 | X16: =F16+I16+L16+O16+R16+U16 -> 410
C17: 12 | D17: 68 | E17: 46 | F17: =SUM(D17:E17) -> 114 | G17: 43 | H17: 30 | I17: =SUM(G17:H17) -> 73 | J17: 7 | K17: 1 | L17: =SUM(J17:K17) -> 8 | M17: 99 | N17: 52 | O17: =SUM(M17:N17) -> 151 | P17: 11 | Q17: 6 | R17: =SUM(P17:Q17) -> 17 | S17: 7 | T17: 12 | U17: =SUM(S17:T17) -> 19 | V17: =D17+G17+J17+M17+P17+S17 -> 235 | W17: =E17+H17+K17+N17+Q17+T17 -> 147 | X17: =F17+I17+L17+O17+R17+U17 -> 382
B18: ;ksx | D18: =SUM(D6:D17) -> 161 | E18: =SUM(E6:E17) -> 95 | F18: =SUM(F6:F17) -> 256 | G18: =SUM(G6:G17) -> 151 | H18: =SUM(H6:H17) -> 76 | I18: =SUM(I6:I17) -> 227 | J18: =SUM(J6:J17) -> 61 | K18: =SUM(K6:K17) -> 18 | ... X18: =SUM(X6:X17) -> 1112
B20: Ø-l- | C20: uke fo|ky; | D20: 01 ls 05 | G20: 06 ls 08 | J20: 09 ls 10 | M20: 11 ls 12 | P20: dqy ;ksx 01 ls 12
D21: Nk= | E21: Nk=k | F21: ;ksx | G21: Nk= | H21: Nk=k | I21: ;ksx | J21: Nk= | K21: Nk=k | L21: ;ksx | M21: Nk= | N21: Nk=k | O21: ;ksx | P21: Nk= | Q21: Nk=k | R21: ;ksx
B22: 1 | C22: KANKROLI | D22: =SUM(V6:V10) -> 32 | E22: =SUM(W6:W10) -> 26 | F22: =SUM(D22:E22) -> 58 | G22: =SUM(V11:V13) -> 62 | H22: =SUM(W11:W13) -> 29 | I22: =SUM(G22:H22) -> 91 | J22: =SUM(V14:V15) -> 142 | K22: =SUM(W14:W15) -> 29 | L22: =SUM(J22:K22) -> 171 | M22: =SUM(V16:V16) -> 261 | N22: =SUM(W16:W16) -> 149 | O22: =SUM(M22:N22) -> 410 | P22: =D22+G22+J22+M22 -> 497 | Q22: =E22+H22+K22+N22 -> 233 | R22: =F22+I22+L22+O22 -> 730
B24: Ø-l- | C24: uke fo|ky; | D24: dyk d{kk 11 | G24: foKku d{kk 11 | J24: okf.kT; d{kk 11 | M24: dyk d{kk 12 | P24: foKku d{kk 12 | S24: okf.kT; d{kk 12 | V24: dqy d{kk 11 o 12
D25: Nk= | E25: Nk=k | F25: ;ksx | G25: Nk= | H25: Nk=k | I25: ;ksx | J25: Nk= | K25: Nk=k | L25: ;ksx | M25: Nk= | N25: Nk=k | O25: ;ksx | P25: Nk= | Q25: Nk=k | R25: ;ksx | S25: Nk= | T25: Nk=k | U25: ;ksx | V25: Nk= | W25: Nk=k | X25: ;ksx
B26: 1 | C26: KANKROLI | D26: 89 | E26: 68 | F26: =SUM(D26:E26) -> 157 | G26: 130 | H26: 60 | I26: =SUM(G26:H26) -> 190 | J26: 42 | K26: 21 | L26: =SUM(J26:K26) -> 63 | M26: 83 | N26: 58 | O26: =SUM(M26:N26) -> 141 | P26: 100 | Q26: 66 | R26: =SUM(P26:Q26) -> 166 | S26: 52 | T26: 23 | U26: =SUM(S26:T26) -> 75 | V26: =D26+G26+J26+M26+P26+S26 -> 496 | W26: =E26+H26+K26+N26+Q26+T26 -> 296 | X26: =F26+I26+L26+O26+R26+U26 -> 792

Sheet TEACHER'S DIARY ISSUE
A1: =MASTER!C6 -> Jh ckyd`".k fo/kk Hkou jktdh; mPp ek/;fed fo|ky; dkadjksyh ftyk & jktleUn
A2: dzekad@jkmekfo@dkaadjksyh@ys[kk@Qk- @2020&21@ fnukad : 29-03-2021
A3: LFkkuh; fo|ky; ds d{kk/;kid@v/;kfidkvksa dks lwfpr fd;k tkrk gS fd f'k{kd
A4: nSufUnuh vkidks nh tk jgh gS ftls izkIr dj vkids uke ds lkeus gLrk{kj dj izkfIr jlhn nsosaA
A5: nSufUnuh esa fu;fer :Ik ls vfuok;Zr% la/kkj.k djsA
D7: =MASTER!C7 -> iz/kkukpk;Z
D8: =MASTER!C8 -> jktdh; mPp ek/;fed fo|ky;
D9: =MASTER!C9 -> dkadjksyh ftyk & jktleUn
A10: dz-l- | B10: uke vf/kdkjh@deZpkjh | C10: in dk uke | E10: la[;k | F10: izkfIr gLrk{kj
A11: =MASTER!A13 -> 1 | B11: =MASTER!B13 -> Jh izeksn dqekj ikyhoky | C11: =MASTER!C13 -> प्रधानाचार्य
A12: =MASTER!A14 -> 2 | B12: =MASTER!B14 -> Jh 'kadj yky pkS/kjh | C12: =MASTER!C14 -> व्याख्याता स्कूल(शिक्षा)
A13: =MASTER!A15 -> 3 | B13: =MASTER!B15 -> Jh ';ke lqUnj lkyoh | C13: =MASTER!C15 -> व्याख्याता स्कूल(शिक्षा)
A14: =MASTER!A16 -> 4 | B14: =MASTER!B16 -> Jh e/kqlwnu vkpk;Z | C14: =MASTER!C16 -> व्याख्याता स्कूल(शिक्षा)
A15: =MASTER!A17 -> 5 | B15: =MASTER!B17 -> Jh dSyk'k pUnz lkaphgj | C15: =MASTER!C17 -> वरिष्ठ अध्यापक
A16: =MASTER!A18 -> 6 | B16: =MASTER!B18 -> Jh Hkxorh yky luk<; | C16: =MASTER!C18 -> सहायक प्रशासनिक अधिकारी
A17: =MASTER!A19 -> 7 | B17: =MASTER!B19 -> Jherh uhyw f=osnh | C17: =MASTER!C19 -> वरिष्ठ सहायक
A18: =MASTER!A20 -> 8 | B18: =MASTER!B20 -> 0 | C18: =MASTER!C20 -> 0
A19: =MASTER!A21 -> 9 | B19: =MASTER!B21 -> 0 | C19: =MASTER!C21 -> 0
A20: =MASTER!A22 -> 10 | B20: =MASTER!B22 -> 0 | C20: =MASTER!C22 -> 0
A21: =MASTER!A23 -> 11 | B21: =MASTER!B23 -> 0 | C21: =MASTER!C23 -> 0
A22: =MASTER!A24 -> 12 | B22: =MASTER!B24 -> 0 | C22: =MASTER!C24 -> 0
... A45: =MASTER!A47 -> 35 | B45: =MASTER!B47 -> 0 | C45: =MASTER!C47 -> 0

Sheet SCHOLAR REGER NUMBER
A2: t; Jh jke
A3: =MASTER!C6 -> Jh ckyd`".k fo/kk Hkou jktdh; mPp ek/;fed fo|ky; dkadjksyh ftyk & jktleUn
A4: Ldkyj jftLVj uEcj dh lwph
A5: dza-la- | B5: Ldkyj uEcj | C5: Ldkyj jftLVj uEcj | D5: dza-la- | E5: Ldkyj uEcj | F5: Ldkyj jftLVj uEcj
A6: 1 | B6: 1 ls 200 | C6: 1 | D6: 24 | E6: 10125 ls 10719 | F6: 24
A7: 2 | B7: 201 ls 400 | C7: 2 | D7: 25 | E7: 10720 ls 11200 | F7: 25
A8: 3 | B8: 401 ls 595 | C8: 3 | D8: 26 | E8: 11201 ls 11598 | F8: 26
A9: 4 | B9: 596 ls 834 | C9: 4 | D9: 27 | E9: 11599 ls 12396 | F9: 27
A10: 5 | B10: 835 ls 1030 | C10: 5 | D10: 28 | E10: 12397 ls 13395 | F10: 28
A11: 6 | B11: 1031 ls 1229 | C11: 6 | D11: 29 | E11: 13396 ls 13993 | F11: 29
A12: 7 | B12: 1230 ls 1477 | C12: 7 | D12: 30 | E12: 13994 ls 14802 | F12: 30
A13: 8 | B13: 1478 ls 1703 | C13: 8 | D13: 31 | E13: 14803 ls 15600 | F13: 31
A14: 9 | B14: 1704 ls 2090 | C14: 9 | D14: 32 | E14: 15601 ls 16392 | F14: 32
A15: 10 | B15: 2091 ls 2467 | C15: 10 | D15: 33 | E15: 16393 ls 16792 | F15: 33
A16: 11 | B16: 2468 ls 2840 | C16: 11 | D16: 34 | E16: 16793 ls 17392 | F16: 34
A17: 12 | B17: 2841 ls 3615 | C17: 12 | D17: 35 | E17: 17393 ls 18182 | F17: 35
... A28: 23 | B28: 9538 ls 10124 | C28: 23 | D28: 46 | E28: 21004 ls 22000 | F28: 46

Sheet FILE LIST
A2: =MASTER!C6 -> Jh ckyd`".k fo/kk Hkou jktdh; mPp ek/;fed fo|ky; dkadjksyh ftyk & jktleUn
A3: lkekU; 'kk[kk Qkbyksa dh lwph | C3: l= 2020&2021
A4: dza-la- | B4: uke Qkby | C4: Qkby uEcj
A5: 1 | B5: Vh-lh-vkosnu i= lEcU/kh QkbZy | C5: 201
A6: 2 | B6: LFkkuh; fo/kky; lEcU/kh lwpuk,sa QkbZy | C6: 202
A7: 3 | B7: LFkkuh; fo/kky; lkekU; lwpuk,sa QkbZy | C7: 203
A8: 4 | B8: vkod @ tkod QkbZy | C8: 204
A9: 5 | B9: vkns'k]ifji=]dk;kZy; izfr e; ikorh QkbZy | C9: 205
A10: 6 | B10: HksaV lEcU/kh QkbZy | C10: 206
A11: 7 | B11: xka/kh ikdZ izdj.k lEcU/kh QkbZy | C11: 207
A12: 8 | B12: vpy lEifRr fooj.k lEcU/kh QkbZy | C12: 208
A13: 9 | B13: pquko lEcU/kh QkbZy | C13: 209
A14: 10 | B14: jkT; deZpkjh x.kuk 'kkyk ,oa forh; lead QkbZy | C14: 210
A19: Hk.Mkj 'kk[kk Qkbyksa dh lwph | C19: l= 2020&2021
A21: 1 | B21: pktZ gLrkaukUrj.k QkbZy | C21: 301
A22: 2 | B22: vns; izek.k i= QkbZy | C22: 302
A23: 3 | B23: Hk.Mkj lEcU/kh QkbZy | C23: 303
A24: 4 | B24: HkkSfrd lR;kiu ,oa fuykeh lEcU/kh QkbZy | C24: 304
A34: laLFkkiu 'kk[kk Qkbyksa dh lwph | C34: l= 2020&2021
A35: dza-la- | B35: uke Qkby | C35: Qkby uEcj
A36: 1 | B36: Lohd`r]fjDrin]laLFkkiu lEcU/kh QkbZy | C36: 101
A37: 2 | B37: lsok fuo`fr]isa'ku dqyd]lsok iqfLrdk lEcU/kh QkbZy | C37: 102
A38: 3 | B38: ,-lh-ih-]ok-os-o`f}]osru fu/kkZj.k]cksul]lefiZr Lohd`fr]th-,-141]LFkkbZdj.k]ofj"Brk ]ok-dk-eqY;kadu lEcU/kh QkbZy | C38: 103
A39: 4 | B39: ih-,y-]esfMdy vodk'k]10 fnu ih-,y-Lohd`fr lEcU/kh QkbZy | C39: 104
A40: 5 | B40: vkWu M;qVh]izfrfu;qfDr]izf'k{k.k lEcU/kh QkbZy | C40: 105
A41: 6 | B41: inkSUufr]LFkkukUrj.k]fu;qfDr o lek;kstu ij dk;Zxzg.k@dk;ZeqfDr lEcU/kh QkbZy | C41: 106
A42: 7 | B42: Hkou fuekZ.k QkbZy | C42: 107
A43: 8 | B43: fujh{k.k QkbZy | C43: 108
A44: 9 | B44: vuq'kkukRed dk;Zokgh lEcU/kh QkbZy | C44: 109
A45: 10 | B45: dz; Lohd`rh QkbZy | C45: 110
A46: 11 | B46: [ksy eSnku ij fuekZ.k lEcU/kh QkbZy | C46: 111
A47: 12 | B47: lwpuk ds vf/kdkj ds rgr lwpuk QkbZy | C47: 112
... A49: 14 | B49: vkdfLed vodk'k QkbZy | C49: 114
A65: ys[kk 'kk[kk Qkbyksa dh lwph | C65: l= 2020&2021
A66: dza-la- | B66: uke Qkby | C66: Qkby uEcj
A67: 1 | B67: osru fcy ¼Mh 24½ 109&27&01 ,l-,Q-QkbZy | C67: 1
A68: 2 | B68: osru fcy ¼Mh 30½ 796&02&06 ,l-,Q-QkbZy | C68: 2
A69: 3 | B69: osru fcy ¼Mh 30½ 796&02&01 ,l-,Q-QkbZy | C69: 3
A70: 4 | B70: osru fcy ¼Mh 24½ 109&01&00 ,l-,Q-QkbZy | C70: 4
A71: 5 | B71: ,Q-oh-lh-fcy QkbZy | C71: 5
A72: 6 | B72: Vh-,-fcy QkbZy | C72: 6
A73: 7 | B73: esfMdy fcy QkbZy | C73: 7
A74: 8 | B74: ,l-vkbZ- o th-ih-,Q- _.k vkosnu ,y-ih-lh- izk.k uEcj QkbZy | C74: 8
A75: 9 | B75: pkyku QkbZy | C75: 9
A76: 10 | B76: ctV vkaoVu QkbZy | C76: 10
A77: 11 | B77: vk;dj QkbZy | C77: 11
A78: 12 | B78: is jftLVj o th-,-55 QkbZy | C78: 12
... A88: 22 | B88: fo/kky; lelk O;; okmpj QkbZy | C88: 22

Sheet EMPLOYEE WORK CHARGE
A1: =MASTER!C6 -> Jh ckyd`".k fo/kk Hkou jktdh; mPp ek/;fed fo|ky; dkadjksyh ftyk & jktleUn
A2: izHkkjh dk uke | C2: l= ¼2021&22½ fnukad 24-06-2021
A3: dza-la- | B3: uke çHkkjh | C3: çHkkj
A4: 1 | C4: çFke lgk;d]Vkbe Vscy],oa Ik;Zos{k.k dk;Z¼'kS{kf.kd dk;Z½]fo|ky; lkt lTtk
A5: 2 | C5: ijh{kk&cksMZ@yksdy@çfr;ksxh
A6: 3 | C6: ,u-lh-lh-çHkkj]jSyh lgçHkkj]çkFkZuk lHkk çHkkj
A7: 4 | C7: Nk=o`fr çHkkj¼leLr d{kk,sa½
A8: 5 | C8: LdkmV çHkkjh] bdksDyc] fof/kd lsok çkf/kdj.k çHkkj] ços'kksRlo lg çHkkj
A9: 6 | C9: ijh{kk lgçHkkjh leLr]'kkyk flf)
A10: 7 | C10: v/;kid vfHkHkkod ifj"kn~]xkxhZ eap
A11: 8 | C11: NSSçHkkjh]Nk=k usidhu forj.k çHkkjh] lkaLd`frd&lkfgfR;d lgçHkkjh]ços'kksRlo çHkkj
A12: 9 | C12: 'kkykniZ.k çHkkjh]esy çHkkj] lkbfdy forj.k çHkkj
A13: 10 | C13: lkaLd`frd&lkfgfR;d çHkkjh ]cky lHkk çHkkjh]Nk=k lykgdkj
A14: 11 | C14: gsM Vhpj] 5oha cksMZ çHkkjh ] ladqy çHkkj
A15: 12 | C15: RSOS çHkkjh]lkaLd`frd&lkfgfR;d lgçHkkjh]PCP çHkkj
... A29: 26 | C29: lkekU; 'kk[kk ,oa LVksj ]Vhlh] esy çHkkjh] fo|ky; LoPNrk

Sheet CLASS TEACHER NAME
A1: =MASTER!C6 -> Jh ckyd`".k fo/kk Hkou jktdh; mPp ek/;fed fo|ky; dkadjksyh ftyk & jktleUn
A2: uke d{kk/;kid | E2: ¼l= 2021&22½
A3: dza-la- | B3: d{kk | C3: oxZ | D3: ,sfPNd fo"k; | E3: d{kk/;kid dk uke
A4: 1 | B4: 12A | C4: foKku | D4: xf.kr]HkkSfrd]jlk;u
A5: 2 | B5: 12B | C5: foKku | D5: thofo-]HkkSfrd]jlk;u
A6: 3 | B6: 12C | C6: foKku | D6: thofo-]d`f"k]jlk;u
A7: 4 | B7: 12D | C7: okf.kT; | D7: ys[kk'kkL=]O;olk; v/;;u ] vFkZ'kkL=
A8: 5 | B8: 12F | C8: dyk | D8: fgUnh lkfgR;]bfrgkl]laLd`r lkfgR;@jktuhfr foKku
A9: 6 | B9: 12G | C9: dyk | D9: fgUnh lkfgR;@vaxzsth lkfgR;]Hkwxksy]laLd`r lkfgR;@jktuhfr foKku
A10: 7 | B10: 11A | C10: foKku | D10: xf.kr]HkkSfrd]jlk;u
A11: 8 | B11: 11B | C11: foKku | D11: thofo-]HkkSfrd]jlk;u
A12: 9 | B12: 11C | C12: foKku | D12: thofo-]d`f"k]jlk;u
A13: 10 | B13: 11D | C13: okf.kT; | D13: ys[kk'kkL=]O;olk; v/;;u ] vFkZ'kkL=
A14: 11 | B14: 11F | C14: dyk | D14: fgUnh lkfgR;]bfrgkl]laLd`r lkfgR;@jktuhfr foKku
A15: 12 | B15: 11G | C15: dyk | D15: fgUnh lkfgR;@vaxzsth lkfgR;]Hkwxksy]laLd`r lkfgR;@jktuhfr foKku
... A19: 16 | B19: 9B | C19: & | D19: lHkh fo"k;
E20: vkKk ls
E22: =MASTER!C7 -> iz/kkukpk;Z
A23: fnukad %& | C23: 44371 | E23: =MASTER!C8 -> jktdh; mPp ek/;fed fo|ky;
E24: =MASTER!C9 -> dkadjksyh ftyk & jktleUn

Sheet ADMISSION SAMITI
A1: =MASTER!C6 -> Jh ckyd`".k fo/kk Hkou jktdh; mPp ek/;fed fo|ky; dkadjksyh ftyk & jktleUn
A2: izos'k lfefr l= | D2: 2021&22
A3: dza-la- | B3: d{kk | C3: oxZ | D3: dk;Z çHkkjh dk uke | E3: dejk u-
A4: 1 | B4: 11 ls 12 | C4: foKku | D4: Jh ';ke lqUnj lkyoh | E4: 21
D5: Jherh lqfurk Nkijoky
D6: Jh lUnhi uUnok.kk
A7: 2 | B7: 11 ls 12 | C7: okf.kT; | D7: lqJh laUrks"k iwfcZ;k lsu | E7: 27
D8: Jh jkt dqekj y{kdkj
A9: 3 | B9: 11 ls 12 | C9: dyk | D9: Jh jes'k pUnz vkesVk | E9: gkWy
D10: Jh jktsUnz izlkn vkpk;Z
D11: Jh e/kqlwnu vkpk;Z
D12: Jherh ehuk{kh xqtZjxksM
A13: 4 | B13: 9 ls 10 | C13: & | D13: Jherh jUtuk egkRek | E13: 16
D14: Jherh 'kkyhuh 'kekZ
D15: Jh fou; dqekj f=osnh
D16: Jh dSyk'k lkaphgj
A17: Qhl dysD'ku ¼ dk;kZy; ½
A18: dza-la- | B18: d{kk | C18: oxZ | D18: dk;Z çHkkjh dk uke
A19: 1 | B19: 9 ls 12 | C19: lHkh | D19: Jherh izfrHkk 'kekZ | E19: gkWy
D20: Jherh jek 'kekZ
D21: Jherh xfjek luk<~;
D22: Jherh ehuk ikjhd
D23: Jh izHkq yky dqekor
D24: Jh lyhe Mk;j
A25: LdkWyj uEcj ,yksVesaUV
A26: dza-la- | B26: d{kk | C26: oxZ | D26: v/;kid@dkfeZd dk uke
A27: 1 | B27: 9 ls 12 | C27: lHkh | D27: Jherh uhyw f=osnh | E27: 17
D28: Jherh dqlqe yrk esgrk
D29: Jherh d`".kk 'kekZ
D30: Jh 'kkUrh yky lkyoh
D31: vkKk ls
D33: =MASTER!C7 -> iz/kkukpk;Z
A34: fnukad %& | B34: 44371 | D34: =MASTER!C8 -> jktdh; mPp ek/;fed fo|ky;
D35: =MASTER!C9 -> dkadjksyh ftyk & jktleUn

Sheet TC APPLICATION
B1: t; Jh jke
B2: =MASTER!C6 -> Jh ckyd`".k fo/kk Hkou jktdh; mPp ek/;fed fo|ky; dkadjksyh ftyk & jktleUn
B3: T.C. dk izkFkZuk & i=
B4: lsokesa
C5: =MASTER!C7 -> iz/kkukpk;Z
C6: =MASTER!C8 -> jktdh; mPp ek/;fed fo|ky;
C7: =MASTER!C9 -> dkadjksyh ftyk & jktleUn
C8: fo"k; %& | D8: T.C. dk izek.k & i= pkgus ckcr A
B9: eksgn;th]
C10: mi;qZDr fo"k;kUrxZr fuosnu gS fd eSaus LFkkuh; fo?kky; ls l= | J10: 2020-2021
B11: es d{kk | C11: 12 , | D11: esa fu;fer v/;;u fd;k vkSj mRrh.kZ @vuqRrh.kZ@ iwjd jgk@ jgh gwWA
C12: vU;=@mPp v/;;u djus@vko';d dkj.k gsrq eq>s Vh+lh dh vko';drk gSA
B13: d`i;k Vh-Lkh- fnykus dh d`ik djkosaA LFkkuh; fo?kky; }kjk nh xbZ lHkh d{kkvksa
B14: dh vadrkfydk,sa blds lkFk layXu dj jgk gwWA
B15: fnukad& | C15: 22.01.2021
H16: izkFkhZ ds gLrk{kj
G18: uke %& | H18: Hkxorh yky luk<;
G19: firk dk uke %& | I19: lqUnj yky th luk<;
G20: d{kk %& | H20: 12 , | I20: oxZ %& | J20: ,
G21: fuoklh %& | I21: dey rykbZ]dkadjksyh
G22: eksckbZy uEcj %& | I22: 8209921634
B23: vns; izek.k&i=
B24: 1 iqLdky; | F24: 5+ dk;kZy;
B25: 2+ ijh{kk | F25: 6+ [ksydqn
B26: 3+ foKku | F26: 7+ ,ulhlh@,u,l,l
F27: 8+ ,lihlh@LdkmV
B28: 4+ Hkqxksy | F28: 9+ vU;
B29: vkKk
B30: mijksDr Nk=@Nk=k dks fu;ekuqlkj 'kqYd izkIr dj Vh +lh + tkjh dh tkosaA
I32: iz/kkukpk;Z@iz/kkuk/;kid
B33: dk;kZy; mi;ksxkFkZ
B34: LdkWyj uEcj& | D34: 108
